Workbook

Sheet FOMCTaylor93UR
B1: Effective federal funds rate, lagged 1-quarter | C1: Choice for natural real interest rate | D1: Choice for inflation target | E1: Choice for resource gap | F1: Choice for inflation measure | L1: Date of last update | N1: 46324
B2: FedFundsRateLag1 | C2: RstarFOMCMedian | D2: TwoPercent | E2: U3gapFOMC | F2: CorePCEInflation | H2: FOMCTaylor93UR: pi=Core PCE,piTarget=2%,Rstar=FOMC Median,Gap=FOMC U3 gap,Smoothing=0,Gap weight=0.5 | I2: Actual Fed Funds Rate | L2: Choice for natural real interest rate (Tab "InterestRateMeasures") | S2: Choice for resource gap (Tab "GapMeasures")
A3: 20135 | B3: =VLOOKUP($A3,FedFundsRates!$A$2:$MM$3000,MATCH(B$2,FedFundsRates!$A$2:$MM$2,0),FALSE) -> #N/A | C3: =VLOOKUP($A3,NaturalRateMeasures!$A$2:$MK$3000,MATCH(C$2,NaturalRateMeasures!$A$2:$MK$2,0),FALSE) -> #N/A | D3: =VLOOKUP($A3,InflationTargetMeasures!$A$2:$MM$3000,MATCH(D$2,InflationTargetMeasures!$A$2:$MM$2,0),FALSE) -> 2 | E3: =VLOOKUP($A3,GapMeasures!$A$2:$LA$3000,MATCH(E$2,GapMeasures!$A$2:$LA$2,0),FALSE) -> #N/A | F3: =VLOOKUP($A3,InflationMeasures!$A$2:$LN$3000,MATCH(F$2,InflationMeasures!$A$2:$LN$2,0),FALSE) -> #N/A | G3: 20135 | H3: =$L$29*B3 + (1-$L$29)*(C3+D3+1.5*(F3-D3)+$L$31*E3) -> #N/A | I3: =VLOOKUP($A3,FedFundsRates!$A$2:$MM$3000,MATCH("FedFundsRate",FedFundsRates!$A$2:$MM$2,0),FALSE) -> 1.3433333 | L3: Variable Name | M3: Description | S3: Variable Name | T3: Description
A4: 20224 | B4: =VLOOKUP($A4,FedFundsRates!$A$2:$MM$3000,MATCH(B$2,FedFundsRates!$A$2:$MM$2,0),FALSE) -> 1.3433333 | C4: =VLOOKUP($A4,NaturalRateMeasures!$A$2:$MK$3000,MATCH(C$2,NaturalRateMeasures!$A$2:$MK$2,0),FALSE) -> #N/A | D4: =VLOOKUP($A4,InflationTargetMeasures!$A$2:$MM$3000,MATCH(D$2,InflationTargetMeasures!$A$2:$MM$2,0),FALSE) -> 2 | E4: =VLOOKUP($A4,GapMeasures!$A$2:$LA$3000,MATCH(E$2,GapMeasures!$A$2:$LA$2,0),FALSE) -> #N/A | F4: =VLOOKUP($A4,InflationMeasures!$A$2:$LN$3000,MATCH(F$2,InflationMeasures!$A$2:$LN$2,0),FALSE) -> #N/A | G4: 20224 | H4: =$L$29*B4 + (1-$L$29)*(C4+D4+1.5*(F4-D4)+$L$31*E4) -> #N/A | I4: =VLOOKUP($A4,FedFundsRates!$A$2:$MM$3000,MATCH("FedFundsRate",FedFundsRates!$A$2:$MM$2,0),FALSE) -> 1.5 | L4: TwoPercent | M4: 2 percent | S4: CBOGDPgap | T4: Real GDP gap, CBO
A5: 20316 | B5: =VLOOKUP($A5,FedFundsRates!$A$2:$MM$3000,MATCH(B$2,FedFundsRates!$A$2:$MM$2,0),FALSE) -> 1.5 | C5: =VLOOKUP($A5,NaturalRateMeasures!$A$2:$MK$3000,MATCH(C$2,NaturalRateMeasures!$A$2:$MK$2,0),FALSE) -> #N/A | D5: =VLOOKUP($A5,InflationTargetMeasures!$A$2:$MM$3000,MATCH(D$2,InflationTargetMeasures!$A$2:$MM$2,0),FALSE) -> 2 | E5: =VLOOKUP($A5,GapMeasures!$A$2:$LA$3000,MATCH(E$2,GapMeasures!$A$2:$LA$2,0),FALSE) -> #N/A | F5: =VLOOKUP($A5,InflationMeasures!$A$2:$LN$3000,MATCH(F$2,InflationMeasures!$A$2:$LN$2,0),FALSE) -> #N/A | G5: 20316 | H5: =$L$29*B5 + (1-$L$29)*(C5+D5+1.5*(F5-D5)+$L$31*E5) -> #N/A | I5: =VLOOKUP($A5,FedFundsRates!$A$2:$MM$3000,MATCH("FedFundsRate",FedFundsRates!$A$2:$MM$2,0),FALSE) -> 1.94 | L5: RstarFOMCCentTend | M5: Implied rate derived from FOMC SEP Central Tendency | S5: BoardModelGDPgap | T5: Real GDP gap, BOG model, 2-sided estimate
A6: 20408 | B6: =VLOOKUP($A6,FedFundsRates!$A$2:$MM$3000,MATCH(B$2,FedFundsRates!$A$2:$MM$2,0),FALSE) -> 1.94 | C6: =VLOOKUP($A6,NaturalRateMeasures!$A$2:$MK$3000,MATCH(C$2,NaturalRateMeasures!$A$2:$MK$2,0),FALSE) -> #N/A | D6: =VLOOKUP($A6,InflationTargetMeasures!$A$2:$MM$3000,MATCH(D$2,InflationTargetMeasures!$A$2:$MM$2,0),FALSE) -> 2 | E6: =VLOOKUP($A6,GapMeasures!$A$2:$LA$3000,MATCH(E$2,GapMeasures!$A$2:$LA$2,0),FALSE) -> #N/A | F6: =VLOOKUP($A6,InflationMeasures!$A$2:$LN$3000,MATCH(F$2,InflationMeasures!$A$2:$LN$2,0),FALSE) -> #N/A | G6: 20408 | H6: =$L$29*B6 + (1-$L$29)*(C6+D6+1.5*(F6-D6)+$L$31*E6) -> #N/A | I6: =VLOOKUP($A6,FedFundsRates!$A$2:$MM$3000,MATCH("FedFundsRate",FedFundsRates!$A$2:$MM$2,0),FALSE) -> 2.3566667 | L6: RstarFOMCMedian | M6: Implied rate derived from FOMC SEP Median | S6: U3gapSPF | T6: Twice unemployment rate gap, Survey of Professional Forecasters
A7: 20500 | B7: =VLOOKUP($A7,FedFundsRates!$A$2:$MM$3000,MATCH(B$2,FedFundsRates!$A$2:$MM$2,0),FALSE) -> 2.3566667 | C7: =VLOOKUP($A7,NaturalRateMeasures!$A$2:$MK$3000,MATCH(C$2,NaturalRateMeasures!$A$2:$MK$2,0),FALSE) -> #N/A | D7: =VLOOKUP($A7,InflationTargetMeasures!$A$2:$MM$3000,MATCH(D$2,InflationTargetMeasures!$A$2:$MM$2,0),FALSE) -> 2 | E7: =VLOOKUP($A7,GapMeasures!$A$2:$LA$3000,MATCH(E$2,GapMeasures!$A$2:$LA$2,0),FALSE) -> #N/A | F7: =VLOOKUP($A7,InflationMeasures!$A$2:$LN$3000,MATCH(F$2,InflationMeasures!$A$2:$LN$2,0),FALSE) -> #N/A | G7: 20500 | H7: =$L$29*B7 + (1-$L$29)*(C7+D7+1.5*(F7-D7)+$L$31*E7) -> #N/A | I7: =VLOOKUP($A7,FedFundsRates!$A$2:$MM$3000,MATCH("FedFundsRate",FedFundsRates!$A$2:$MM$2,0),FALSE) -> 2.4833333 | L7: LWRstar1side | M7: Laubach-Williams model 1-sided estimate | S7: U3gapFOMC | T7: Twice unemployment rate gap, FOMC SEP
A8: 20590 | B8: =VLOOKUP($A8,FedFundsRates!$A$2:$MM$3000,MATCH(B$2,FedFundsRates!$A$2:$MM$2,0),FALSE) -> 2.4833333 | C8: =VLOOKUP($A8,NaturalRateMeasures!$A$2:$MK$3000,MATCH(C$2,NaturalRateMeasures!$A$2:$MK$2,0),FALSE) -> #N/A | D8: =VLOOKUP($A8,InflationTargetMeasures!$A$2:$MM$3000,MATCH(D$2,InflationTargetMeasures!$A$2:$MM$2,0),FALSE) -> 2 | E8: =VLOOKUP($A8,GapMeasures!$A$2:$LA$3000,MATCH(E$2,GapMeasures!$A$2:$LA$2,0),FALSE) -> #N/A | F8: =VLOOKUP($A8,InflationMeasures!$A$2:$LN$3000,MATCH(F$2,InflationMeasures!$A$2:$LN$2,0),FALSE) -> #N/A | G8: 20590 | H8: =$L$29*B8 + (1-$L$29)*(C8+D8+1.5*(F8-D8)+$L$31*E8) -> #N/A | I8: =VLOOKUP($A8,FedFundsRates!$A$2:$MM$3000,MATCH("FedFundsRate",FedFundsRates!$A$2:$MM$2,0),FALSE) -> 2.6933333 | L8: LWRstar2side | M8: Laubach-Williams model 2-sided estimate | S8: U3gapCBO | T8: Twice unemployment rate gap, CBO
A9: 20682 | B9: =VLOOKUP($A9,FedFundsRates!$A$2:$MM$3000,MATCH(B$2,FedFundsRates!$A$2:$MM$2,0),FALSE) -> 2.6933333 | C9: =VLOOKUP($A9,NaturalRateMeasures!$A$2:$MK$3000,MATCH(C$2,NaturalRateMeasures!$A$2:$MK$2,0),FALSE) -> #N/A | D9: =VLOOKUP($A9,InflationTargetMeasures!$A$2:$MM$3000,MATCH(D$2,InflationTargetMeasures!$A$2:$MM$2,0),FALSE) -> 2 | E9: =VLOOKUP($A9,GapMeasures!$A$2:$LA$3000,MATCH(E$2,GapMeasures!$A$2:$LA$2,0),FALSE) -> #N/A | F9: =VLOOKUP($A9,InflationMeasures!$A$2:$LN$3000,MATCH(F$2,InflationMeasures!$A$2:$LN$2,0),FALSE) -> #N/A | G9: 20682 | H9: =$L$29*B9 + (1-$L$29)*(C9+D9+1.5*(F9-D9)+$L$31*E9) -> #N/A | I9: =VLOOKUP($A9,FedFundsRates!$A$2:$MM$3000,MATCH("FedFundsRate",FedFundsRates!$A$2:$MM$2,0),FALSE) -> 2.81 | L9: RstarLW1sideRT | M9: Laubach-Williams model 1-sided estimate, real-time | S9: U6gapCBO | T9: U6 gap, consistent with CBO natural rate of unemployment
A10: 20774 | B10: =VLOOKUP($A10,FedFundsRates!$A$2:$MM$3000,MATCH(B$2,FedFundsRates!$A$2:$MM$2,0),FALSE) -> 2.81 | C10: =VLOOKUP($A10,NaturalRateMeasures!$A$2:$MK$3000,MATCH(C$2,NaturalRateMeasures!$A$2:$MK$2,0),FALSE) -> #N/A | D10: =VLOOKUP($A10,InflationTargetMeasures!$A$2:$MM$3000,MATCH(D$2,InflationTargetMeasures!$A$2:$MM$2,0),FALSE) -> 2 | E10: =VLOOKUP($A10,GapMeasures!$A$2:$LA$3000,MATCH(E$2,GapMeasures!$A$2:$LA$2,0),FALSE) -> #N/A | F10: =VLOOKUP($A10,InflationMeasures!$A$2:$LN$3000,MATCH(F$2,InflationMeasures!$A$2:$LN$2,0),FALSE) -> #N/A | G10: 20774 | H10: =$L$29*B10 + (1-$L$29)*(C10+D10+1.5*(F10-D10)+$L$31*E10) -> #N/A | I10: =VLOOKUP($A10,FedFundsRates!$A$2:$MM$3000,MATCH("FedFundsRate",FedFundsRates!$A$2:$MM$2,0),FALSE) -> 2.9266667 | L10: RstarHLW1side | M10: Holston-Laubach-Williams model 1-sided estimate | S10: ZPopGapCBO | T10: ZPOP gap, consistent with CBO natural rate of unemployment
A11: 20866 | B11: =VLOOKUP($A11,FedFundsRates!$A$2:$MM$3000,MATCH(B$2,FedFundsRates!$A$2:$MM$2,0),FALSE) -> 2.9266667 | C11: =VLOOKUP($A11,NaturalRateMeasures!$A$2:$MK$3000,MATCH(C$2,NaturalRateMeasures!$A$2:$MK$2,0),FALSE) -> #N/A | D11: =VLOOKUP($A11,InflationTargetMeasures!$A$2:$MM$3000,MATCH(D$2,InflationTargetMeasures!$A$2:$MM$2,0),FALSE) -> 2 | E11: =VLOOKUP($A11,GapMeasures!$A$2:$LA$3000,MATCH(E$2,GapMeasures!$A$2:$LA$2,0),FALSE) -> #N/A | F11: =VLOOKUP($A11,InflationMeasures!$A$2:$LN$3000,MATCH(F$2,InflationMeasures!$A$2:$LN$2,0),FALSE) -> #N/A | G11: 20866 | H11: =$L$29*B11 + (1-$L$29)*(C11+D11+1.5*(F11-D11)+$L$31*E11) -> #N/A | I11: =VLOOKUP($A11,FedFundsRates!$A$2:$MM$3000,MATCH("FedFundsRate",FedFundsRates!$A$2:$MM$2,0),FALSE) -> 2.9333333 | L11: RstarHLW1sideRT | M11: Holston-Laubach-Williams model 1-sided estimate, real-time | S11: U3gapBoardModel | T11: Twice unemployment rate gap, BOG model, 2-sided estimate
A12: 20955 | B12: =VLOOKUP($A12,FedFundsRates!$A$2:$MM$3000,MATCH(B$2,FedFundsRates!$A$2:$MM$2,0),FALSE) -> 2.9333333 | C12: =VLOOKUP($A12,NaturalRateMeasures!$A$2:$MK$3000,MATCH(C$2,NaturalRateMeasures!$A$2:$MK$2,0),FALSE) -> #N/A | D12: =VLOOKUP($A12,InflationTargetMeasures!$A$2:$MM$3000,MATCH(D$2,InflationTargetMeasures!$A$2:$MM$2,0),FALSE) -> 2 | E12: =VLOOKUP($A12,GapMeasures!$A$2:$LA$3000,MATCH(E$2,GapMeasures!$A$2:$LA$2,0),FALSE) -> #N/A | F12: =VLOOKUP($A12,InflationMeasures!$A$2:$LN$3000,MATCH(F$2,InflationMeasures!$A$2:$LN$2,0),FALSE) -> #N/A | G12: 20955 | H12: =$L$29*B12 + (1-$L$29)*(C12+D12+1.5*(F12-D12)+$L$31*E12) -> #N/A | I12: =VLOOKUP($A12,FedFundsRates!$A$2:$MM$3000,MATCH("FedFundsRate",FedFundsRates!$A$2:$MM$2,0),FALSE) -> 3 | L12: RstarLubikMatthes | M12: Lubik-Matthes model | S12: BoardModelGDPgap1side | T12: Real GDP gap, BOG model, 1-sided estimate
A13: 21047 | B13: =VLOOKUP($A13,FedFundsRates!$A$2:$MM$3000,MATCH(B$2,FedFundsRates!$A$2:$MM$2,0),FALSE) -> 3 | C13: =VLOOKUP($A13,NaturalRateMeasures!$A$2:$MK$3000,MATCH(C$2,NaturalRateMeasures!$A$2:$MK$2,0),FALSE) -> #N/A | D13: =VLOOKUP($A13,InflationTargetMeasures!$A$2:$MM$3000,MATCH(D$2,InflationTargetMeasures!$A$2:$MM$2,0),FALSE) -> 2 | E13: =VLOOKUP($A13,GapMeasures!$A$2:$LA$3000,MATCH(E$2,GapMeasures!$A$2:$LA$2,0),FALSE) -> #N/A | F13: =VLOOKUP($A13,InflationMeasures!$A$2:$LN$3000,MATCH(F$2,InflationMeasures!$A$2:$LN$2,0),FALSE) -> #N/A | G13: 21047 | H13: =$L$29*B13 + (1-$L$29)*(C13+D13+1.5*(F13-D13)+$L$31*E13) -> #N/A | I13: =VLOOKUP($A13,FedFundsRates!$A$2:$MM$3000,MATCH("FedFundsRate",FedFundsRates!$A$2:$MM$2,0),FALSE) -> 3.2333333 | S13: U3gapBoardModel1side | T13: Twice unemployment rate gap, BOG model, 1-sided estimate
A14: 21139 | B14: =VLOOKUP($A14,FedFundsRates!$A$2:$MM$3000,MATCH(B$2,FedFundsRates!$A$2:$MM$2,0),FALSE) -> 3.2333333 | C14: =VLOOKUP($A14,NaturalRateMeasures!$A$2:$MK$3000,MATCH(C$2,NaturalRateMeasures!$A$2:$MK$2,0),FALSE) -> #N/A | D14: =VLOOKUP($A14,InflationTargetMeasures!$A$2:$MM$3000,MATCH(D$2,InflationTargetMeasures!$A$2:$MM$2,0),FALSE) -> 2 | E14: =VLOOKUP($A14,GapMeasures!$A$2:$LA$3000,MATCH(E$2,GapMeasures!$A$2:$LA$2,0),FALSE) -> #N/A | F14: =VLOOKUP($A14,InflationMeasures!$A$2:$LN$3000,MATCH(F$2,InflationMeasures!$A$2:$LN$2,0),FALSE) -> #N/A | G14: 21139 | H14: =$L$29*B14 + (1-$L$29)*(C14+D14+1.5*(F14-D14)+$L$31*E14) -> #N/A | I14: =VLOOKUP($A14,FedFundsRates!$A$2:$MM$3000,MATCH("FedFundsRate",FedFundsRates!$A$2:$MM$2,0),FALSE) -> 3.2533333 | S14: CBOGDPgapRTest1 | T14: Real GDP gap, CBO, real-time (1st GDP estimate)
A15: 21231 | B15: =VLOOKUP($A15,FedFundsRates!$A$2:$MM$3000,MATCH(B$2,FedFundsRates!$A$2:$MM$2,0),FALSE) -> 3.2533333 | C15: =VLOOKUP($A15,NaturalRateMeasures!$A$2:$MK$3000,MATCH(C$2,NaturalRateMeasures!$A$2:$MK$2,0),FALSE) -> #N/A | D15: =VLOOKUP($A15,InflationTargetMeasures!$A$2:$MM$3000,MATCH(D$2,InflationTargetMeasures!$A$2:$MM$2,0),FALSE) -> 2 | E15: =VLOOKUP($A15,GapMeasures!$A$2:$LA$3000,MATCH(E$2,GapMeasures!$A$2:$LA$2,0),FALSE) -> #N/A | F15: =VLOOKUP($A15,InflationMeasures!$A$2:$LN$3000,MATCH(F$2,InflationMeasures!$A$2:$LN$2,0),FALSE) -> #N/A | G15: 21231 | H15: =$L$29*B15 + (1-$L$29)*(C15+D15+1.5*(F15-D15)+$L$31*E15) -> #N/A | I15: =VLOOKUP($A15,FedFundsRates!$A$2:$MM$3000,MATCH("FedFundsRate",FedFundsRates!$A$2:$MM$2,0),FALSE) -> 1.8633333 | S15: CBOGDPgapRTest2 | T15: Real GDP gap, CBO, real-time (2nd GDP estimate)
A16: 21320 | B16: =VLOOKUP($A16,FedFundsRates!$A$2:$MM$3000,MATCH(B$2,FedFundsRates!$A$2:$MM$2,0),FALSE) -> 1.8633333 | C16: =VLOOKUP($A16,NaturalRateMeasures!$A$2:$MK$3000,MATCH(C$2,NaturalRateMeasures!$A$2:$MK$2,0),FALSE) -> #N/A | D16: =VLOOKUP($A16,InflationTargetMeasures!$A$2:$MM$3000,MATCH(D$2,InflationTargetMeasures!$A$2:$MM$2,0),FALSE) -> 2 | E16: =VLOOKUP($A16,GapMeasures!$A$2:$LA$3000,MATCH(E$2,GapMeasures!$A$2:$LA$2,0),FALSE) -> #N/A | F16: =VLOOKUP($A16,InflationMeasures!$A$2:$LN$3000,MATCH(F$2,InflationMeasures!$A$2:$LN$2,0),FALSE) -> #N/A | G16: 21320 | H16: =$L$29*B16 + (1-$L$29)*(C16+D16+1.5*(F16-D16)+$L$31*E16) -> #N/A | I16: =VLOOKUP($A16,FedFundsRates!$A$2:$MM$3000,MATCH("FedFundsRate",FedFundsRates!$A$2:$MM$2,0),FALSE) -> 0.94 | L16: Choice for inflation measure (Tab "InflationMeasures") | S16: CBOGDPgapRTest3 | T16: Real GDP gap, CBO, real-time (3rd GDP estimate)
A17: 21412 | B17: =VLOOKUP($A17,FedFundsRates!$A$2:$MM$3000,MATCH(B$2,FedFundsRates!$A$2:$MM$2,0),FALSE) -> 0.94 | C17: =VLOOKUP($A17,NaturalRateMeasures!$A$2:$MK$3000,MATCH(C$2,NaturalRateMeasures!$A$2:$MK$2,0),FALSE) -> #N/A | D17: =VLOOKUP($A17,InflationTargetMeasures!$A$2:$MM$3000,MATCH(D$2,InflationTargetMeasures!$A$2:$MM$2,0),FALSE) -> 2 | E17: =VLOOKUP($A17,GapMeasures!$A$2:$LA$3000,MATCH(E$2,GapMeasures!$A$2:$LA$2,0),FALSE) -> #N/A | F17: =VLOOKUP($A17,InflationMeasures!$A$2:$LN$3000,MATCH(F$2,InflationMeasures!$A$2:$LN$2,0),FALSE) -> #N/A | G17: 21412 | H17: =$L$29*B17 + (1-$L$29)*(C17+D17+1.5*(F17-D17)+$L$31*E17) -> #N/A | I17: =VLOOKUP($A17,FedFundsRates!$A$2:$MM$3000,MATCH("FedFundsRate",FedFundsRates!$A$2:$MM$2,0),FALSE) -> 1.3233333 | L17: Variable Name | M17: Description | S17: U3gapCBORTest1 | T17: Twice unemployment rate gap, real-time (1st unempl. estimate)
A18: 21504 | B18: =VLOOKUP($A18,FedFundsRates!$A$2:$MM$3000,MATCH(B$2,FedFundsRates!$A$2:$MM$2,0),FALSE) -> 1.3233333 | C18: =VLOOKUP($A18,NaturalRateMeasures!$A$2:$MK$3000,MATCH(C$2,NaturalRateMeasures!$A$2:$MK$2,0),FALSE) -> #N/A | D18: =VLOOKUP($A18,InflationTargetMeasures!$A$2:$MM$3000,MATCH(D$2,InflationTargetMeasures!$A$2:$MM$2,0),FALSE) -> 2 | E18: =VLOOKUP($A18,GapMeasures!$A$2:$LA$3000,MATCH(E$2,GapMeasures!$A$2:$LA$2,0),FALSE) -> #N/A | F18: =VLOOKUP($A18,InflationMeasures!$A$2:$LN$3000,MATCH(F$2,InflationMeasures!$A$2:$LN$2,0),FALSE) -> #N/A | G18: 21504 | H18: =$L$29*B18 + (1-$L$29)*(C18+D18+1.5*(F18-D18)+$L$31*E18) -> #N/A | I18: =VLOOKUP($A18,FedFundsRates!$A$2:$MM$3000,MATCH("FedFundsRate",FedFundsRates!$A$2:$MM$2,0),FALSE) -> 2.1633333 | L18: CorePCEInflation | M18: Core PCE inflation, 4-quarter | S18: U3gapCBORTest2 | T18: Twice unemployment rate gap, real-time (2nd unempl. estimate)
A19: 21596 | B19: =VLOOKUP($A19,FedFundsRates!$A$2:$MM$3000,MATCH(B$2,FedFundsRates!$A$2:$MM$2,0),FALSE) -> 2.1633333 | C19: =VLOOKUP($A19,NaturalRateMeasures!$A$2:$MK$3000,MATCH(C$2,NaturalRateMeasures!$A$2:$MK$2,0),FALSE) -> #N/A | D19: =VLOOKUP($A19,InflationTargetMeasures!$A$2:$MM$3000,MATCH(D$2,InflationTargetMeasures!$A$2:$MM$2,0),FALSE) -> 2 | E19: =VLOOKUP($A19,GapMeasures!$A$2:$LA$3000,MATCH(E$2,GapMeasures!$A$2:$LA$2,0),FALSE) -> #N/A | F19: =VLOOKUP($A19,InflationMeasures!$A$2:$LN$3000,MATCH(F$2,InflationMeasures!$A$2:$LN$2,0),FALSE) -> #N/A | G19: 21596 | H19: =$L$29*B19 + (1-$L$29)*(C19+D19+1.5*(F19-D19)+$L$31*E19) -> #N/A | I19: =VLOOKUP($A19,FedFundsRates!$A$2:$MM$3000,MATCH("FedFundsRate",FedFundsRates!$A$2:$MM$2,0),FALSE) -> 2.57 | L19: PCEInflation | M19: PCE inflation, 4-quarter | S19: U3gapCBORTest3 | T19: Twice unemployment rate gap, real-time (3rd unempl. estimate)
A20: 21685 | B20: =VLOOKUP($A20,FedFundsRates!$A$2:$MM$3000,MATCH(B$2,FedFundsRates!$A$2:$MM$2,0),FALSE) -> 2.57 | C20: =VLOOKUP($A20,NaturalRateMeasures!$A$2:$MK$3000,MATCH(C$2,NaturalRateMeasures!$A$2:$MK$2,0),FALSE) -> #N/A | D20: =VLOOKUP($A20,InflationTargetMeasures!$A$2:$MM$3000,MATCH(D$2,InflationTargetMeasures!$A$2:$MM$2,0),FALSE) -> 2 | E20: =VLOOKUP($A20,GapMeasures!$A$2:$LA$3000,MATCH(E$2,GapMeasures!$A$2:$LA$2,0),FALSE) -> #N/A | F20: =VLOOKUP($A20,InflationMeasures!$A$2:$LN$3000,MATCH(F$2,InflationMeasures!$A$2:$LN$2,0),FALSE) -> #N/A | G20: 21685 | H20: =$L$29*B20 + (1-$L$29)*(C20+D20+1.5*(F20-D20)+$L$31*E20) -> #N/A | I20: =VLOOKUP($A20,FedFundsRates!$A$2:$MM$3000,MATCH("FedFundsRate",FedFundsRates!$A$2:$MM$2,0),FALSE) -> 3.0833333 | L20: ExpectedPCEInflation | M20: Survey of Professional Forecasters expected 4-quarter PCE inflation | S20: U3gapCBORTest4 | T20: Twice unemployment rate gap, real-time (4th unempl. estimate)
A21: 21777 | B21: =VLOOKUP($A21,FedFundsRates!$A$2:$MM$3000,MATCH(B$2,FedFundsRates!$A$2:$MM$2,0),FALSE) -> 3.0833333 | C21: =VLOOKUP($A21,NaturalRateMeasures!$A$2:$MK$3000,MATCH(C$2,NaturalRateMeasures!$A$2:$MK$2,0),FALSE) -> #N/A | D21: =VLOOKUP($A21,InflationTargetMeasures!$A$2:$MM$3000,MATCH(D$2,InflationTargetMeasures!$A$2:$MM$2,0),FALSE) -> 2 | E21: =VLOOKUP($A21,GapMeasures!$A$2:$LA$3000,MATCH(E$2,GapMeasures!$A$2:$LA$2,0),FALSE) -> #N/A | F21: =VLOOKUP($A21,InflationMeasures!$A$2:$LN$3000,MATCH(F$2,InflationMeasures!$A$2:$LN$2,0),FALSE) -> #N/A | G21: 21777 | H21: =$L$29*B21 + (1-$L$29)*(C21+D21+1.5*(F21-D21)+$L$31*E21) -> #N/A | I21: =VLOOKUP($A21,FedFundsRates!$A$2:$MM$3000,MATCH("FedFundsRate",FedFundsRates!$A$2:$MM$2,0),FALSE) -> 3.5766667 | L21: CorePCEInflationRTest1 | M21: Core PCE inflation, 4-quarter, real-time (1st estimate) | S21: EPopGapCBO | T21: Twice employment-population ratio gap, CBO
A22: 21869 | B22: =VLOOKUP($A22,FedFundsRates!$A$2:$MM$3000,MATCH(B$2,FedFundsRates!$A$2:$MM$2,0),FALSE) -> 3.5766667 | C22: =VLOOKUP($A22,NaturalRateMeasures!$A$2:$MK$3000,MATCH(C$2,NaturalRateMeasures!$A$2:$MK$2,0),FALSE) -> #N/A | D22: =VLOOKUP($A22,InflationTargetMeasures!$A$2:$MM$3000,MATCH(D$2,InflationTargetMeasures!$A$2:$MM$2,0),FALSE) -> 2 | E22: =VLOOKUP($A22,GapMeasures!$A$2:$LA$3000,MATCH(E$2,GapMeasures!$A$2:$LA$2,0),FALSE) -> #N/A | F22: =VLOOKUP($A22,InflationMeasures!$A$2:$LN$3000,MATCH(F$2,InflationMeasures!$A$2:$LN$2,0),FALSE) -> #N/A | G22: 21869 | H22: =$L$29*B22 + (1-$L$29)*(C22+D22+1.5*(F22-D22)+$L$31*E22) -> #N/A | I22: =VLOOKUP($A22,FedFundsRates!$A$2:$MM$3000,MATCH("FedFundsRate",FedFundsRates!$A$2:$MM$2,0),FALSE) -> 3.99 | L22: CorePCEInflationRTest2 | M22: Core PCE inflation, 4-quarter, real-time (2nd estimate)
A23: 21961 | B23: =VLOOKUP($A23,FedFundsRates!$A$2:$MM$3000,MATCH(B$2,FedFundsRates!$A$2:$MM$2,0),FALSE) -> 3.99 | C23: =VLOOKUP($A23,NaturalRateMeasures!$A$2:$MK$3000,MATCH(C$2,NaturalRateMeasures!$A$2:$MK$2,0),FALSE) -> #N/A | D23: =VLOOKUP($A23,InflationTargetMeasures!$A$2:$MM$3000,MATCH(D$2,InflationTargetMeasures!$A$2:$MM$2,0),FALSE) -> 2 | E23: =VLOOKUP($A23,GapMeasures!$A$2:$LA$3000,MATCH(E$2,GapMeasures!$A$2:$LA$2,0),FALSE) -> #N/A | F23: =VLOOKUP($A23,InflationMeasures!$A$2:$LN$3000,MATCH(F$2,InflationMeasures!$A$2:$LN$2,0),FALSE) -> 2.1076378 | G23: 21961 | H23: =$L$29*B23 + (1-$L$29)*(C23+D23+1.5*(F23-D23)+$L$31*E23) -> #N/A | I23: =VLOOKUP($A23,FedFundsRates!$A$2:$MM$3000,MATCH("FedFundsRate",FedFundsRates!$A$2:$MM$2,0),FALSE) -> 3.9333333 | L23: CorePCEInflationRTest3 | M23: Core PCE inflation, 4-quarter, real-time (3rd estimate) | S23: Choice for inflation target (Tab "InflationTargetMeasures")
A24: 22051 | B24: =VLOOKUP($A24,FedFundsRates!$A$2:$MM$3000,MATCH(B$2,FedFundsRates!$A$2:$MM$2,0),FALSE) -> 3.9333333 | C24: =VLOOKUP($A24,NaturalRateMeasures!$A$2:$MK$3000,MATCH(C$2,NaturalRateMeasures!$A$2:$MK$2,0),FALSE) -> #N/A | D24: =VLOOKUP($A24,InflationTargetMeasures!$A$2:$MM$3000,MATCH(D$2,InflationTargetMeasures!$A$2:$MM$2,0),FALSE) -> 2 | E24: =VLOOKUP($A24,GapMeasures!$A$2:$LA$3000,MATCH(E$2,GapMeasures!$A$2:$LA$2,0),FALSE) -> #N/A | F24: =VLOOKUP($A24,InflationMeasures!$A$2:$LN$3000,MATCH(F$2,InflationMeasures!$A$2:$LN$2,0),FALSE) -> 1.9489678 | G24: 22051 | H24: =$L$29*B24 + (1-$L$29)*(C24+D24+1.5*(F24-D24)+$L$31*E24) -> #N/A | I24: =VLOOKUP($A24,FedFundsRates!$A$2:$MM$3000,MATCH("FedFundsRate",FedFundsRates!$A$2:$MM$2,0),FALSE) -> 3.6966667 | L24: PCEInflationRTest1 | M24: PCE inflation, 4-quarter, real-time (1st estimate) | S24: Variable Name | T24: Description
A25: 22143 | B25: =VLOOKUP($A25,FedFundsRates!$A$2:$MM$3000,MATCH(B$2,FedFundsRates!$A$2:$MM$2,0),FALSE) -> 3.6966667 | C25: =VLOOKUP($A25,NaturalRateMeasures!$A$2:$MK$3000,MATCH(C$2,NaturalRateMeasures!$A$2:$MK$2,0),FALSE) -> #N/A | D25: =VLOOKUP($A25,InflationTargetMeasures!$A$2:$MM$3000,MATCH(D$2,InflationTargetMeasures!$A$2:$MM$2,0),FALSE) -> 2 | E25: =VLOOKUP($A25,GapMeasures!$A$2:$LA$3000,MATCH(E$2,GapMeasures!$A$2:$LA$2,0),FALSE) -> #N/A | F25: =VLOOKUP($A25,InflationMeasures!$A$2:$LN$3000,MATCH(F$2,InflationMeasures!$A$2:$LN$2,0),FALSE) -> 1.6749459 | G25: 22143 | H25: =$L$29*B25 + (1-$L$29)*(C25+D25+1.5*(F25-D25)+$L$31*E25) -> #N/A | I25: =VLOOKUP($A25,FedFundsRates!$A$2:$MM$3000,MATCH("FedFundsRate",FedFundsRates!$A$2:$MM$2,0),FALSE) -> 2.9366667 | L25: PCEInflationRTest2 | M25: PCE inflation, 4-quarter, real-time (2nd estimate) | S25: TwoPercent | T25: 2 percent
A26: 22235 | B26: =VLOOKUP($A26,FedFundsRates!$A$2:$MM$3000,MATCH(B$2,FedFundsRates!$A$2:$MM$2,0),FALSE) -> 2.9366667 | C26: =VLOOKUP($A26,NaturalRateMeasures!$A$2:$MK$3000,MATCH(C$2,NaturalRateMeasures!$A$2:$MK$2,0),FALSE) -> #N/A | D26: =VLOOKUP($A26,InflationTargetMeasures!$A$2:$MM$3000,MATCH(D$2,InflationTargetMeasures!$A$2:$MM$2,0),FALSE) -> 2 | E26: =VLOOKUP($A26,GapMeasures!$A$2:$LA$3000,MATCH(E$2,GapMeasures!$A$2:$LA$2,0),FALSE) -> #N/A | F26: =VLOOKUP($A26,InflationMeasures!$A$2:$LN$3000,MATCH(F$2,InflationMeasures!$A$2:$LN$2,0),FALSE) -> 1.4183499 | G26: 22235 | H26: =$L$29*B26 + (1-$L$29)*(C26+D26+1.5*(F26-D26)+$L$31*E26) -> #N/A | I26: =VLOOKUP($A26,FedFundsRates!$A$2:$MM$3000,MATCH("FedFundsRate",FedFundsRates!$A$2:$MM$2,0),FALSE) -> 2.2966667 | L26: PCEInflationRTest3 | M26: PCE inflation, 4-quarter, real-time (3rd estimate) | S26: PiStarFOMC | T26: Longer-run PCE inflation forecast, FOMC SEP Central Tendency
A27: 22327 | B27: =VLOOKUP($A27,FedFundsRates!$A$2:$MM$3000,MATCH(B$2,FedFundsRates!$A$2:$MM$2,0),FALSE) -> 2.2966667 | C27: =VLOOKUP($A27,NaturalRateMeasures!$A$2:$MK$3000,MATCH(C$2,NaturalRateMeasures!$A$2:$MK$2,0),FALSE) -> #N/A | D27: =VLOOKUP($A27,InflationTargetMeasures!$A$2:$MM$3000,MATCH(D$2,InflationTargetMeasures!$A$2:$MM$2,0),FALSE) -> 2 | E27: =VLOOKUP($A27,GapMeasures!$A$2:$LA$3000,MATCH(E$2,GapMeasures!$A$2:$LA$2,0),FALSE) -> #N/A | F27: =VLOOKUP($A27,InflationMeasures!$A$2:$LN$3000,MATCH(F$2,InflationMeasures!$A$2:$LN$2,0),FALSE) -> 1.2750915 | G27: 22327 | H27: =$L$29*B27 + (1-$L$29)*(C27+D27+1.5*(F27-D27)+$L$31*E27) -> #N/A | I27: =VLOOKUP($A27,FedFundsRates!$A$2:$MM$3000,MATCH("FedFundsRate",FedFundsRates!$A$2:$MM$2,0),FALSE) -> 2.0033333
A28: 22416 | B28: =VLOOKUP($A28,FedFundsRates!$A$2:$MM$3000,MATCH(B$2,FedFundsRates!$A$2:$MM$2,0),FALSE) -> 2.0033333 | C28: =VLOOKUP($A28,NaturalRateMeasures!$A$2:$MK$3000,MATCH(C$2,NaturalRateMeasures!$A$2:$MK$2,0),FALSE) -> #N/A | D28: =VLOOKUP($A28,InflationTargetMeasures!$A$2:$MM$3000,MATCH(D$2,InflationTargetMeasures!$A$2:$MM$2,0),FALSE) -> 2 | E28: =VLOOKUP($A28,GapMeasures!$A$2:$LA$3000,MATCH(E$2,GapMeasures!$A$2:$LA$2,0),FALSE) -> #N/A | F28: =VLOOKUP($A28,InflationMeasures!$A$2:$LN$3000,MATCH(F$2,InflationMeasures!$A$2:$LN$2,0),FALSE) -> 1.2262608 | G28: 22416 | H28: =$L$29*B28 + (1-$L$29)*(C28+D28+1.5*(F28-D28)+$L$31*E28) -> #N/A | I28: =VLOOKUP($A28,FedFundsRates!$A$2:$MM$3000,MATCH("FedFundsRate",FedFundsRates!$A$2:$MM$2,0),FALSE) -> 1.7333333 | L28: Interest rate smoothing coefficients: Standard choices are 0 and 0.85
A29: 22508 | B29: =VLOOKUP($A29,FedFundsRates!$A$2:$MM$3000,MATCH(B$2,FedFundsRates!$A$2:$MM$2,0),FALSE) -> 1.7333333 | C29: =VLOOKUP($A29,NaturalRateMeasures!$A$2:$MK$3000,MATCH(C$2,NaturalRateMeasures!$A$2:$MK$2,0),FALSE) -> #N/A | D29: =VLOOKUP($A29,InflationTargetMeasures!$A$2:$MM$3000,MATCH(D$2,InflationTargetMeasures!$A$2:$MM$2,0),FALSE) -> 2 | E29: =VLOOKUP($A29,GapMeasures!$A$2:$LA$3000,MATCH(E$2,GapMeasures!$A$2:$LA$2,0),FALSE) -> #N/A | F29: =VLOOKUP($A29,InflationMeasures!$A$2:$LN$3000,MATCH(F$2,InflationMeasures!$A$2:$LN$2,0),FALSE) -> 1.2652678 | G29: 22508 | H29: =$L$29*B29 + (1-$L$29)*(C29+D29+1.5*(F29-D29)+$L$31*E29) -> #N/A | I29: =VLOOKUP($A29,FedFundsRates!$A$2:$MM$3000,MATCH("FedFundsRate",FedFundsRates!$A$2:$MM$2,0),FALSE) -> 1.6833333 | L29: 0 | R29: Taylor rule prescription | S29: Actual effective federal funds rate, quarterly average
A30: 22600 | B30: =VLOOKUP($A30,FedFundsRates!$A$2:$MM$3000,MATCH(B$2,FedFundsRates!$A$2:$MM$2,0),FALSE) -> 1.6833333 | C30: =VLOOKUP($A30,NaturalRateMeasures!$A$2:$MK$3000,MATCH(C$2,NaturalRateMeasures!$A$2:$MK$2,0),FALSE) -> #N/A | D30: =VLOOKUP($A30,InflationTargetMeasures!$A$2:$MM$3000,MATCH(D$2,InflationTargetMeasures!$A$2:$MM$2,0),FALSE) -> 2 | E30: =VLOOKUP($A30,GapMeasures!$A$2:$LA$3000,MATCH(E$2,GapMeasures!$A$2:$LA$2,0),FALSE) -> #N/A | F30: =VLOOKUP($A30,InflationMeasures!$A$2:$LN$3000,MATCH(F$2,InflationMeasures!$A$2:$LN$2,0),FALSE) -> 1.1799963 | G30: 22600 | H30: =$L$29*B30 + (1-$L$29)*(C30+D30+1.5*(F30-D30)+$L$31*E30) -> #N/A | I30: =VLOOKUP($A30,FedFundsRates!$A$2:$MM$3000,MATCH("FedFundsRate",FedFundsRates!$A$2:$MM$2,0),FALSE) -> 2.4 | L30: Weight on resource gap: Standard choices are 0.5 and 1 | Q30: 46249 | R30: =VLOOKUP(Q30,$G$2:$I$2470,2,FALSE) -> 4.7793739 | S30: =VLOOKUP(Q30,$G$2:$I$2470,3,FALSE) -> 3.67
A31: 22692 | B31: =VLOOKUP($A31,FedFundsRates!$A$2:$MM$3000,MATCH(B$2,FedFundsRates!$A$2:$MM$2,0),FALSE) -> 2.4 | C31: =VLOOKUP($A31,NaturalRateMeasures!$A$2:$MK$3000,MATCH(C$2,NaturalRateMeasures!$A$2:$MK$2,0),FALSE) -> #N/A | D31: =VLOOKUP($A31,InflationTargetMeasures!$A$2:$MM$3000,MATCH(D$2,InflationTargetMeasures!$A$2:$MM$2,0),FALSE) -> 2 | E31: =VLOOKUP($A31,GapMeasures!$A$2:$LA$3000,MATCH(E$2,GapMeasures!$A$2:$LA$2,0),FALSE) -> #N/A | F31: =VLOOKUP($A31,InflationMeasures!$A$2:$LN$3000,MATCH(F$2,InflationMeasures!$A$2:$LN$2,0),FALSE) -> 1.3836948 | G31: 22692 | H31: =$L$29*B31 + (1-$L$29)*(C31+D31+1.5*(F31-D31)+$L$31*E31) -> #N/A | I31: =VLOOKUP($A31,FedFundsRates!$A$2:$MM$3000,MATCH("FedFundsRate",FedFundsRates!$A$2:$MM$2,0),FALSE) -> 2.4566667 | L31: 0.5 | Q31: 46341 | R31: =VLOOKUP(Q31,$G$2:$I$2470,2,FALSE) -> 5.1031214 | S31: =VLOOKUP(Q31,$G$2:$I$2470,3,FALSE) -> #N/A
A32: 22781 | B32: =VLOOKUP($A32,FedFundsRates!$A$2:$MM$3000,MATCH(B$2,FedFundsRates!$A$2:$MM$2,0),FALSE) -> 2.4566667 | C32: =VLOOKUP($A32,NaturalRateMeasures!$A$2:$MK$3000,MATCH(C$2,NaturalRateMeasures!$A$2:$MK$2,0),FALSE) -> #N/A | D32: =VLOOKUP($A32,InflationTargetMeasures!$A$2:$MM$3000,MATCH(D$2,InflationTargetMeasures!$A$2:$MM$2,0),FALSE) -> 2 | E32: =VLOOKUP($A32,GapMeasures!$A$2:$LA$3000,MATCH(E$2,GapMeasures!$A$2:$LA$2,0),FALSE) -> #N/A | F32: =VLOOKUP($A32,InflationMeasures!$A$2:$LN$3000,MATCH(F$2,InflationMeasures!$A$2:$LN$2,0),FALSE) -> 1.43505 | G32: 22781 | H32: =$L$29*B32 + (1-$L$29)*(C32+D32+1.5*(F32-D32)+$L$31*E32) -> #N/A | I32: =VLOOKUP($A32,FedFundsRates!$A$2:$MM$3000,MATCH("FedFundsRate",FedFundsRates!$A$2:$MM$2,0),FALSE) -> 2.6066667 | L32: .
A33: 22873 | B33: =VLOOKUP($A33,FedFundsRates!$A$2:$MM$3000,MATCH(B$2,FedFundsRates!$A$2:$MM$2,0),FALSE) -> 2.6066667 | C33: =VLOOKUP($A33,NaturalRateMeasures!$A$2:$MK$3000,MATCH(C$2,NaturalRateMeasures!$A$2:$MK$2,0),FALSE) -> #N/A | D33: =VLOOKUP($A33,InflationTargetMeasures!$A$2:$MM$3000,MATCH(D$2,InflationTargetMeasures!$A$2:$MM$2,0),FALSE) -> 2 | E33: =VLOOKUP($A33,GapMeasures!$A$2:$LA$3000,MATCH(E$2,GapMeasures!$A$2:$LA$2,0),FALSE) -> #N/A | F33: =VLOOKUP($A33,InflationMeasures!$A$2:$LN$3000,MATCH(F$2,InflationMeasures!$A$2:$LN$2,0),FALSE) -> 1.3298695 | G33: 22873 | H33: =$L$29*B33 + (1-$L$29)*(C33+D33+1.5*(F33-D33)+$L$31*E33) -> #N/A | I33: =VLOOKUP($A33,FedFundsRates!$A$2:$MM$3000,MATCH("FedFundsRate",FedFundsRates!$A$2:$MM$2,0),FALSE) -> 2.8466667
A34: 22965 | B34: =VLOOKUP($A34,FedFundsRates!$A$2:$MM$3000,MATCH(B$2,FedFundsRates!$A$2:$MM$2,0),FALSE) -> 2.8466667 | C34: =VLOOKUP($A34,NaturalRateMeasures!$A$2:$MK$3000,MATCH(C$2,NaturalRateMeasures!$A$2:$MK$2,0),FALSE) -> #N/A | D34: =VLOOKUP($A34,InflationTargetMeasures!$A$2:$MM$3000,MATCH(D$2,InflationTargetMeasures!$A$2:$MM$2,0),FALSE) -> 2 | E34: =VLOOKUP($A34,GapMeasures!$A$2:$LA$3000,MATCH(E$2,GapMeasures!$A$2:$LA$2,0),FALSE) -> #N/A | F34: =VLOOKUP($A34,InflationMeasures!$A$2:$LN$3000,MATCH(F$2,InflationMeasures!$A$2:$LN$2,0),FALSE) -> 1.2773047 | G34: 22965 | H34: =$L$29*B34 + (1-$L$29)*(C34+D34+1.5*(F34-D34)+$L$31*E34) -> #N/A | I34: =VLOOKUP($A34,FedFundsRates!$A$2:$MM$3000,MATCH("FedFundsRate",FedFundsRates!$A$2:$MM$2,0),FALSE) -> 2.9233333
A35: 23057 | B35: =VLOOKUP($A35,FedFundsRates!$A$2:$MM$3000,MATCH(B$2,FedFundsRates!$A$2:$MM$2,0),FALSE) -> 2.9233333 | C35: =VLOOKUP($A35,NaturalRateMeasures!$A$2:$MK$3000,MATCH(C$2,NaturalRateMeasures!$A$2:$MK$2,0),FALSE) -> #N/A | D35: =VLOOKUP($A35,InflationTargetMeasures!$A$2:$MM$3000,MATCH(D$2,InflationTargetMeasures!$A$2:$MM$2,0),FALSE) -> 2 | E35: =VLOOKUP($A35,GapMeasures!$A$2:$LA$3000,MATCH(E$2,GapMeasures!$A$2:$LA$2,0),FALSE) -> #N/A | F35: =VLOOKUP($A35,InflationMeasures!$A$2:$LN$3000,MATCH(F$2,InflationMeasures!$A$2:$LN$2,0),FALSE) -> 1.2357064 | G35: 23057 | H35: =$L$29*B35 + (1-$L$29)*(C35+D35+1.5*(F35-D35)+$L$31*E35) -> #N/A | I35: =VLOOKUP($A35,FedFundsRates!$A$2:$MM$3000,MATCH("FedFundsRate",FedFundsRates!$A$2:$MM$2,0),FALSE) -> 2.9666667
A36: 23146 | B36: =VLOOKUP($A36,FedFundsRates!$A$2:$MM$3000,MATCH(B$2,FedFundsRates!$A$2:$MM$2,0),FALSE) -> 2.9666667 | C36: =VLOOKUP($A36,NaturalRateMeasures!$A$2:$MK$3000,MATCH(C$2,NaturalRateMeasures!$A$2:$MK$2,0),FALSE) -> #N/A | D36: =VLOOKUP($A36,InflationTargetMeasures!$A$2:$MM$3000,MATCH(D$2,InflationTargetMeasures!$A$2:$MM$2,0),FALSE) -> 2 | E36: =VLOOKUP($A36,GapMeasures!$A$2:$LA$3000,MATCH(E$2,GapMeasures!$A$2:$LA$2,0),FALSE) -> #N/A | F36: =VLOOKUP($A36,InflationMeasures!$A$2:$LN$3000,MATCH(F$2,InflationMeasures!$A$2:$LN$2,0),FALSE) -> 1.2310142 | G36: 23146 | H36: =$L$29*B36 + (1-$L$29)*(C36+D36+1.5*(F36-D36)+$L$31*E36) -> #N/A | I36: =VLOOKUP($A36,FedFundsRates!$A$2:$MM$3000,MATCH("FedFundsRate",FedFundsRates!$A$2:$MM$2,0),FALSE) -> 2.9633333
A37: 23238 | B37: =VLOOKUP($A37,FedFundsRates!$A$2:$MM$3000,MATCH(B$2,FedFundsRates!$A$2:$MM$2,0),FALSE) -> 2.9633333 | C37: =VLOOKUP($A37,NaturalRateMeasures!$A$2:$MK$3000,MATCH(C$2,NaturalRateMeasures!$A$2:$MK$2,0),FALSE) -> #N/A | D37: =VLOOKUP($A37,InflationTargetMeasures!$A$2:$MM$3000,MATCH(D$2,InflationTargetMeasures!$A$2:$MM$2,0),FALSE) -> 2 | E37: =VLOOKUP($A37,GapMeasures!$A$2:$LA$3000,MATCH(E$2,GapMeasures!$A$2:$LA$2,0),FALSE) -> #N/A | F37: =VLOOKUP($A37,InflationMeasures!$A$2:$LN$3000,MATCH(F$2,InflationMeasures!$A$2:$LN$2,0),FALSE) -> 1.287999 | G37: 23238 | H37: =$L$29*B37 + (1-$L$29)*(C37+D37+1.5*(F37-D37)+$L$31*E37) -> #N/A | I37: =VLOOKUP($A37,FedFundsRates!$A$2:$MM$3000,MATCH("FedFundsRate",FedFundsRates!$A$2:$MM$2,0),FALSE) -> 3.33
A38: 23330 | B38: =VLOOKUP($A38,FedFundsRates!$A$2:$MM$3000,MATCH(B$2,FedFundsRates!$A$2:$MM$2,0),FALSE) -> 3.33 | C38: =VLOOKUP($A38,NaturalRateMeasures!$A$2:$MK$3000,MATCH(C$2,NaturalRateMeasures!$A$2:$MK$2,0),FALSE) -> #N/A | D38: =VLOOKUP($A38,InflationTargetMeasures!$A$2:$MM$3000,MATCH(D$2,InflationTargetMeasures!$A$2:$MM$2,0),FALSE) -> 2 | E38: =VLOOKUP($A38,GapMeasures!$A$2:$LA$3000,MATCH(E$2,GapMeasures!$A$2:$LA$2,0),FALSE) -> #N/A | F38: =VLOOKUP($A38,InflationMeasures!$A$2:$LN$3000,MATCH(F$2,InflationMeasures!$A$2:$LN$2,0),FALSE) -> 1.5841102 | G38: 23330 | H38: =$L$29*B38 + (1-$L$29)*(C38+D38+1.5*(F38-D38)+$L$31*E38) -> #N/A | I38: =VLOOKUP($A38,FedFundsRates!$A$2:$MM$3000,MATCH("FedFundsRate",FedFundsRates!$A$2:$MM$2,0),FALSE) -> 3.4533333
A39: 23422 | B39: =VLOOKUP($A39,FedFundsRates!$A$2:$MM$3000,MATCH(B$2,FedFundsRates!$A$2:$MM$2,0),FALSE) -> 3.4533333 | C39: =VLOOKUP($A39,NaturalRateMeasures!$A$2:$MK$3000,MATCH(C$2,NaturalRateMeasures!$A$2:$MK$2,0),FALSE) -> #N/A | D39: =VLOOKUP($A39,InflationTargetMeasures!$A$2:$MM$3000,MATCH(D$2,InflationTargetMeasures!$A$2:$MM$2,0),FALSE) -> 2 | E39: =VLOOKUP($A39,GapMeasures!$A$2:$LA$3000,MATCH(E$2,GapMeasures!$A$2:$LA$2,0),FALSE) -> #N/A | F39: =VLOOKUP($A39,InflationMeasures!$A$2:$LN$3000,MATCH(F$2,InflationMeasures!$A$2:$LN$2,0),FALSE) -> 1.6821522 | G39: 23422 | H39: =$L$29*B39 + (1-$L$29)*(C39+D39+1.5*(F39-D39)+$L$31*E39) -> #N/A | I39: =VLOOKUP($A39,FedFundsRates!$A$2:$MM$3000,MATCH("FedFundsRate",FedFundsRates!$A$2:$MM$2,0),FALSE) -> 3.4633333
A40: 23512 | B40: =VLOOKUP($A40,FedFundsRates!$A$2:$MM$3000,MATCH(B$2,FedFundsRates!$A$2:$MM$2,0),FALSE) -> 3.4633333 | C40: =VLOOKUP($A40,NaturalRateMeasures!$A$2:$MK$3000,MATCH(C$2,NaturalRateMeasures!$A$2:$MK$2,0),FALSE) -> #N/A | D40: =VLOOKUP($A40,InflationTargetMeasures!$A$2:$MM$3000,MATCH(D$2,InflationTargetMeasures!$A$2:$MM$2,0),FALSE) -> 2 | E40: =VLOOKUP($A40,GapMeasures!$A$2:$LA$3000,MATCH(E$2,GapMeasures!$A$2:$LA$2,0),FALSE) -> #N/A | F40: =VLOOKUP($A40,InflationMeasures!$A$2:$LN$3000,MATCH(F$2,InflationMeasures!$A$2:$LN$2,0),FALSE) -> 1.6032428 | G40: 23512 | H40: =$L$29*B40 + (1-$L$29)*(C40+D40+1.5*(F40-D40)+$L$31*E40) -> #N/A | I40: =VLOOKUP($A40,FedFundsRates!$A$2:$MM$3000,MATCH("FedFundsRate",FedFundsRates!$A$2:$MM$2,0),FALSE) -> 3.49
A41: 23604 | B41: =VLOOKUP($A41,FedFundsRates!$A$2:$MM$3000,MATCH(B$2,FedFundsRates!$A$2:$MM$2,0),FALSE) -> 3.49 | C41: =VLOOKUP($A41,NaturalRateMeasures!$A$2:$MK$3000,MATCH(C$2,NaturalRateMeasures!$A$2:$MK$2,0),FALSE) -> #N/A | D41: =VLOOKUP($A41,InflationTargetMeasures!$A$2:$MM$3000,MATCH(D$2,InflationTargetMeasures!$A$2:$MM$2,0),FALSE) -> 2 | E41: =VLOOKUP($A41,GapMeasures!$A$2:$LA$3000,MATCH(E$2,GapMeasures!$A$2:$LA$2,0),FALSE) -> #N/A | F41: =VLOOKUP($A41,InflationMeasures!$A$2:$LN$3000,MATCH(F$2,InflationMeasures!$A$2:$LN$2,0),FALSE) -> 1.4885795 | G41: 23604 | H41: =$L$29*B41 + (1-$L$29)*(C41+D41+1.5*(F41-D41)+$L$31*E41) -> #N/A | I41: =VLOOKUP($A41,FedFundsRates!$A$2:$MM$3000,MATCH("FedFundsRate",FedFundsRates!$A$2:$MM$2,0),FALSE) -> 3.4566667
A42: 23696 | B42: =VLOOKUP($A42,FedFundsRates!$A$2:$MM$3000,MATCH(B$2,FedFundsRates!$A$2:$MM$2,0),FALSE) -> 3.4566667 | C42: =VLOOKUP($A42,NaturalRateMeasures!$A$2:$MK$3000,MATCH(C$2,NaturalRateMeasures!$A$2:$MK$2,0),FALSE) -> #N/A | D42: =VLOOKUP($A42,InflationTargetMeasures!$A$2:$MM$3000,MATCH(D$2,InflationTargetMeasures!$A$2:$MM$2,0),FALSE) -> 2 | E42: =VLOOKUP($A42,GapMeasures!$A$2:$LA$3000,MATCH(E$2,GapMeasures!$A$2:$LA$2,0),FALSE) -> #N/A | F42: =VLOOKUP($A42,InflationMeasures!$A$2:$LN$3000,MATCH(F$2,InflationMeasures!$A$2:$LN$2,0),FALSE) -> 1.2595214 | G42: 23696 | H42: =$L$29*B42 + (1-$L$29)*(C42+D42+1.5*(F42-D42)+$L$31*E42) -> #N/A | I42: =VLOOKUP($A42,FedFundsRates!$A$2:$MM$3000,MATCH("FedFundsRate",FedFundsRates!$A$2:$MM$2,0),FALSE) -> 3.5766667
A43: 23788 | B43: =VLOOKUP($A43,FedFundsRates!$A$2:$MM$3000,MATCH(B$2,FedFundsRates!$A$2:$MM$2,0),FALSE) -> 3.5766667 | C43: =VLOOKUP($A43,NaturalRateMeasures!$A$2:$MK$3000,MATCH(C$2,NaturalRateMeasures!$A$2:$MK$2,0),FALSE) -> #N/A | D43: =VLOOKUP($A43,InflationTargetMeasures!$A$2:$MM$3000,MATCH(D$2,InflationTargetMeasures!$A$2:$MM$2,0),FALSE) -> 2 | E43: =VLOOKUP($A43,GapMeasures!$A$2:$LA$3000,MATCH(E$2,GapMeasures!$A$2:$LA$2,0),FALSE) -> #N/A | F43: =VLOOKUP($A43,InflationMeasures!$A$2:$LN$3000,MATCH(F$2,InflationMeasures!$A$2:$LN$2,0),FALSE) -> 1.2123746 | G43: 23788 | H43: =$L$29*B43 + (1-$L$29)*(C43+D43+1.5*(F43-D43)+$L$31*E43) -> #N/A | I43: =VLOOKUP($A43,FedFundsRates!$A$2:$MM$3000,MATCH("FedFundsRate",FedFundsRates!$A$2:$MM$2,0),FALSE) -> 3.9766667
A44: 23877 | B44: =VLOOKUP($A44,FedFundsRates!$A$2:$MM$3000,MATCH(B$2,FedFundsRates!$A$2:$MM$2,0),FALSE) -> 3.9766667 | C44: =VLOOKUP($A44,NaturalRateMeasures!$A$2:$MK$3000,MATCH(C$2,NaturalRateMeasures!$A$2:$MK$2,0),FALSE) -> #N/A | D44: =VLOOKUP($A44,InflationTargetMeasures!$A$2:$MM$3000,MATCH(D$2,InflationTargetMeasures!$A$2:$MM$2,0),FALSE) -> 2 | E44: =VLOOKUP($A44,GapMeasures!$A$2:$LA$3000,MATCH(E$2,GapMeasures!$A$2:$LA$2,0),FALSE) -> #N/A | F44: =VLOOKUP($A44,InflationMeasures!$A$2:$LN$3000,MATCH(F$2,InflationMeasures!$A$2:$LN$2,0),FALSE) -> 1.2206741 | G44: 23877 | H44: =$L$29*B44 + (1-$L$29)*(C44+D44+1.5*(F44-D44)+$L$31*E44) -> #N/A | I44: =VLOOKUP($A44,FedFundsRates!$A$2:$MM$3000,MATCH("FedFundsRate",FedFundsRates!$A$2:$MM$2,0),FALSE) -> 4.08
... A290: 46341 | B290: =VLOOKUP($A290,FedFundsRates!$A$2:$MM$3000,MATCH(B$2,FedFundsRates!$A$2:$MM$2,0),FALSE) -> 3.67 | C290: =VLOOKUP($A290,NaturalRateMeasures!$A$2:$MK$3000,MATCH(C$2,NaturalRateMeasures!$A$2:$MK$2,0),FALSE) -> 1.25 | D290: =VLOOKUP($A290,InflationTargetMeasures!$A$2:$MM$3000,MATCH(D$2,InflationTargetMeasures!$A$2:$MM$2,0),FALSE) -> 2 | E290: =VLOOKUP($A290,GapMeasures!$A$2:$LA$3000,MATCH(E$2,GapMeasures!$A$2:$LA$2,0),FALSE) -> -0.076016959 | F290: =VLOOKUP($A290,InflationMeasures!$A$2:$LN$3000,MATCH(F$2,InflationMeasures!$A$2:$LN$2,0),FALSE) -> 3.2607532 | G290: 46341 | H290: =$L$29*B290 + (1-$L$29)*(C290+D290+1.5*(F290-D290)+$L$31*E290) -> 5.1031214 | I290: =VLOOKUP($A290,FedFundsRates!$A$2:$MM$3000,MATCH("FedFundsRate",FedFundsRates!$A$2:$MM$2,0),FALSE) -> #N/A

Sheet FOMCTaylor99UR
B1: Effective federal funds rate, lagged 1-quarter | C1: Choice for natural real interest rate | D1: Choice for inflation target | E1: Choice for resource gap | F1: Choice for inflation measure | L1: Date of last update | N1: =FOMCTaylor93UR!N1 -> 46324
B2: FedFundsRateLag1 | C2: RstarFOMCMedian | D2: TwoPercent | E2: U3gapFOMC | F2: CorePCEInflation | H2: FOMCTaylor99UR: pi=Core PCE,piTarget=2%,Rstar=FOMC Median,Gap=FOMC U3 gap,Smoothing=0,Gap weight=1.0 | I2: Actual Fed Funds Rate | L2: Choice for natural real interest rate (Tab "InterestRateMeasures") | S2: Choice for resource gap (Tab "GapMeasures")
A3: 20135 | B3: =VLOOKUP($A3,FedFundsRates!$A$2:$MM$3000,MATCH(B$2,FedFundsRates!$A$2:$MM$2,0),FALSE) -> #N/A | C3: =VLOOKUP($A3,NaturalRateMeasures!$A$2:$MK$3000,MATCH(C$2,NaturalRateMeasures!$A$2:$MK$2,0),FALSE) -> #N/A | D3: =VLOOKUP($A3,InflationTargetMeasures!$A$2:$MM$3000,MATCH(D$2,InflationTargetMeasures!$A$2:$MM$2,0),FALSE) -> 2 | E3: =VLOOKUP($A3,GapMeasures!$A$2:$LA$3000,MATCH(E$2,GapMeasures!$A$2:$LA$2,0),FALSE) -> #N/A | F3: =VLOOKUP($A3,InflationMeasures!$A$2:$LN$3000,MATCH(F$2,InflationMeasures!$A$2:$LN$2,0),FALSE) -> #N/A | G3: 20135 | H3: =$L$29*B3 + (1-$L$29)*(C3+D3+1.5*(F3-D3)+$L$31*E3) -> #N/A | I3: =VLOOKUP($A3,FedFundsRates!$A$2:$MM$3000,MATCH("FedFundsRate",FedFundsRates!$A$2:$MM$2,0),FALSE) -> 1.3433333 | L3: Variable Name | M3: Description | S3: Variable Name | T3: Description
A4: 20224 | B4: =VLOOKUP($A4,FedFundsRates!$A$2:$MM$3000,MATCH(B$2,FedFundsRates!$A$2:$MM$2,0),FALSE) -> 1.3433333 | C4: =VLOOKUP($A4,NaturalRateMeasures!$A$2:$MK$3000,MATCH(C$2,NaturalRateMeasures!$A$2:$MK$2,0),FALSE) -> #N/A | D4: =VLOOKUP($A4,InflationTargetMeasures!$A$2:$MM$3000,MATCH(D$2,InflationTargetMeasures!$A$2:$MM$2,0),FALSE) -> 2 | E4: =VLOOKUP($A4,GapMeasures!$A$2:$LA$3000,MATCH(E$2,GapMeasures!$A$2:$LA$2,0),FALSE) -> #N/A | F4: =VLOOKUP($A4,InflationMeasures!$A$2:$LN$3000,MATCH(F$2,InflationMeasures!$A$2:$LN$2,0),FALSE) -> #N/A | G4: 20224 | H4: =$L$29*B4 + (1-$L$29)*(C4+D4+1.5*(F4-D4)+$L$31*E4) -> #N/A | I4: =VLOOKUP($A4,FedFundsRates!$A$2:$MM$3000,MATCH("FedFundsRate",FedFundsRates!$A$2:$MM$2,0),FALSE) -> 1.5 | L4: TwoPercent | M4: 2 percent | S4: CBOGDPgap | T4: Real GDP gap, CBO
A5: 20316 | B5: =VLOOKUP($A5,FedFundsRates!$A$2:$MM$3000,MATCH(B$2,FedFundsRates!$A$2:$MM$2,0),FALSE) -> 1.5 | C5: =VLOOKUP($A5,NaturalRateMeasures!$A$2:$MK$3000,MATCH(C$2,NaturalRateMeasures!$A$2:$MK$2,0),FALSE) -> #N/A | D5: =VLOOKUP($A5,InflationTargetMeasures!$A$2:$MM$3000,MATCH(D$2,InflationTargetMeasures!$A$2:$MM$2,0),FALSE) -> 2 | E5: =VLOOKUP($A5,GapMeasures!$A$2:$LA$3000,MATCH(E$2,GapMeasures!$A$2:$LA$2,0),FALSE) -> #N/A | F5: =VLOOKUP($A5,InflationMeasures!$A$2:$LN$3000,MATCH(F$2,InflationMeasures!$A$2:$LN$2,0),FALSE) -> #N/A | G5: 20316 | H5: =$L$29*B5 + (1-$L$29)*(C5+D5+1.5*(F5-D5)+$L$31*E5) -> #N/A | I5: =VLOOKUP($A5,FedFundsRates!$A$2:$MM$3000,MATCH("FedFundsRate",FedFundsRates!$A$2:$MM$2,0),FALSE) -> 1.94 | L5: RstarFOMCCentTend | M5: Implied rate derived from FOMC SEP Central Tendency | S5: BoardModelGDPgap | T5: Real GDP gap, BOG model, 2-sided estimate
A6: 20408 | B6: =VLOOKUP($A6,FedFundsRates!$A$2:$MM$3000,MATCH(B$2,FedFundsRates!$A$2:$MM$2,0),FALSE) -> 1.94 | C6: =VLOOKUP($A6,NaturalRateMeasures!$A$2:$MK$3000,MATCH(C$2,NaturalRateMeasures!$A$2:$MK$2,0),FALSE) -> #N/A | D6: =VLOOKUP($A6,InflationTargetMeasures!$A$2:$MM$3000,MATCH(D$2,InflationTargetMeasures!$A$2:$MM$2,0),FALSE) -> 2 | E6: =VLOOKUP($A6,GapMeasures!$A$2:$LA$3000,MATCH(E$2,GapMeasures!$A$2:$LA$2,0),FALSE) -> #N/A | F6: =VLOOKUP($A6,InflationMeasures!$A$2:$LN$3000,MATCH(F$2,InflationMeasures!$A$2:$LN$2,0),FALSE) -> #N/A | G6: 20408 | H6: =$L$29*B6 + (1-$L$29)*(C6+D6+1.5*(F6-D6)+$L$31*E6) -> #N/A | I6: =VLOOKUP($A6,FedFundsRates!$A$2:$MM$3000,MATCH("FedFundsRate",FedFundsRates!$A$2:$MM$2,0),FALSE) -> 2.3566667 | L6: RstarFOMCMedian | M6: Implied rate derived from FOMC SEP Median | S6: U3gapSPF | T6: Twice unemployment rate gap, Survey of Professional Forecasters
A7: 20500 | B7: =VLOOKUP($A7,FedFundsRates!$A$2:$MM$3000,MATCH(B$2,FedFundsRates!$A$2:$MM$2,0),FALSE) -> 2.3566667 | C7: =VLOOKUP($A7,NaturalRateMeasures!$A$2:$MK$3000,MATCH(C$2,NaturalRateMeasures!$A$2:$MK$2,0),FALSE) -> #N/A | D7: =VLOOKUP($A7,InflationTargetMeasures!$A$2:$MM$3000,MATCH(D$2,InflationTargetMeasures!$A$2:$MM$2,0),FALSE) -> 2 | E7: =VLOOKUP($A7,GapMeasures!$A$2:$LA$3000,MATCH(E$2,GapMeasures!$A$2:$LA$2,0),FALSE) -> #N/A | F7: =VLOOKUP($A7,InflationMeasures!$A$2:$LN$3000,MATCH(F$2,InflationMeasures!$A$2:$LN$2,0),FALSE) -> #N/A | G7: 20500 | H7: =$L$29*B7 + (1-$L$29)*(C7+D7+1.5*(F7-D7)+$L$31*E7) -> #N/A | I7: =VLOOKUP($A7,FedFundsRates!$A$2:$MM$3000,MATCH("FedFundsRate",FedFundsRates!$A$2:$MM$2,0),FALSE) -> 2.4833333 | L7: LWRstar1side | M7: Laubach-Williams model 1-sided estimate | S7: U3gapFOMC | T7: Twice unemployment rate gap, FOMC SEP
A8: 20590 | B8: =VLOOKUP($A8,FedFundsRates!$A$2:$MM$3000,MATCH(B$2,FedFundsRates!$A$2:$MM$2,0),FALSE) -> 2.4833333 | C8: =VLOOKUP($A8,NaturalRateMeasures!$A$2:$MK$3000,MATCH(C$2,NaturalRateMeasures!$A$2:$MK$2,0),FALSE) -> #N/A | D8: =VLOOKUP($A8,InflationTargetMeasures!$A$2:$MM$3000,MATCH(D$2,InflationTargetMeasures!$A$2:$MM$2,0),FALSE) -> 2 | E8: =VLOOKUP($A8,GapMeasures!$A$2:$LA$3000,MATCH(E$2,GapMeasures!$A$2:$LA$2,0),FALSE) -> #N/A | F8: =VLOOKUP($A8,InflationMeasures!$A$2:$LN$3000,MATCH(F$2,InflationMeasures!$A$2:$LN$2,0),FALSE) -> #N/A | G8: 20590 | H8: =$L$29*B8 + (1-$L$29)*(C8+D8+1.5*(F8-D8)+$L$31*E8) -> #N/A | I8: =VLOOKUP($A8,FedFundsRates!$A$2:$MM$3000,MATCH("FedFundsRate",FedFundsRates!$A$2:$MM$2,0),FALSE) -> 2.6933333 | L8: LWRstar2side | M8: Laubach-Williams model 2-sided estimate | S8: U3gapCBO | T8: Twice unemployment rate gap, CBO
A9: 20682 | B9: =VLOOKUP($A9,FedFundsRates!$A$2:$MM$3000,MATCH(B$2,FedFundsRates!$A$2:$MM$2,0),FALSE) -> 2.6933333 | C9: =VLOOKUP($A9,NaturalRateMeasures!$A$2:$MK$3000,MATCH(C$2,NaturalRateMeasures!$A$2:$MK$2,0),FALSE) -> #N/A | D9: =VLOOKUP($A9,InflationTargetMeasures!$A$2:$MM$3000,MATCH(D$2,InflationTargetMeasures!$A$2:$MM$2,0),FALSE) -> 2 | E9: =VLOOKUP($A9,GapMeasures!$A$2:$LA$3000,MATCH(E$2,GapMeasures!$A$2:$LA$2,0),FALSE) -> #N/A | F9: =VLOOKUP($A9,InflationMeasures!$A$2:$LN$3000,MATCH(F$2,InflationMeasures!$A$2:$LN$2,0),FALSE) -> #N/A | G9: 20682 | H9: =$L$29*B9 + (1-$L$29)*(C9+D9+1.5*(F9-D9)+$L$31*E9) -> #N/A | I9: =VLOOKUP($A9,FedFundsRates!$A$2:$MM$3000,MATCH("FedFundsRate",FedFundsRates!$A$2:$MM$2,0),FALSE) -> 2.81 | L9: RstarLW1sideRT | M9: Laubach-Williams model 1-sided estimate, real-time | S9: U6gapCBO | T9: U6 gap, consistent with CBO natural rate of unemployment
A10: 20774 | B10: =VLOOKUP($A10,FedFundsRates!$A$2:$MM$3000,MATCH(B$2,FedFundsRates!$A$2:$MM$2,0),FALSE) -> 2.81 | C10: =VLOOKUP($A10,NaturalRateMeasures!$A$2:$MK$3000,MATCH(C$2,NaturalRateMeasures!$A$2:$MK$2,0),FALSE) -> #N/A | D10: =VLOOKUP($A10,InflationTargetMeasures!$A$2:$MM$3000,MATCH(D$2,InflationTargetMeasures!$A$2:$MM$2,0),FALSE) -> 2 | E10: =VLOOKUP($A10,GapMeasures!$A$2:$LA$3000,MATCH(E$2,GapMeasures!$A$2:$LA$2,0),FALSE) -> #N/A | F10: =VLOOKUP($A10,InflationMeasures!$A$2:$LN$3000,MATCH(F$2,InflationMeasures!$A$2:$LN$2,0),FALSE) -> #N/A | G10: 20774 | H10: =$L$29*B10 + (1-$L$29)*(C10+D10+1.5*(F10-D10)+$L$31*E10) -> #N/A | I10: =VLOOKUP($A10,FedFundsRates!$A$2:$MM$3000,MATCH("FedFundsRate",FedFundsRates!$A$2:$MM$2,0),FALSE) -> 2.9266667 | L10: RstarHLW1side | M10: Holston-Laubach-Williams model 1-sided estimate | S10: ZPopGapCBO | T10: ZPOP gap, consistent with CBO natural rate of unemployment
A11: 20866 | B11: =VLOOKUP($A11,FedFundsRates!$A$2:$MM$3000,MATCH(B$2,FedFundsRates!$A$2:$MM$2,0),FALSE) -> 2.9266667 | C11: =VLOOKUP($A11,NaturalRateMeasures!$A$2:$MK$3000,MATCH(C$2,NaturalRateMeasures!$A$2:$MK$2,0),FALSE) -> #N/A | D11: =VLOOKUP($A11,InflationTargetMeasures!$A$2:$MM$3000,MATCH(D$2,InflationTargetMeasures!$A$2:$MM$2,0),FALSE) -> 2 | E11: =VLOOKUP($A11,GapMeasures!$A$2:$LA$3000,MATCH(E$2,GapMeasures!$A$2:$LA$2,0),FALSE) -> #N/A | F11: =VLOOKUP($A11,InflationMeasures!$A$2:$LN$3000,MATCH(F$2,InflationMeasures!$A$2:$LN$2,0),FALSE) -> #N/A | G11: 20866 | H11: =$L$29*B11 + (1-$L$29)*(C11+D11+1.5*(F11-D11)+$L$31*E11) -> #N/A | I11: =VLOOKUP($A11,FedFundsRates!$A$2:$MM$3000,MATCH("FedFundsRate",FedFundsRates!$A$2:$MM$2,0),FALSE) -> 2.9333333 | L11: RstarHLW1sideRT | M11: Holston-Laubach-Williams model 1-sided estimate, real-time | S11: U3gapBoardModel | T11: Twice unemployment rate gap, BOG model, 2-sided estimate
A12: 20955 | B12: =VLOOKUP($A12,FedFundsRates!$A$2:$MM$3000,MATCH(B$2,FedFundsRates!$A$2:$MM$2,0),FALSE) -> 2.9333333 | C12: =VLOOKUP($A12,NaturalRateMeasures!$A$2:$MK$3000,MATCH(C$2,NaturalRateMeasures!$A$2:$MK$2,0),FALSE) -> #N/A | D12: =VLOOKUP($A12,InflationTargetMeasures!$A$2:$MM$3000,MATCH(D$2,InflationTargetMeasures!$A$2:$MM$2,0),FALSE) -> 2 | E12: =VLOOKUP($A12,GapMeasures!$A$2:$LA$3000,MATCH(E$2,GapMeasures!$A$2:$LA$2,0),FALSE) -> #N/A | F12: =VLOOKUP($A12,InflationMeasures!$A$2:$LN$3000,MATCH(F$2,InflationMeasures!$A$2:$LN$2,0),FALSE) -> #N/A | G12: 20955 | H12: =$L$29*B12 + (1-$L$29)*(C12+D12+1.5*(F12-D12)+$L$31*E12) -> #N/A | I12: =VLOOKUP($A12,FedFundsRates!$A$2:$MM$3000,MATCH("FedFundsRate",FedFundsRates!$A$2:$MM$2,0),FALSE) -> 3 | L12: RstarLubikMatthes | M12: Lubik-Matthes model | S12: BoardModelGDPgap1side | T12: Real GDP gap, BOG model, 1-sided estimate
A13: 21047 | B13: =VLOOKUP($A13,FedFundsRates!$A$2:$MM$3000,MATCH(B$2,FedFundsRates!$A$2:$MM$2,0),FALSE) -> 3 | C13: =VLOOKUP($A13,NaturalRateMeasures!$A$2:$MK$3000,MATCH(C$2,NaturalRateMeasures!$A$2:$MK$2,0),FALSE) -> #N/A | D13: =VLOOKUP($A13,InflationTargetMeasures!$A$2:$MM$3000,MATCH(D$2,InflationTargetMeasures!$A$2:$MM$2,0),FALSE) -> 2 | E13: =VLOOKUP($A13,GapMeasures!$A$2:$LA$3000,MATCH(E$2,GapMeasures!$A$2:$LA$2,0),FALSE) -> #N/A | F13: =VLOOKUP($A13,InflationMeasures!$A$2:$LN$3000,MATCH(F$2,InflationMeasures!$A$2:$LN$2,0),FALSE) -> #N/A | G13: 21047 | H13: =$L$29*B13 + (1-$L$29)*(C13+D13+1.5*(F13-D13)+$L$31*E13) -> #N/A | I13: =VLOOKUP($A13,FedFundsRates!$A$2:$MM$3000,MATCH("FedFundsRate",FedFundsRates!$A$2:$MM$2,0),FALSE) -> 3.2333333 | S13: U3gapBoardModel1side | T13: Twice unemployment rate gap, BOG model, 1-sided estimate
A14: 21139 | B14: =VLOOKUP($A14,FedFundsRates!$A$2:$MM$3000,MATCH(B$2,FedFundsRates!$A$2:$MM$2,0),FALSE) -> 3.2333333 | C14: =VLOOKUP($A14,NaturalRateMeasures!$A$2:$MK$3000,MATCH(C$2,NaturalRateMeasures!$A$2:$MK$2,0),FALSE) -> #N/A | D14: =VLOOKUP($A14,InflationTargetMeasures!$A$2:$MM$3000,MATCH(D$2,InflationTargetMeasures!$A$2:$MM$2,0),FALSE) -> 2 | E14: =VLOOKUP($A14,GapMeasures!$A$2:$LA$3000,MATCH(E$2,GapMeasures!$A$2:$LA$2,0),FALSE) -> #N/A | F14: =VLOOKUP($A14,InflationMeasures!$A$2:$LN$3000,MATCH(F$2,InflationMeasures!$A$2:$LN$2,0),FALSE) -> #N/A | G14: 21139 | H14: =$L$29*B14 + (1-$L$29)*(C14+D14+1.5*(F14-D14)+$L$31*E14) -> #N/A | I14: =VLOOKUP($A14,FedFundsRates!$A$2:$MM$3000,MATCH("FedFundsRate",FedFundsRates!$A$2:$MM$2,0),FALSE) -> 3.2533333 | S14: CBOGDPgapRTest1 | T14: Real GDP gap, CBO, real-time (1st GDP estimate)
A15: 21231 | B15: =VLOOKUP($A15,FedFundsRates!$A$2:$MM$3000,MATCH(B$2,FedFundsRates!$A$2:$MM$2,0),FALSE) -> 3.2533333 | C15: =VLOOKUP($A15,NaturalRateMeasures!$A$2:$MK$3000,MATCH(C$2,NaturalRateMeasures!$A$2:$MK$2,0),FALSE) -> #N/A | D15: =VLOOKUP($A15,InflationTargetMeasures!$A$2:$MM$3000,MATCH(D$2,InflationTargetMeasures!$A$2:$MM$2,0),FALSE) -> 2 | E15: =VLOOKUP($A15,GapMeasures!$A$2:$LA$3000,MATCH(E$2,GapMeasures!$A$2:$LA$2,0),FALSE) -> #N/A | F15: =VLOOKUP($A15,InflationMeasures!$A$2:$LN$3000,MATCH(F$2,InflationMeasures!$A$2:$LN$2,0),FALSE) -> #N/A | G15: 21231 | H15: =$L$29*B15 + (1-$L$29)*(C15+D15+1.5*(F15-D15)+$L$31*E15) -> #N/A | I15: =VLOOKUP($A15,FedFundsRates!$A$2:$MM$3000,MATCH("FedFundsRate",FedFundsRates!$A$2:$MM$2,0),FALSE) -> 1.8633333 | S15: CBOGDPgapRTest2 | T15: Real GDP gap, CBO, real-time (2nd GDP estimate)
A16: 21320 | B16: =VLOOKUP($A16,FedFundsRates!$A$2:$MM$3000,MATCH(B$2,FedFundsRates!$A$2:$MM$2,0),FALSE) -> 1.8633333 | C16: =VLOOKUP($A16,NaturalRateMeasures!$A$2:$MK$3000,MATCH(C$2,NaturalRateMeasures!$A$2:$MK$2,0),FALSE) -> #N/A | D16: =VLOOKUP($A16,InflationTargetMeasures!$A$2:$MM$3000,MATCH(D$2,InflationTargetMeasures!$A$2:$MM$2,0),FALSE) -> 2 | E16: =VLOOKUP($A16,GapMeasures!$A$2:$LA$3000,MATCH(E$2,GapMeasures!$A$2:$LA$2,0),FALSE) -> #N/A | F16: =VLOOKUP($A16,InflationMeasures!$A$2:$LN$3000,MATCH(F$2,InflationMeasures!$A$2:$LN$2,0),FALSE) -> #N/A | G16: 21320 | H16: =$L$29*B16 + (1-$L$29)*(C16+D16+1.5*(F16-D16)+$L$31*E16) -> #N/A | I16: =VLOOKUP($A16,FedFundsRates!$A$2:$MM$3000,MATCH("FedFundsRate",FedFundsRates!$A$2:$MM$2,0),FALSE) -> 0.94 | L16: Choice for inflation measure (Tab "InflationMeasures") | S16: CBOGDPgapRTest3 | T16: Real GDP gap, CBO, real-time (3rd GDP estimate)
A17: 21412 | B17: =VLOOKUP($A17,FedFundsRates!$A$2:$MM$3000,MATCH(B$2,FedFundsRates!$A$2:$MM$2,0),FALSE) -> 0.94 | C17: =VLOOKUP($A17,NaturalRateMeasures!$A$2:$MK$3000,MATCH(C$2,NaturalRateMeasures!$A$2:$MK$2,0),FALSE) -> #N/A | D17: =VLOOKUP($A17,InflationTargetMeasures!$A$2:$MM$3000,MATCH(D$2,InflationTargetMeasures!$A$2:$MM$2,0),FALSE) -> 2 | E17: =VLOOKUP($A17,GapMeasures!$A$2:$LA$3000,MATCH(E$2,GapMeasures!$A$2:$LA$2,0),FALSE) -> #N/A | F17: =VLOOKUP($A17,InflationMeasures!$A$2:$LN$3000,MATCH(F$2,InflationMeasures!$A$2:$LN$2,0),FALSE) -> #N/A | G17: 21412 | H17: =$L$29*B17 + (1-$L$29)*(C17+D17+1.5*(F17-D17)+$L$31*E17) -> #N/A | I17: =VLOOKUP($A17,FedFundsRates!$A$2:$MM$3000,MATCH("FedFundsRate",FedFundsRates!$A$2:$MM$2,0),FALSE) -> 1.3233333 | L17: Variable Name | M17: Description | S17: U3gapCBORTest1 | T17: Twice unemployment rate gap, real-time (1st unempl. estimate)
A18: 21504 | B18: =VLOOKUP($A18,FedFundsRates!$A$2:$MM$3000,MATCH(B$2,FedFundsRates!$A$2:$MM$2,0),FALSE) -> 1.3233333 | C18: =VLOOKUP($A18,NaturalRateMeasures!$A$2:$MK$3000,MATCH(C$2,NaturalRateMeasures!$A$2:$MK$2,0),FALSE) -> #N/A | D18: =VLOOKUP($A18,InflationTargetMeasures!$A$2:$MM$3000,MATCH(D$2,InflationTargetMeasures!$A$2:$MM$2,0),FALSE) -> 2 | E18: =VLOOKUP($A18,GapMeasures!$A$2:$LA$3000,MATCH(E$2,GapMeasures!$A$2:$LA$2,0),FALSE) -> #N/A | F18: =VLOOKUP($A18,InflationMeasures!$A$2:$LN$3000,MATCH(F$2,InflationMeasures!$A$2:$LN$2,0),FALSE) -> #N/A | G18: 21504 | H18: =$L$29*B18 + (1-$L$29)*(C18+D18+1.5*(F18-D18)+$L$31*E18) -> #N/A | I18: =VLOOKUP($A18,FedFundsRates!$A$2:$MM$3000,MATCH("FedFundsRate",FedFundsRates!$A$2:$MM$2,0),FALSE) -> 2.1633333 | L18: CorePCEInflation | M18: Core PCE inflation, 4-quarter | S18: U3gapCBORTest2 | T18: Twice unemployment rate gap, real-time (2nd unempl. estimate)
A19: 21596 | B19: =VLOOKUP($A19,FedFundsRates!$A$2:$MM$3000,MATCH(B$2,FedFundsRates!$A$2:$MM$2,0),FALSE) -> 2.1633333 | C19: =VLOOKUP($A19,NaturalRateMeasures!$A$2:$MK$3000,MATCH(C$2,NaturalRateMeasures!$A$2:$MK$2,0),FALSE) -> #N/A | D19: =VLOOKUP($A19,InflationTargetMeasures!$A$2:$MM$3000,MATCH(D$2,InflationTargetMeasures!$A$2:$MM$2,0),FALSE) -> 2 | E19: =VLOOKUP($A19,GapMeasures!$A$2:$LA$3000,MATCH(E$2,GapMeasures!$A$2:$LA$2,0),FALSE) -> #N/A | F19: =VLOOKUP($A19,InflationMeasures!$A$2:$LN$3000,MATCH(F$2,InflationMeasures!$A$2:$LN$2,0),FALSE) -> #N/A | G19: 21596 | H19: =$L$29*B19 + (1-$L$29)*(C19+D19+1.5*(F19-D19)+$L$31*E19) -> #N/A | I19: =VLOOKUP($A19,FedFundsRates!$A$2:$MM$3000,MATCH("FedFundsRate",FedFundsRates!$A$2:$MM$2,0),FALSE) -> 2.57 | L19: PCEInflation | M19: PCE inflation, 4-quarter | S19: U3gapCBORTest3 | T19: Twice unemployment rate gap, real-time (3rd unempl. estimate)
A20: 21685 | B20: =VLOOKUP($A20,FedFundsRates!$A$2:$MM$3000,MATCH(B$2,FedFundsRates!$A$2:$MM$2,0),FALSE) -> 2.57 | C20: =VLOOKUP($A20,NaturalRateMeasures!$A$2:$MK$3000,MATCH(C$2,NaturalRateMeasures!$A$2:$MK$2,0),FALSE) -> #N/A | D20: =VLOOKUP($A20,InflationTargetMeasures!$A$2:$MM$3000,MATCH(D$2,InflationTargetMeasures!$A$2:$MM$2,0),FALSE) -> 2 | E20: =VLOOKUP($A20,GapMeasures!$A$2:$LA$3000,MATCH(E$2,GapMeasures!$A$2:$LA$2,0),FALSE) -> #N/A | F20: =VLOOKUP($A20,InflationMeasures!$A$2:$LN$3000,MATCH(F$2,InflationMeasures!$A$2:$LN$2,0),FALSE) -> #N/A | G20: 21685 | H20: =$L$29*B20 + (1-$L$29)*(C20+D20+1.5*(F20-D20)+$L$31*E20) -> #N/A | I20: =VLOOKUP($A20,FedFundsRates!$A$2:$MM$3000,MATCH("FedFundsRate",FedFundsRates!$A$2:$MM$2,0),FALSE) -> 3.0833333 | L20: ExpectedPCEInflation | M20: Survey of Professional Forecasters expected 4-quarter PCE inflation | S20: U3gapCBORTest4 | T20: Twice unemployment rate gap, real-time (4th unempl. estimate)
A21: 21777 | B21: =VLOOKUP($A21,FedFundsRates!$A$2:$MM$3000,MATCH(B$2,FedFundsRates!$A$2:$MM$2,0),FALSE) -> 3.0833333 | C21: =VLOOKUP($A21,NaturalRateMeasures!$A$2:$MK$3000,MATCH(C$2,NaturalRateMeasures!$A$2:$MK$2,0),FALSE) -> #N/A | D21: =VLOOKUP($A21,InflationTargetMeasures!$A$2:$MM$3000,MATCH(D$2,InflationTargetMeasures!$A$2:$MM$2,0),FALSE) -> 2 | E21: =VLOOKUP($A21,GapMeasures!$A$2:$LA$3000,MATCH(E$2,GapMeasures!$A$2:$LA$2,0),FALSE) -> #N/A | F21: =VLOOKUP($A21,InflationMeasures!$A$2:$LN$3000,MATCH(F$2,InflationMeasures!$A$2:$LN$2,0),FALSE) -> #N/A | G21: 21777 | H21: =$L$29*B21 + (1-$L$29)*(C21+D21+1.5*(F21-D21)+$L$31*E21) -> #N/A | I21: =VLOOKUP($A21,FedFundsRates!$A$2:$MM$3000,MATCH("FedFundsRate",FedFundsRates!$A$2:$MM$2,0),FALSE) -> 3.5766667 | L21: CorePCEInflationRTest1 | M21: Core PCE inflation, 4-quarter, real-time (1st estimate) | S21: EPopGapCBO | T21: Twice employment-population ratio gap, CBO
A22: 21869 | B22: =VLOOKUP($A22,FedFundsRates!$A$2:$MM$3000,MATCH(B$2,FedFundsRates!$A$2:$MM$2,0),FALSE) -> 3.5766667 | C22: =VLOOKUP($A22,NaturalRateMeasures!$A$2:$MK$3000,MATCH(C$2,NaturalRateMeasures!$A$2:$MK$2,0),FALSE) -> #N/A | D22: =VLOOKUP($A22,InflationTargetMeasures!$A$2:$MM$3000,MATCH(D$2,InflationTargetMeasures!$A$2:$MM$2,0),FALSE) -> 2 | E22: =VLOOKUP($A22,GapMeasures!$A$2:$LA$3000,MATCH(E$2,GapMeasures!$A$2:$LA$2,0),FALSE) -> #N/A | F22: =VLOOKUP($A22,InflationMeasures!$A$2:$LN$3000,MATCH(F$2,InflationMeasures!$A$2:$LN$2,0),FALSE) -> #N/A | G22: 21869 | H22: =$L$29*B22 + (1-$L$29)*(C22+D22+1.5*(F22-D22)+$L$31*E22) -> #N/A | I22: =VLOOKUP($A22,FedFundsRates!$A$2:$MM$3000,MATCH("FedFundsRate",FedFundsRates!$A$2:$MM$2,0),FALSE) -> 3.99 | L22: CorePCEInflationRTest2 | M22: Core PCE inflation, 4-quarter, real-time (2nd estimate)
A23: 21961 | B23: =VLOOKUP($A23,FedFundsRates!$A$2:$MM$3000,MATCH(B$2,FedFundsRates!$A$2:$MM$2,0),FALSE) -> 3.99 | C23: =VLOOKUP($A23,NaturalRateMeasures!$A$2:$MK$3000,MATCH(C$2,NaturalRateMeasures!$A$2:$MK$2,0),FALSE) -> #N/A | D23: =VLOOKUP($A23,InflationTargetMeasures!$A$2:$MM$3000,MATCH(D$2,InflationTargetMeasures!$A$2:$MM$2,0),FALSE) -> 2 | E23: =VLOOKUP($A23,GapMeasures!$A$2:$LA$3000,MATCH(E$2,GapMeasures!$A$2:$LA$2,0),FALSE) -> #N/A | F23: =VLOOKUP($A23,InflationMeasures!$A$2:$LN$3000,MATCH(F$2,InflationMeasures!$A$2:$LN$2,0),FALSE) -> 2.1076378 | G23: 21961 | H23: =$L$29*B23 + (1-$L$29)*(C23+D23+1.5*(F23-D23)+$L$31*E23) -> #N/A | I23: =VLOOKUP($A23,FedFundsRates!$A$2:$MM$3000,MATCH("FedFundsRate",FedFundsRates!$A$2:$MM$2,0),FALSE) -> 3.9333333 | L23: CorePCEInflationRTest3 | M23: Core PCE inflation, 4-quarter, real-time (3rd estimate) | S23: Choice for inflation target (Tab "InflationTargetMeasures")
A24: 22051 | B24: =VLOOKUP($A24,FedFundsRates!$A$2:$MM$3000,MATCH(B$2,FedFundsRates!$A$2:$MM$2,0),FALSE) -> 3.9333333 | C24: =VLOOKUP($A24,NaturalRateMeasures!$A$2:$MK$3000,MATCH(C$2,NaturalRateMeasures!$A$2:$MK$2,0),FALSE) -> #N/A | D24: =VLOOKUP($A24,InflationTargetMeasures!$A$2:$MM$3000,MATCH(D$2,InflationTargetMeasures!$A$2:$MM$2,0),FALSE) -> 2 | E24: =VLOOKUP($A24,GapMeasures!$A$2:$LA$3000,MATCH(E$2,GapMeasures!$A$2:$LA$2,0),FALSE) -> #N/A | F24: =VLOOKUP($A24,InflationMeasures!$A$2:$LN$3000,MATCH(F$2,InflationMeasures!$A$2:$LN$2,0),FALSE) -> 1.9489678 | G24: 22051 | H24: =$L$29*B24 + (1-$L$29)*(C24+D24+1.5*(F24-D24)+$L$31*E24) -> #N/A | I24: =VLOOKUP($A24,FedFundsRates!$A$2:$MM$3000,MATCH("FedFundsRate",FedFundsRates!$A$2:$MM$2,0),FALSE) -> 3.6966667 | L24: PCEInflationRTest1 | M24: PCE inflation, 4-quarter, real-time (1st estimate) | S24: Variable Name | T24: Description
A25: 22143 | B25: =VLOOKUP($A25,FedFundsRates!$A$2:$MM$3000,MATCH(B$2,FedFundsRates!$A$2:$MM$2,0),FALSE) -> 3.6966667 | C25: =VLOOKUP($A25,NaturalRateMeasures!$A$2:$MK$3000,MATCH(C$2,NaturalRateMeasures!$A$2:$MK$2,0),FALSE) -> #N/A | D25: =VLOOKUP($A25,InflationTargetMeasures!$A$2:$MM$3000,MATCH(D$2,InflationTargetMeasures!$A$2:$MM$2,0),FALSE) -> 2 | E25: =VLOOKUP($A25,GapMeasures!$A$2:$LA$3000,MATCH(E$2,GapMeasures!$A$2:$LA$2,0),FALSE) -> #N/A | F25: =VLOOKUP($A25,InflationMeasures!$A$2:$LN$3000,MATCH(F$2,InflationMeasures!$A$2:$LN$2,0),FALSE) -> 1.6749459 | G25: 22143 | H25: =$L$29*B25 + (1-$L$29)*(C25+D25+1.5*(F25-D25)+$L$31*E25) -> #N/A | I25: =VLOOKUP($A25,FedFundsRates!$A$2:$MM$3000,MATCH("FedFundsRate",FedFundsRates!$A$2:$MM$2,0),FALSE) -> 2.9366667 | L25: PCEInflationRTest2 | M25: PCE inflation, 4-quarter, real-time (2nd estimate) | S25: TwoPercent | T25: 2 percent
A26: 22235 | B26: =VLOOKUP($A26,FedFundsRates!$A$2:$MM$3000,MATCH(B$2,FedFundsRates!$A$2:$MM$2,0),FALSE) -> 2.9366667 | C26: =VLOOKUP($A26,NaturalRateMeasures!$A$2:$MK$3000,MATCH(C$2,NaturalRateMeasures!$A$2:$MK$2,0),FALSE) -> #N/A | D26: =VLOOKUP($A26,InflationTargetMeasures!$A$2:$MM$3000,MATCH(D$2,InflationTargetMeasures!$A$2:$MM$2,0),FALSE) -> 2 | E26: =VLOOKUP($A26,GapMeasures!$A$2:$LA$3000,MATCH(E$2,GapMeasures!$A$2:$LA$2,0),FALSE) -> #N/A | F26: =VLOOKUP($A26,InflationMeasures!$A$2:$LN$3000,MATCH(F$2,InflationMeasures!$A$2:$LN$2,0),FALSE) -> 1.4183499 | G26: 22235 | H26: =$L$29*B26 + (1-$L$29)*(C26+D26+1.5*(F26-D26)+$L$31*E26) -> #N/A | I26: =VLOOKUP($A26,FedFundsRates!$A$2:$MM$3000,MATCH("FedFundsRate",FedFundsRates!$A$2:$MM$2,0),FALSE) -> 2.2966667 | L26: PCEInflationRTest3 | M26: PCE inflation, 4-quarter, real-time (3rd estimate) | S26: PiStarFOMC | T26: Longer-run PCE inflation forecast, FOMC SEP Central Tendency
A27: 22327 | B27: =VLOOKUP($A27,FedFundsRates!$A$2:$MM$3000,MATCH(B$2,FedFundsRates!$A$2:$MM$2,0),FALSE) -> 2.2966667 | C27: =VLOOKUP($A27,NaturalRateMeasures!$A$2:$MK$3000,MATCH(C$2,NaturalRateMeasures!$A$2:$MK$2,0),FALSE) -> #N/A | D27: =VLOOKUP($A27,InflationTargetMeasures!$A$2:$MM$3000,MATCH(D$2,InflationTargetMeasures!$A$2:$MM$2,0),FALSE) -> 2 | E27: =VLOOKUP($A27,GapMeasures!$A$2:$LA$3000,MATCH(E$2,GapMeasures!$A$2:$LA$2,0),FALSE) -> #N/A | F27: =VLOOKUP($A27,InflationMeasures!$A$2:$LN$3000,MATCH(F$2,InflationMeasures!$A$2:$LN$2,0),FALSE) -> 1.2750915 | G27: 22327 | H27: =$L$29*B27 + (1-$L$29)*(C27+D27+1.5*(F27-D27)+$L$31*E27) -> #N/A | I27: =VLOOKUP($A27,FedFundsRates!$A$2:$MM$3000,MATCH("FedFundsRate",FedFundsRates!$A$2:$MM$2,0),FALSE) -> 2.0033333
A28: 22416 | B28: =VLOOKUP($A28,FedFundsRates!$A$2:$MM$3000,MATCH(B$2,FedFundsRates!$A$2:$MM$2,0),FALSE) -> 2.0033333 | C28: =VLOOKUP($A28,NaturalRateMeasures!$A$2:$MK$3000,MATCH(C$2,NaturalRateMeasures!$A$2:$MK$2,0),FALSE) -> #N/A | D28: =VLOOKUP($A28,InflationTargetMeasures!$A$2:$MM$3000,MATCH(D$2,InflationTargetMeasures!$A$2:$MM$2,0),FALSE) -> 2 | E28: =VLOOKUP($A28,GapMeasures!$A$2:$LA$3000,MATCH(E$2,GapMeasures!$A$2:$LA$2,0),FALSE) -> #N/A | F28: =VLOOKUP($A28,InflationMeasures!$A$2:$LN$3000,MATCH(F$2,InflationMeasures!$A$2:$LN$2,0),FALSE) -> 1.2262608 | G28: 22416 | H28: =$L$29*B28 + (1-$L$29)*(C28+D28+1.5*(F28-D28)+$L$31*E28) -> #N/A | I28: =VLOOKUP($A28,FedFundsRates!$A$2:$MM$3000,MATCH("FedFundsRate",FedFundsRates!$A$2:$MM$2,0),FALSE) -> 1.7333333 | L28: Interest rate smoothing coefficients: Standard choices are 0 and 0.85
A29: 22508 | B29: =VLOOKUP($A29,FedFundsRates!$A$2:$MM$3000,MATCH(B$2,FedFundsRates!$A$2:$MM$2,0),FALSE) -> 1.7333333 | C29: =VLOOKUP($A29,NaturalRateMeasures!$A$2:$MK$3000,MATCH(C$2,NaturalRateMeasures!$A$2:$MK$2,0),FALSE) -> #N/A | D29: =VLOOKUP($A29,InflationTargetMeasures!$A$2:$MM$3000,MATCH(D$2,InflationTargetMeasures!$A$2:$MM$2,0),FALSE) -> 2 | E29: =VLOOKUP($A29,GapMeasures!$A$2:$LA$3000,MATCH(E$2,GapMeasures!$A$2:$LA$2,0),FALSE) -> #N/A | F29: =VLOOKUP($A29,InflationMeasures!$A$2:$LN$3000,MATCH(F$2,InflationMeasures!$A$2:$LN$2,0),FALSE) -> 1.2652678 | G29: 22508 | H29: =$L$29*B29 + (1-$L$29)*(C29+D29+1.5*(F29-D29)+$L$31*E29) -> #N/A | I29: =VLOOKUP($A29,FedFundsRates!$A$2:$MM$3000,MATCH("FedFundsRate",FedFundsRates!$A$2:$MM$2,0),FALSE) -> 1.6833333 | L29: 0 | R29: Taylor rule prescription | S29: Actual effective federal funds rate, quarterly average
A30: 22600 | B30: =VLOOKUP($A30,FedFundsRates!$A$2:$MM$3000,MATCH(B$2,FedFundsRates!$A$2:$MM$2,0),FALSE) -> 1.6833333 | C30: =VLOOKUP($A30,NaturalRateMeasures!$A$2:$MK$3000,MATCH(C$2,NaturalRateMeasures!$A$2:$MK$2,0),FALSE) -> #N/A | D30: =VLOOKUP($A30,InflationTargetMeasures!$A$2:$MM$3000,MATCH(D$2,InflationTargetMeasures!$A$2:$MM$2,0),FALSE) -> 2 | E30: =VLOOKUP($A30,GapMeasures!$A$2:$LA$3000,MATCH(E$2,GapMeasures!$A$2:$LA$2,0),FALSE) -> #N/A | F30: =VLOOKUP($A30,InflationMeasures!$A$2:$LN$3000,MATCH(F$2,InflationMeasures!$A$2:$LN$2,0),FALSE) -> 1.1799963 | G30: 22600 | H30: =$L$29*B30 + (1-$L$29)*(C30+D30+1.5*(F30-D30)+$L$31*E30) -> #N/A | I30: =VLOOKUP($A30,FedFundsRates!$A$2:$MM$3000,MATCH("FedFundsRate",FedFundsRates!$A$2:$MM$2,0),FALSE) -> 2.4 | L30: Weight on resource gap: Standard choices are 0.5 and 1 | Q30: =FOMCTaylor93UR!Q30 -> 46249 | R30: =VLOOKUP(Q30,$G$2:$I$2470,2,FALSE) -> 4.7960406 | S30: =VLOOKUP(Q30,$G$2:$I$2470,3,FALSE) -> 3.67
A31: 22692 | B31: =VLOOKUP($A31,FedFundsRates!$A$2:$MM$3000,MATCH(B$2,FedFundsRates!$A$2:$MM$2,0),FALSE) -> 2.4 | C31: =VLOOKUP($A31,NaturalRateMeasures!$A$2:$MK$3000,MATCH(C$2,NaturalRateMeasures!$A$2:$MK$2,0),FALSE) -> #N/A | D31: =VLOOKUP($A31,InflationTargetMeasures!$A$2:$MM$3000,MATCH(D$2,InflationTargetMeasures!$A$2:$MM$2,0),FALSE) -> 2 | E31: =VLOOKUP($A31,GapMeasures!$A$2:$LA$3000,MATCH(E$2,GapMeasures!$A$2:$LA$2,0),FALSE) -> #N/A | F31: =VLOOKUP($A31,InflationMeasures!$A$2:$LN$3000,MATCH(F$2,InflationMeasures!$A$2:$LN$2,0),FALSE) -> 1.3836948 | G31: 22692 | H31: =$L$29*B31 + (1-$L$29)*(C31+D31+1.5*(F31-D31)+$L$31*E31) -> #N/A | I31: =VLOOKUP($A31,FedFundsRates!$A$2:$MM$3000,MATCH("FedFundsRate",FedFundsRates!$A$2:$MM$2,0),FALSE) -> 2.4566667 | L31: 1 | Q31: =FOMCTaylor93UR!Q31 -> 46341 | R31: =VLOOKUP(Q31,$G$2:$I$2470,2,FALSE) -> 5.0651129 | S31: =VLOOKUP(Q31,$G$2:$I$2470,3,FALSE) -> #N/A
A32: 22781 | B32: =VLOOKUP($A32,FedFundsRates!$A$2:$MM$3000,MATCH(B$2,FedFundsRates!$A$2:$MM$2,0),FALSE) -> 2.4566667 | C32: =VLOOKUP($A32,NaturalRateMeasures!$A$2:$MK$3000,MATCH(C$2,NaturalRateMeasures!$A$2:$MK$2,0),FALSE) -> #N/A | D32: =VLOOKUP($A32,InflationTargetMeasures!$A$2:$MM$3000,MATCH(D$2,InflationTargetMeasures!$A$2:$MM$2,0),FALSE) -> 2 | E32: =VLOOKUP($A32,GapMeasures!$A$2:$LA$3000,MATCH(E$2,GapMeasures!$A$2:$LA$2,0),FALSE) -> #N/A | F32: =VLOOKUP($A32,InflationMeasures!$A$2:$LN$3000,MATCH(F$2,InflationMeasures!$A$2:$LN$2,0),FALSE) -> 1.43505 | G32: 22781 | H32: =$L$29*B32 + (1-$L$29)*(C32+D32+1.5*(F32-D32)+$L$31*E32) -> #N/A | I32: =VLOOKUP($A32,FedFundsRates!$A$2:$MM$3000,MATCH("FedFundsRate",FedFundsRates!$A$2:$MM$2,0),FALSE) -> 2.6066667
A33: 22873 | B33: =VLOOKUP($A33,FedFundsRates!$A$2:$MM$3000,MATCH(B$2,FedFundsRates!$A$2:$MM$2,0),FALSE) -> 2.6066667 | C33: =VLOOKUP($A33,NaturalRateMeasures!$A$2:$MK$3000,MATCH(C$2,NaturalRateMeasures!$A$2:$MK$2,0),FALSE) -> #N/A | D33: =VLOOKUP($A33,InflationTargetMeasures!$A$2:$MM$3000,MATCH(D$2,InflationTargetMeasures!$A$2:$MM$2,0),FALSE) -> 2 | E33: =VLOOKUP($A33,GapMeasures!$A$2:$LA$3000,MATCH(E$2,GapMeasures!$A$2:$LA$2,0),FALSE) -> #N/A | F33: =VLOOKUP($A33,InflationMeasures!$A$2:$LN$3000,MATCH(F$2,InflationMeasures!$A$2:$LN$2,0),FALSE) -> 1.3298695 | G33: 22873 | H33: =$L$29*B33 + (1-$L$29)*(C33+D33+1.5*(F33-D33)+$L$31*E33) -> #N/A | I33: =VLOOKUP($A33,FedFundsRates!$A$2:$MM$3000,MATCH("FedFundsRate",FedFundsRates!$A$2:$MM$2,0),FALSE) -> 2.8466667
A34: 22965 | B34: =VLOOKUP($A34,FedFundsRates!$A$2:$MM$3000,MATCH(B$2,FedFundsRates!$A$2:$MM$2,0),FALSE) -> 2.8466667 | C34: =VLOOKUP($A34,NaturalRateMeasures!$A$2:$MK$3000,MATCH(C$2,NaturalRateMeasures!$A$2:$MK$2,0),FALSE) -> #N/A | D34: =VLOOKUP($A34,InflationTargetMeasures!$A$2:$MM$3000,MATCH(D$2,InflationTargetMeasures!$A$2:$MM$2,0),FALSE) -> 2 | E34: =VLOOKUP($A34,GapMeasures!$A$2:$LA$3000,MATCH(E$2,GapMeasures!$A$2:$LA$2,0),FALSE) -> #N/A | F34: =VLOOKUP($A34,InflationMeasures!$A$2:$LN$3000,MATCH(F$2,InflationMeasures!$A$2:$LN$2,0),FALSE) -> 1.2773047 | G34: 22965 | H34: =$L$29*B34 + (1-$L$29)*(C34+D34+1.5*(F34-D34)+$L$31*E34) -> #N/A | I34: =VLOOKUP($A34,FedFundsRates!$A$2:$MM$3000,MATCH("FedFundsRate",FedFundsRates!$A$2:$MM$2,0),FALSE) -> 2.9233333
A35: 23057 | B35: =VLOOKUP($A35,FedFundsRates!$A$2:$MM$3000,MATCH(B$2,FedFundsRates!$A$2:$MM$2,0),FALSE) -> 2.9233333 | C35: =VLOOKUP($A35,NaturalRateMeasures!$A$2:$MK$3000,MATCH(C$2,NaturalRateMeasures!$A$2:$MK$2,0),FALSE) -> #N/A | D35: =VLOOKUP($A35,InflationTargetMeasures!$A$2:$MM$3000,MATCH(D$2,InflationTargetMeasures!$A$2:$MM$2,0),FALSE) -> 2 | E35: =VLOOKUP($A35,GapMeasures!$A$2:$LA$3000,MATCH(E$2,GapMeasures!$A$2:$LA$2,0),FALSE) -> #N/A | F35: =VLOOKUP($A35,InflationMeasures!$A$2:$LN$3000,MATCH(F$2,InflationMeasures!$A$2:$LN$2,0),FALSE) -> 1.2357064 | G35: 23057 | H35: =$L$29*B35 + (1-$L$29)*(C35+D35+1.5*(F35-D35)+$L$31*E35) -> #N/A | I35: =VLOOKUP($A35,FedFundsRates!$A$2:$MM$3000,MATCH("FedFundsRate",FedFundsRates!$A$2:$MM$2,0),FALSE) -> 2.9666667
A36: 23146 | B36: =VLOOKUP($A36,FedFundsRates!$A$2:$MM$3000,MATCH(B$2,FedFundsRates!$A$2:$MM$2,0),FALSE) -> 2.9666667 | C36: =VLOOKUP($A36,NaturalRateMeasures!$A$2:$MK$3000,MATCH(C$2,NaturalRateMeasures!$A$2:$MK$2,0),FALSE) -> #N/A | D36: =VLOOKUP($A36,InflationTargetMeasures!$A$2:$MM$3000,MATCH(D$2,InflationTargetMeasures!$A$2:$MM$2,0),FALSE) -> 2 | E36: =VLOOKUP($A36,GapMeasures!$A$2:$LA$3000,MATCH(E$2,GapMeasures!$A$2:$LA$2,0),FALSE) -> #N/A | F36: =VLOOKUP($A36,InflationMeasures!$A$2:$LN$3000,MATCH(F$2,InflationMeasures!$A$2:$LN$2,0),FALSE) -> 1.2310142 | G36: 23146 | H36: =$L$29*B36 + (1-$L$29)*(C36+D36+1.5*(F36-D36)+$L$31*E36) -> #N/A | I36: =VLOOKUP($A36,FedFundsRates!$A$2:$MM$3000,MATCH("FedFundsRate",FedFundsRates!$A$2:$MM$2,0),FALSE) -> 2.9633333
A37: 23238 | B37: =VLOOKUP($A37,FedFundsRates!$A$2:$MM$3000,MATCH(B$2,FedFundsRates!$A$2:$MM$2,0),FALSE) -> 2.9633333 | C37: =VLOOKUP($A37,NaturalRateMeasures!$A$2:$MK$3000,MATCH(C$2,NaturalRateMeasures!$A$2:$MK$2,0),FALSE) -> #N/A | D37: =VLOOKUP($A37,InflationTargetMeasures!$A$2:$MM$3000,MATCH(D$2,InflationTargetMeasures!$A$2:$MM$2,0),FALSE) -> 2 | E37: =VLOOKUP($A37,GapMeasures!$A$2:$LA$3000,MATCH(E$2,GapMeasures!$A$2:$LA$2,0),FALSE) -> #N/A | F37: =VLOOKUP($A37,InflationMeasures!$A$2:$LN$3000,MATCH(F$2,InflationMeasures!$A$2:$LN$2,0),FALSE) -> 1.287999 | G37: 23238 | H37: =$L$29*B37 + (1-$L$29)*(C37+D37+1.5*(F37-D37)+$L$31*E37) -> #N/A | I37: =VLOOKUP($A37,FedFundsRates!$A$2:$MM$3000,MATCH("FedFundsRate",FedFundsRates!$A$2:$MM$2,0),FALSE) -> 3.33
A38: 23330 | B38: =VLOOKUP($A38,FedFundsRates!$A$2:$MM$3000,MATCH(B$2,FedFundsRates!$A$2:$MM$2,0),FALSE) -> 3.33 | C38: =VLOOKUP($A38,NaturalRateMeasures!$A$2:$MK$3000,MATCH(C$2,NaturalRateMeasures!$A$2:$MK$2,0),FALSE) -> #N/A | D38: =VLOOKUP($A38,InflationTargetMeasures!$A$2:$MM$3000,MATCH(D$2,InflationTargetMeasures!$A$2:$MM$2,0),FALSE) -> 2 | E38: =VLOOKUP($A38,GapMeasures!$A$2:$LA$3000,MATCH(E$2,GapMeasures!$A$2:$LA$2,0),FALSE) -> #N/A | F38: =VLOOKUP($A38,InflationMeasures!$A$2:$LN$3000,MATCH(F$2,InflationMeasures!$A$2:$LN$2,0),FALSE) -> 1.5841102 | G38: 23330 | H38: =$L$29*B38 + (1-$L$29)*(C38+D38+1.5*(F38-D38)+$L$31*E38) -> #N/A | I38: =VLOOKUP($A38,FedFundsRates!$A$2:$MM$3000,MATCH("FedFundsRate",FedFundsRates!$A$2:$MM$2,0),FALSE) -> 3.4533333
A39: 23422 | B39: =VLOOKUP($A39,FedFundsRates!$A$2:$MM$3000,MATCH(B$2,FedFundsRates!$A$2:$MM$2,0),FALSE) -> 3.4533333 | C39: =VLOOKUP($A39,NaturalRateMeasures!$A$2:$MK$3000,MATCH(C$2,NaturalRateMeasures!$A$2:$MK$2,0),FALSE) -> #N/A | D39: =VLOOKUP($A39,InflationTargetMeasures!$A$2:$MM$3000,MATCH(D$2,InflationTargetMeasures!$A$2:$MM$2,0),FALSE) -> 2 | E39: =VLOOKUP($A39,GapMeasures!$A$2:$LA$3000,MATCH(E$2,GapMeasures!$A$2:$LA$2,0),FALSE) -> #N/A | F39: =VLOOKUP($A39,InflationMeasures!$A$2:$LN$3000,MATCH(F$2,InflationMeasures!$A$2:$LN$2,0),FALSE) -> 1.6821522 | G39: 23422 | H39: =$L$29*B39 + (1-$L$29)*(C39+D39+1.5*(F39-D39)+$L$31*E39) -> #N/A | I39: =VLOOKUP($A39,FedFundsRates!$A$2:$MM$3000,MATCH("FedFundsRate",FedFundsRates!$A$2:$MM$2,0),FALSE) -> 3.4633333
A40: 23512 | B40: =VLOOKUP($A40,FedFundsRates!$A$2:$MM$3000,MATCH(B$2,FedFundsRates!$A$2:$MM$2,0),FALSE) -> 3.4633333 | C40: =VLOOKUP($A40,NaturalRateMeasures!$A$2:$MK$3000,MATCH(C$2,NaturalRateMeasures!$A$2:$MK$2,0),FALSE) -> #N/A | D40: =VLOOKUP($A40,InflationTargetMeasures!$A$2:$MM$3000,MATCH(D$2,InflationTargetMeasures!$A$2:$MM$2,0),FALSE) -> 2 | E40: =VLOOKUP($A40,GapMeasures!$A$2:$LA$3000,MATCH(E$2,GapMeasures!$A$2:$LA$2,0),FALSE) -> #N/A | F40: =VLOOKUP($A40,InflationMeasures!$A$2:$LN$3000,MATCH(F$2,InflationMeasures!$A$2:$LN$2,0),FALSE) -> 1.6032428 | G40: 23512 | H40: =$L$29*B40 + (1-$L$29)*(C40+D40+1.5*(F40-D40)+$L$31*E40) -> #N/A | I40: =VLOOKUP($A40,FedFundsRates!$A$2:$MM$3000,MATCH("FedFundsRate",FedFundsRates!$A$2:$MM$2,0),FALSE) -> 3.49
A41: 23604 | B41: =VLOOKUP($A41,FedFundsRates!$A$2:$MM$3000,MATCH(B$2,FedFundsRates!$A$2:$MM$2,0),FALSE) -> 3.49 | C41: =VLOOKUP($A41,NaturalRateMeasures!$A$2:$MK$3000,MATCH(C$2,NaturalRateMeasures!$A$2:$MK$2,0),FALSE) -> #N/A | D41: =VLOOKUP($A41,InflationTargetMeasures!$A$2:$MM$3000,MATCH(D$2,InflationTargetMeasures!$A$2:$MM$2,0),FALSE) -> 2 | E41: =VLOOKUP($A41,GapMeasures!$A$2:$LA$3000,MATCH(E$2,GapMeasures!$A$2:$LA$2,0),FALSE) -> #N/A | F41: =VLOOKUP($A41,InflationMeasures!$A$2:$LN$3000,MATCH(F$2,InflationMeasures!$A$2:$LN$2,0),FALSE) -> 1.4885795 | G41: 23604 | H41: =$L$29*B41 + (1-$L$29)*(C41+D41+1.5*(F41-D41)+$L$31*E41) -> #N/A | I41: =VLOOKUP($A41,FedFundsRates!$A$2:$MM$3000,MATCH("FedFundsRate",FedFundsRates!$A$2:$MM$2,0),FALSE) -> 3.4566667
A42: 23696 | B42: =VLOOKUP($A42,FedFundsRates!$A$2:$MM$3000,MATCH(B$2,FedFundsRates!$A$2:$MM$2,0),FALSE) -> 3.4566667 | C42: =VLOOKUP($A42,NaturalRateMeasures!$A$2:$MK$3000,MATCH(C$2,NaturalRateMeasures!$A$2:$MK$2,0),FALSE) -> #N/A | D42: =VLOOKUP($A42,InflationTargetMeasures!$A$2:$MM$3000,MATCH(D$2,InflationTargetMeasures!$A$2:$MM$2,0),FALSE) -> 2 | E42: =VLOOKUP($A42,GapMeasures!$A$2:$LA$3000,MATCH(E$2,GapMeasures!$A$2:$LA$2,0),FALSE) -> #N/A | F42: =VLOOKUP($A42,InflationMeasures!$A$2:$LN$3000,MATCH(F$2,InflationMeasures!$A$2:$LN$2,0),FALSE) -> 1.2595214 | G42: 23696 | H42: =$L$29*B42 + (1-$L$29)*(C42+D42+1.5*(F42-D42)+$L$31*E42) -> #N/A | I42: =VLOOKUP($A42,FedFundsRates!$A$2:$MM$3000,MATCH("FedFundsRate",FedFundsRates!$A$2:$MM$2,0),FALSE) -> 3.5766667
A43: 23788 | B43: =VLOOKUP($A43,FedFundsRates!$A$2:$MM$3000,MATCH(B$2,FedFundsRates!$A$2:$MM$2,0),FALSE) -> 3.5766667 | C43: =VLOOKUP($A43,NaturalRateMeasures!$A$2:$MK$3000,MATCH(C$2,NaturalRateMeasures!$A$2:$MK$2,0),FALSE) -> #N/A | D43: =VLOOKUP($A43,InflationTargetMeasures!$A$2:$MM$3000,MATCH(D$2,InflationTargetMeasures!$A$2:$MM$2,0),FALSE) -> 2 | E43: =VLOOKUP($A43,GapMeasures!$A$2:$LA$3000,MATCH(E$2,GapMeasures!$A$2:$LA$2,0),FALSE) -> #N/A | F43: =VLOOKUP($A43,InflationMeasures!$A$2:$LN$3000,MATCH(F$2,InflationMeasures!$A$2:$LN$2,0),FALSE) -> 1.2123746 | G43: 23788 | H43: =$L$29*B43 + (1-$L$29)*(C43+D43+1.5*(F43-D43)+$L$31*E43) -> #N/A | I43: =VLOOKUP($A43,FedFundsRates!$A$2:$MM$3000,MATCH("FedFundsRate",FedFundsRates!$A$2:$MM$2,0),FALSE) -> 3.9766667
... A290: 46341 | B290: =VLOOKUP($A290,FedFundsRates!$A$2:$MM$3000,MATCH(B$2,FedFundsRates!$A$2:$MM$2,0),FALSE) -> 3.67 | C290: =VLOOKUP($A290,NaturalRateMeasures!$A$2:$MK$3000,MATCH(C$2,NaturalRateMeasures!$A$2:$MK$2,0),FALSE) -> 1.25 | D290: =VLOOKUP($A290,InflationTargetMeasures!$A$2:$MM$3000,MATCH(D$2,InflationTargetMeasures!$A$2:$MM$2,0),FALSE) -> 2 | E290: =VLOOKUP($A290,GapMeasures!$A$2:$LA$3000,MATCH(E$2,GapMeasures!$A$2:$LA$2,0),FALSE) -> -0.076016959 | F290: =VLOOKUP($A290,InflationMeasures!$A$2:$LN$3000,MATCH(F$2,InflationMeasures!$A$2:$LN$2,0),FALSE) -> 3.2607532 | G290: 46341 | H290: =$L$29*B290 + (1-$L$29)*(C290+D290+1.5*(F290-D290)+$L$31*E290) -> 5.0651129 | I290: =VLOOKUP($A290,FedFundsRates!$A$2:$MM$3000,MATCH("FedFundsRate",FedFundsRates!$A$2:$MM$2,0),FALSE) -> #N/A

Sheet Taylor93GDP
B1: Effective federal funds rate, lagged 1-quarter | C1: Choice for natural real interest rate | D1: Choice for inflation target | E1: Choice for resource gap | F1: Choice for inflation measure | L1: Date of last update | N1: =FOMCTaylor93UR!N1 -> 46324
B2: FedFundsRateLag1 | C2: LWRstar1side | D2: TwoPercent | E2: CBOGDPgap | F2: CorePCEInflation | H2: Taylor93GDP: pi=Core PCE,piTarget=2%,Rstar=LW 1-sided,Gap=CBO GDP gap,Smoothing=0,Gap weight=0.5 | I2: Actual Fed Funds Rate | L2: Choice for natural real interest rate (Tab "InterestRateMeasures") | S2: Choice for resource gap (Tab "GapMeasures")
A3: 20135 | B3: =VLOOKUP($A3,FedFundsRates!$A$2:$MM$3000,MATCH(B$2,FedFundsRates!$A$2:$MM$2,0),FALSE) -> #N/A | C3: =VLOOKUP($A3,NaturalRateMeasures!$A$2:$MK$3000,MATCH(C$2,NaturalRateMeasures!$A$2:$MK$2,0),FALSE) -> #N/A | D3: =VLOOKUP($A3,InflationTargetMeasures!$A$2:$MM$3000,MATCH(D$2,InflationTargetMeasures!$A$2:$MM$2,0),FALSE) -> 2 | E3: =VLOOKUP($A3,GapMeasures!$A$2:$LA$3000,MATCH(E$2,GapMeasures!$A$2:$LA$2,0),FALSE) -> 2.0254842 | F3: =VLOOKUP($A3,InflationMeasures!$A$2:$LN$3000,MATCH(F$2,InflationMeasures!$A$2:$LN$2,0),FALSE) -> #N/A | G3: 20135 | H3: =$L$29*B3 + (1-$L$29)*(C3+D3+1.5*(F3-D3)+$L$31*E3) -> #N/A | I3: =VLOOKUP($A3,FedFundsRates!$A$2:$MM$3000,MATCH("FedFundsRate",FedFundsRates!$A$2:$MM$2,0),FALSE) -> 1.3433333 | L3: Variable Name | M3: Description | S3: Variable Name | T3: Description
A4: 20224 | B4: =VLOOKUP($A4,FedFundsRates!$A$2:$MM$3000,MATCH(B$2,FedFundsRates!$A$2:$MM$2,0),FALSE) -> 1.3433333 | C4: =VLOOKUP($A4,NaturalRateMeasures!$A$2:$MK$3000,MATCH(C$2,NaturalRateMeasures!$A$2:$MK$2,0),FALSE) -> #N/A | D4: =VLOOKUP($A4,InflationTargetMeasures!$A$2:$MM$3000,MATCH(D$2,InflationTargetMeasures!$A$2:$MM$2,0),FALSE) -> 2 | E4: =VLOOKUP($A4,GapMeasures!$A$2:$LA$3000,MATCH(E$2,GapMeasures!$A$2:$LA$2,0),FALSE) -> 2.9947549 | F4: =VLOOKUP($A4,InflationMeasures!$A$2:$LN$3000,MATCH(F$2,InflationMeasures!$A$2:$LN$2,0),FALSE) -> #N/A | G4: 20224 | H4: =$L$29*B4 + (1-$L$29)*(C4+D4+1.5*(F4-D4)+$L$31*E4) -> #N/A | I4: =VLOOKUP($A4,FedFundsRates!$A$2:$MM$3000,MATCH("FedFundsRate",FedFundsRates!$A$2:$MM$2,0),FALSE) -> 1.5 | L4: TwoPercent | M4: 2 percent | S4: CBOGDPgap | T4: Real GDP gap, CBO
A5: 20316 | B5: =VLOOKUP($A5,FedFundsRates!$A$2:$MM$3000,MATCH(B$2,FedFundsRates!$A$2:$MM$2,0),FALSE) -> 1.5 | C5: =VLOOKUP($A5,NaturalRateMeasures!$A$2:$MK$3000,MATCH(C$2,NaturalRateMeasures!$A$2:$MK$2,0),FALSE) -> #N/A | D5: =VLOOKUP($A5,InflationTargetMeasures!$A$2:$MM$3000,MATCH(D$2,InflationTargetMeasures!$A$2:$MM$2,0),FALSE) -> 2 | E5: =VLOOKUP($A5,GapMeasures!$A$2:$LA$3000,MATCH(E$2,GapMeasures!$A$2:$LA$2,0),FALSE) -> 3.7120761 | F5: =VLOOKUP($A5,InflationMeasures!$A$2:$LN$3000,MATCH(F$2,InflationMeasures!$A$2:$LN$2,0),FALSE) -> #N/A | G5: 20316 | H5: =$L$29*B5 + (1-$L$29)*(C5+D5+1.5*(F5-D5)+$L$31*E5) -> #N/A | I5: =VLOOKUP($A5,FedFundsRates!$A$2:$MM$3000,MATCH("FedFundsRate",FedFundsRates!$A$2:$MM$2,0),FALSE) -> 1.94 | L5: RstarFOMCCentTend | M5: Implied rate derived from FOMC SEP Central Tendency | S5: BoardModelGDPgap | T5: Real GDP gap, BOG model, 2-sided estimate
A6: 20408 | B6: =VLOOKUP($A6,FedFundsRates!$A$2:$MM$3000,MATCH(B$2,FedFundsRates!$A$2:$MM$2,0),FALSE) -> 1.94 | C6: =VLOOKUP($A6,NaturalRateMeasures!$A$2:$MK$3000,MATCH(C$2,NaturalRateMeasures!$A$2:$MK$2,0),FALSE) -> #N/A | D6: =VLOOKUP($A6,InflationTargetMeasures!$A$2:$MM$3000,MATCH(D$2,InflationTargetMeasures!$A$2:$MM$2,0),FALSE) -> 2 | E6: =VLOOKUP($A6,GapMeasures!$A$2:$LA$3000,MATCH(E$2,GapMeasures!$A$2:$LA$2,0),FALSE) -> 3.6450663 | F6: =VLOOKUP($A6,InflationMeasures!$A$2:$LN$3000,MATCH(F$2,InflationMeasures!$A$2:$LN$2,0),FALSE) -> #N/A | G6: 20408 | H6: =$L$29*B6 + (1-$L$29)*(C6+D6+1.5*(F6-D6)+$L$31*E6) -> #N/A | I6: =VLOOKUP($A6,FedFundsRates!$A$2:$MM$3000,MATCH("FedFundsRate",FedFundsRates!$A$2:$MM$2,0),FALSE) -> 2.3566667 | L6: RstarFOMCMedian | M6: Implied rate derived from FOMC SEP Median | S6: U3gapSPF | T6: Twice unemployment rate gap, Survey of Professional Forecasters
A7: 20500 | B7: =VLOOKUP($A7,FedFundsRates!$A$2:$MM$3000,MATCH(B$2,FedFundsRates!$A$2:$MM$2,0),FALSE) -> 2.3566667 | C7: =VLOOKUP($A7,NaturalRateMeasures!$A$2:$MK$3000,MATCH(C$2,NaturalRateMeasures!$A$2:$MK$2,0),FALSE) -> #N/A | D7: =VLOOKUP($A7,InflationTargetMeasures!$A$2:$MM$3000,MATCH(D$2,InflationTargetMeasures!$A$2:$MM$2,0),FALSE) -> 2 | E7: =VLOOKUP($A7,GapMeasures!$A$2:$LA$3000,MATCH(E$2,GapMeasures!$A$2:$LA$2,0),FALSE) -> 2.5578424 | F7: =VLOOKUP($A7,InflationMeasures!$A$2:$LN$3000,MATCH(F$2,InflationMeasures!$A$2:$LN$2,0),FALSE) -> #N/A | G7: 20500 | H7: =$L$29*B7 + (1-$L$29)*(C7+D7+1.5*(F7-D7)+$L$31*E7) -> #N/A | I7: =VLOOKUP($A7,FedFundsRates!$A$2:$MM$3000,MATCH("FedFundsRate",FedFundsRates!$A$2:$MM$2,0),FALSE) -> 2.4833333 | L7: LWRstar1side | M7: Laubach-Williams model 1-sided estimate | S7: U3gapFOMC | T7: Twice unemployment rate gap, FOMC SEP
A8: 20590 | B8: =VLOOKUP($A8,FedFundsRates!$A$2:$MM$3000,MATCH(B$2,FedFundsRates!$A$2:$MM$2,0),FALSE) -> 2.4833333 | C8: =VLOOKUP($A8,NaturalRateMeasures!$A$2:$MK$3000,MATCH(C$2,NaturalRateMeasures!$A$2:$MK$2,0),FALSE) -> #N/A | D8: =VLOOKUP($A8,InflationTargetMeasures!$A$2:$MM$3000,MATCH(D$2,InflationTargetMeasures!$A$2:$MM$2,0),FALSE) -> 2 | E8: =VLOOKUP($A8,GapMeasures!$A$2:$LA$3000,MATCH(E$2,GapMeasures!$A$2:$LA$2,0),FALSE) -> 2.7307052 | F8: =VLOOKUP($A8,InflationMeasures!$A$2:$LN$3000,MATCH(F$2,InflationMeasures!$A$2:$LN$2,0),FALSE) -> #N/A | G8: 20590 | H8: =$L$29*B8 + (1-$L$29)*(C8+D8+1.5*(F8-D8)+$L$31*E8) -> #N/A | I8: =VLOOKUP($A8,FedFundsRates!$A$2:$MM$3000,MATCH("FedFundsRate",FedFundsRates!$A$2:$MM$2,0),FALSE) -> 2.6933333 | L8: LWRstar2side | M8: Laubach-Williams model 2-sided estimate | S8: U3gapCBO | T8: Twice unemployment rate gap, CBO
A9: 20682 | B9: =VLOOKUP($A9,FedFundsRates!$A$2:$MM$3000,MATCH(B$2,FedFundsRates!$A$2:$MM$2,0),FALSE) -> 2.6933333 | C9: =VLOOKUP($A9,NaturalRateMeasures!$A$2:$MK$3000,MATCH(C$2,NaturalRateMeasures!$A$2:$MK$2,0),FALSE) -> #N/A | D9: =VLOOKUP($A9,InflationTargetMeasures!$A$2:$MM$3000,MATCH(D$2,InflationTargetMeasures!$A$2:$MM$2,0),FALSE) -> 2 | E9: =VLOOKUP($A9,GapMeasures!$A$2:$LA$3000,MATCH(E$2,GapMeasures!$A$2:$LA$2,0),FALSE) -> 1.943151 | F9: =VLOOKUP($A9,InflationMeasures!$A$2:$LN$3000,MATCH(F$2,InflationMeasures!$A$2:$LN$2,0),FALSE) -> #N/A | G9: 20682 | H9: =$L$29*B9 + (1-$L$29)*(C9+D9+1.5*(F9-D9)+$L$31*E9) -> #N/A | I9: =VLOOKUP($A9,FedFundsRates!$A$2:$MM$3000,MATCH("FedFundsRate",FedFundsRates!$A$2:$MM$2,0),FALSE) -> 2.81 | L9: RstarLW1sideRT | M9: Laubach-Williams model 1-sided estimate, real-time | S9: U6gapCBO | T9: U6 gap, consistent with CBO natural rate of unemployment
A10: 20774 | B10: =VLOOKUP($A10,FedFundsRates!$A$2:$MM$3000,MATCH(B$2,FedFundsRates!$A$2:$MM$2,0),FALSE) -> 2.81 | C10: =VLOOKUP($A10,NaturalRateMeasures!$A$2:$MK$3000,MATCH(C$2,NaturalRateMeasures!$A$2:$MK$2,0),FALSE) -> #N/A | D10: =VLOOKUP($A10,InflationTargetMeasures!$A$2:$MM$3000,MATCH(D$2,InflationTargetMeasures!$A$2:$MM$2,0),FALSE) -> 2 | E10: =VLOOKUP($A10,GapMeasures!$A$2:$LA$3000,MATCH(E$2,GapMeasures!$A$2:$LA$2,0),FALSE) -> 2.883767 | F10: =VLOOKUP($A10,InflationMeasures!$A$2:$LN$3000,MATCH(F$2,InflationMeasures!$A$2:$LN$2,0),FALSE) -> #N/A | G10: 20774 | H10: =$L$29*B10 + (1-$L$29)*(C10+D10+1.5*(F10-D10)+$L$31*E10) -> #N/A | I10: =VLOOKUP($A10,FedFundsRates!$A$2:$MM$3000,MATCH("FedFundsRate",FedFundsRates!$A$2:$MM$2,0),FALSE) -> 2.9266667 | L10: RstarHLW1side | M10: Holston-Laubach-Williams model 1-sided estimate | S10: ZPopGapCBO | T10: ZPOP gap, consistent with CBO natural rate of unemployment
A11: 20866 | B11: =VLOOKUP($A11,FedFundsRates!$A$2:$MM$3000,MATCH(B$2,FedFundsRates!$A$2:$MM$2,0),FALSE) -> 2.9266667 | C11: =VLOOKUP($A11,NaturalRateMeasures!$A$2:$MK$3000,MATCH(C$2,NaturalRateMeasures!$A$2:$MK$2,0),FALSE) -> #N/A | D11: =VLOOKUP($A11,InflationTargetMeasures!$A$2:$MM$3000,MATCH(D$2,InflationTargetMeasures!$A$2:$MM$2,0),FALSE) -> 2 | E11: =VLOOKUP($A11,GapMeasures!$A$2:$LA$3000,MATCH(E$2,GapMeasures!$A$2:$LA$2,0),FALSE) -> 2.7581865 | F11: =VLOOKUP($A11,InflationMeasures!$A$2:$LN$3000,MATCH(F$2,InflationMeasures!$A$2:$LN$2,0),FALSE) -> #N/A | G11: 20866 | H11: =$L$29*B11 + (1-$L$29)*(C11+D11+1.5*(F11-D11)+$L$31*E11) -> #N/A | I11: =VLOOKUP($A11,FedFundsRates!$A$2:$MM$3000,MATCH("FedFundsRate",FedFundsRates!$A$2:$MM$2,0),FALSE) -> 2.9333333 | L11: RstarHLW1sideRT | M11: Holston-Laubach-Williams model 1-sided estimate, real-time | S11: U3gapBoardModel | T11: Twice unemployment rate gap, BOG model, 2-sided estimate
A12: 20955 | B12: =VLOOKUP($A12,FedFundsRates!$A$2:$MM$3000,MATCH(B$2,FedFundsRates!$A$2:$MM$2,0),FALSE) -> 2.9333333 | C12: =VLOOKUP($A12,NaturalRateMeasures!$A$2:$MK$3000,MATCH(C$2,NaturalRateMeasures!$A$2:$MK$2,0),FALSE) -> #N/A | D12: =VLOOKUP($A12,InflationTargetMeasures!$A$2:$MM$3000,MATCH(D$2,InflationTargetMeasures!$A$2:$MM$2,0),FALSE) -> 2 | E12: =VLOOKUP($A12,GapMeasures!$A$2:$LA$3000,MATCH(E$2,GapMeasures!$A$2:$LA$2,0),FALSE) -> 1.703859 | F12: =VLOOKUP($A12,InflationMeasures!$A$2:$LN$3000,MATCH(F$2,InflationMeasures!$A$2:$LN$2,0),FALSE) -> #N/A | G12: 20955 | H12: =$L$29*B12 + (1-$L$29)*(C12+D12+1.5*(F12-D12)+$L$31*E12) -> #N/A | I12: =VLOOKUP($A12,FedFundsRates!$A$2:$MM$3000,MATCH("FedFundsRate",FedFundsRates!$A$2:$MM$2,0),FALSE) -> 3 | L12: RstarLubikMatthes | M12: Lubik-Matthes model | S12: BoardModelGDPgap1side | T12: Real GDP gap, BOG model, 1-sided estimate
A13: 21047 | B13: =VLOOKUP($A13,FedFundsRates!$A$2:$MM$3000,MATCH(B$2,FedFundsRates!$A$2:$MM$2,0),FALSE) -> 3 | C13: =VLOOKUP($A13,NaturalRateMeasures!$A$2:$MK$3000,MATCH(C$2,NaturalRateMeasures!$A$2:$MK$2,0),FALSE) -> #N/A | D13: =VLOOKUP($A13,InflationTargetMeasures!$A$2:$MM$3000,MATCH(D$2,InflationTargetMeasures!$A$2:$MM$2,0),FALSE) -> 2 | E13: =VLOOKUP($A13,GapMeasures!$A$2:$LA$3000,MATCH(E$2,GapMeasures!$A$2:$LA$2,0),FALSE) -> 1.8380475 | F13: =VLOOKUP($A13,InflationMeasures!$A$2:$LN$3000,MATCH(F$2,InflationMeasures!$A$2:$LN$2,0),FALSE) -> #N/A | G13: 21047 | H13: =$L$29*B13 + (1-$L$29)*(C13+D13+1.5*(F13-D13)+$L$31*E13) -> #N/A | I13: =VLOOKUP($A13,FedFundsRates!$A$2:$MM$3000,MATCH("FedFundsRate",FedFundsRates!$A$2:$MM$2,0),FALSE) -> 3.2333333 | S13: U3gapBoardModel1side | T13: Twice unemployment rate gap, BOG model, 1-sided estimate
A14: 21139 | B14: =VLOOKUP($A14,FedFundsRates!$A$2:$MM$3000,MATCH(B$2,FedFundsRates!$A$2:$MM$2,0),FALSE) -> 3.2333333 | C14: =VLOOKUP($A14,NaturalRateMeasures!$A$2:$MK$3000,MATCH(C$2,NaturalRateMeasures!$A$2:$MK$2,0),FALSE) -> #N/A | D14: =VLOOKUP($A14,InflationTargetMeasures!$A$2:$MM$3000,MATCH(D$2,InflationTargetMeasures!$A$2:$MM$2,0),FALSE) -> 2 | E14: =VLOOKUP($A14,GapMeasures!$A$2:$LA$3000,MATCH(E$2,GapMeasures!$A$2:$LA$2,0),FALSE) -> -0.092331911 | F14: =VLOOKUP($A14,InflationMeasures!$A$2:$LN$3000,MATCH(F$2,InflationMeasures!$A$2:$LN$2,0),FALSE) -> #N/A | G14: 21139 | H14: =$L$29*B14 + (1-$L$29)*(C14+D14+1.5*(F14-D14)+$L$31*E14) -> #N/A | I14: =VLOOKUP($A14,FedFundsRates!$A$2:$MM$3000,MATCH("FedFundsRate",FedFundsRates!$A$2:$MM$2,0),FALSE) -> 3.2533333 | S14: CBOGDPgapRTest1 | T14: Real GDP gap, CBO, real-time (1st GDP estimate)
A15: 21231 | B15: =VLOOKUP($A15,FedFundsRates!$A$2:$MM$3000,MATCH(B$2,FedFundsRates!$A$2:$MM$2,0),FALSE) -> 3.2533333 | C15: =VLOOKUP($A15,NaturalRateMeasures!$A$2:$MK$3000,MATCH(C$2,NaturalRateMeasures!$A$2:$MK$2,0),FALSE) -> #N/A | D15: =VLOOKUP($A15,InflationTargetMeasures!$A$2:$MM$3000,MATCH(D$2,InflationTargetMeasures!$A$2:$MM$2,0),FALSE) -> 2 | E15: =VLOOKUP($A15,GapMeasures!$A$2:$LA$3000,MATCH(E$2,GapMeasures!$A$2:$LA$2,0),FALSE) -> -3.5281633 | F15: =VLOOKUP($A15,InflationMeasures!$A$2:$LN$3000,MATCH(F$2,InflationMeasures!$A$2:$LN$2,0),FALSE) -> #N/A | G15: 21231 | H15: =$L$29*B15 + (1-$L$29)*(C15+D15+1.5*(F15-D15)+$L$31*E15) -> #N/A | I15: =VLOOKUP($A15,FedFundsRates!$A$2:$MM$3000,MATCH("FedFundsRate",FedFundsRates!$A$2:$MM$2,0),FALSE) -> 1.8633333 | S15: CBOGDPgapRTest2 | T15: Real GDP gap, CBO, real-time (2nd GDP estimate)
A16: 21320 | B16: =VLOOKUP($A16,FedFundsRates!$A$2:$MM$3000,MATCH(B$2,FedFundsRates!$A$2:$MM$2,0),FALSE) -> 1.8633333 | C16: =VLOOKUP($A16,NaturalRateMeasures!$A$2:$MK$3000,MATCH(C$2,NaturalRateMeasures!$A$2:$MK$2,0),FALSE) -> #N/A | D16: =VLOOKUP($A16,InflationTargetMeasures!$A$2:$MM$3000,MATCH(D$2,InflationTargetMeasures!$A$2:$MM$2,0),FALSE) -> 2 | E16: =VLOOKUP($A16,GapMeasures!$A$2:$LA$3000,MATCH(E$2,GapMeasures!$A$2:$LA$2,0),FALSE) -> -3.7543899 | F16: =VLOOKUP($A16,InflationMeasures!$A$2:$LN$3000,MATCH(F$2,InflationMeasures!$A$2:$LN$2,0),FALSE) -> #N/A | G16: 21320 | H16: =$L$29*B16 + (1-$L$29)*(C16+D16+1.5*(F16-D16)+$L$31*E16) -> #N/A | I16: =VLOOKUP($A16,FedFundsRates!$A$2:$MM$3000,MATCH("FedFundsRate",FedFundsRates!$A$2:$MM$2,0),FALSE) -> 0.94 | L16: Choice for inflation measure (Tab "InflationMeasures") | S16: CBOGDPgapRTest3 | T16: Real GDP gap, CBO, real-time (3rd GDP estimate)
A17: 21412 | B17: =VLOOKUP($A17,FedFundsRates!$A$2:$MM$3000,MATCH(B$2,FedFundsRates!$A$2:$MM$2,0),FALSE) -> 0.94 | C17: =VLOOKUP($A17,NaturalRateMeasures!$A$2:$MK$3000,MATCH(C$2,NaturalRateMeasures!$A$2:$MK$2,0),FALSE) -> #N/A | D17: =VLOOKUP($A17,InflationTargetMeasures!$A$2:$MM$3000,MATCH(D$2,InflationTargetMeasures!$A$2:$MM$2,0),FALSE) -> 2 | E17: =VLOOKUP($A17,GapMeasures!$A$2:$LA$3000,MATCH(E$2,GapMeasures!$A$2:$LA$2,0),FALSE) -> -2.4044147 | F17: =VLOOKUP($A17,InflationMeasures!$A$2:$LN$3000,MATCH(F$2,InflationMeasures!$A$2:$LN$2,0),FALSE) -> #N/A | G17: 21412 | H17: =$L$29*B17 + (1-$L$29)*(C17+D17+1.5*(F17-D17)+$L$31*E17) -> #N/A | I17: =VLOOKUP($A17,FedFundsRates!$A$2:$MM$3000,MATCH("FedFundsRate",FedFundsRates!$A$2:$MM$2,0),FALSE) -> 1.3233333 | L17: Variable Name | M17: Description | S17: U3gapCBORTest1 | T17: Twice unemployment rate gap, real-time (1st unempl. estimate)
A18: 21504 | B18: =VLOOKUP($A18,FedFundsRates!$A$2:$MM$3000,MATCH(B$2,FedFundsRates!$A$2:$MM$2,0),FALSE) -> 1.3233333 | C18: =VLOOKUP($A18,NaturalRateMeasures!$A$2:$MK$3000,MATCH(C$2,NaturalRateMeasures!$A$2:$MK$2,0),FALSE) -> #N/A | D18: =VLOOKUP($A18,InflationTargetMeasures!$A$2:$MM$3000,MATCH(D$2,InflationTargetMeasures!$A$2:$MM$2,0),FALSE) -> 2 | E18: =VLOOKUP($A18,GapMeasures!$A$2:$LA$3000,MATCH(E$2,GapMeasures!$A$2:$LA$2,0),FALSE) -> -1.0541781 | F18: =VLOOKUP($A18,InflationMeasures!$A$2:$LN$3000,MATCH(F$2,InflationMeasures!$A$2:$LN$2,0),FALSE) -> #N/A | G18: 21504 | H18: =$L$29*B18 + (1-$L$29)*(C18+D18+1.5*(F18-D18)+$L$31*E18) -> #N/A | I18: =VLOOKUP($A18,FedFundsRates!$A$2:$MM$3000,MATCH("FedFundsRate",FedFundsRates!$A$2:$MM$2,0),FALSE) -> 2.1633333 | L18: CorePCEInflation | M18: Core PCE inflation, 4-quarter | S18: U3gapCBORTest2 | T18: Twice unemployment rate gap, real-time (2nd unempl. estimate)
A19: 21596 | B19: =VLOOKUP($A19,FedFundsRates!$A$2:$MM$3000,MATCH(B$2,FedFundsRates!$A$2:$MM$2,0),FALSE) -> 2.1633333 | C19: =VLOOKUP($A19,NaturalRateMeasures!$A$2:$MK$3000,MATCH(C$2,NaturalRateMeasures!$A$2:$MK$2,0),FALSE) -> #N/A | D19: =VLOOKUP($A19,InflationTargetMeasures!$A$2:$MM$3000,MATCH(D$2,InflationTargetMeasures!$A$2:$MM$2,0),FALSE) -> 2 | E19: =VLOOKUP($A19,GapMeasures!$A$2:$LA$3000,MATCH(E$2,GapMeasures!$A$2:$LA$2,0),FALSE) -> -0.10601646 | F19: =VLOOKUP($A19,InflationMeasures!$A$2:$LN$3000,MATCH(F$2,InflationMeasures!$A$2:$LN$2,0),FALSE) -> #N/A | G19: 21596 | H19: =$L$29*B19 + (1-$L$29)*(C19+D19+1.5*(F19-D19)+$L$31*E19) -> #N/A | I19: =VLOOKUP($A19,FedFundsRates!$A$2:$MM$3000,MATCH("FedFundsRate",FedFundsRates!$A$2:$MM$2,0),FALSE) -> 2.57 | L19: PCEInflation | M19: PCE inflation, 4-quarter | S19: U3gapCBORTest3 | T19: Twice unemployment rate gap, real-time (3rd unempl. estimate)
A20: 21685 | B20: =VLOOKUP($A20,FedFundsRates!$A$2:$MM$3000,MATCH(B$2,FedFundsRates!$A$2:$MM$2,0),FALSE) -> 2.57 | C20: =VLOOKUP($A20,NaturalRateMeasures!$A$2:$MK$3000,MATCH(C$2,NaturalRateMeasures!$A$2:$MK$2,0),FALSE) -> #N/A | D20: =VLOOKUP($A20,InflationTargetMeasures!$A$2:$MM$3000,MATCH(D$2,InflationTargetMeasures!$A$2:$MM$2,0),FALSE) -> 2 | E20: =VLOOKUP($A20,GapMeasures!$A$2:$LA$3000,MATCH(E$2,GapMeasures!$A$2:$LA$2,0),FALSE) -> 1.1497751 | F20: =VLOOKUP($A20,InflationMeasures!$A$2:$LN$3000,MATCH(F$2,InflationMeasures!$A$2:$LN$2,0),FALSE) -> #N/A | G20: 21685 | H20: =$L$29*B20 + (1-$L$29)*(C20+D20+1.5*(F20-D20)+$L$31*E20) -> #N/A | I20: =VLOOKUP($A20,FedFundsRates!$A$2:$MM$3000,MATCH("FedFundsRate",FedFundsRates!$A$2:$MM$2,0),FALSE) -> 3.0833333 | L20: ExpectedPCEInflation | M20: Survey of Professional Forecasters expected 4-quarter PCE inflation | S20: U3gapCBORTest4 | T20: Twice unemployment rate gap, real-time (4th unempl. estimate)
A21: 21777 | B21: =VLOOKUP($A21,FedFundsRates!$A$2:$MM$3000,MATCH(B$2,FedFundsRates!$A$2:$MM$2,0),FALSE) -> 3.0833333 | C21: =VLOOKUP($A21,NaturalRateMeasures!$A$2:$MK$3000,MATCH(C$2,NaturalRateMeasures!$A$2:$MK$2,0),FALSE) -> #N/A | D21: =VLOOKUP($A21,InflationTargetMeasures!$A$2:$MM$3000,MATCH(D$2,InflationTargetMeasures!$A$2:$MM$2,0),FALSE) -> 2 | E21: =VLOOKUP($A21,GapMeasures!$A$2:$LA$3000,MATCH(E$2,GapMeasures!$A$2:$LA$2,0),FALSE) -> 0.19068295 | F21: =VLOOKUP($A21,InflationMeasures!$A$2:$LN$3000,MATCH(F$2,InflationMeasures!$A$2:$LN$2,0),FALSE) -> #N/A | G21: 21777 | H21: =$L$29*B21 + (1-$L$29)*(C21+D21+1.5*(F21-D21)+$L$31*E21) -> #N/A | I21: =VLOOKUP($A21,FedFundsRates!$A$2:$MM$3000,MATCH("FedFundsRate",FedFundsRates!$A$2:$MM$2,0),FALSE) -> 3.5766667 | L21: CorePCEInflationRTest1 | M21: Core PCE inflation, 4-quarter, real-time (1st estimate) | S21: EPopGapCBO | T21: Twice employment-population ratio gap, CBO
A22: 21869 | B22: =VLOOKUP($A22,FedFundsRates!$A$2:$MM$3000,MATCH(B$2,FedFundsRates!$A$2:$MM$2,0),FALSE) -> 3.5766667 | C22: =VLOOKUP($A22,NaturalRateMeasures!$A$2:$MK$3000,MATCH(C$2,NaturalRateMeasures!$A$2:$MK$2,0),FALSE) -> #N/A | D22: =VLOOKUP($A22,InflationTargetMeasures!$A$2:$MM$3000,MATCH(D$2,InflationTargetMeasures!$A$2:$MM$2,0),FALSE) -> 2 | E22: =VLOOKUP($A22,GapMeasures!$A$2:$LA$3000,MATCH(E$2,GapMeasures!$A$2:$LA$2,0),FALSE) -> -0.54709695 | F22: =VLOOKUP($A22,InflationMeasures!$A$2:$LN$3000,MATCH(F$2,InflationMeasures!$A$2:$LN$2,0),FALSE) -> #N/A | G22: 21869 | H22: =$L$29*B22 + (1-$L$29)*(C22+D22+1.5*(F22-D22)+$L$31*E22) -> #N/A | I22: =VLOOKUP($A22,FedFundsRates!$A$2:$MM$3000,MATCH("FedFundsRate",FedFundsRates!$A$2:$MM$2,0),FALSE) -> 3.99 | L22: CorePCEInflationRTest2 | M22: Core PCE inflation, 4-quarter, real-time (2nd estimate)
A23: 21961 | B23: =VLOOKUP($A23,FedFundsRates!$A$2:$MM$3000,MATCH(B$2,FedFundsRates!$A$2:$MM$2,0),FALSE) -> 3.99 | C23: =VLOOKUP($A23,NaturalRateMeasures!$A$2:$MK$3000,MATCH(C$2,NaturalRateMeasures!$A$2:$MK$2,0),FALSE) -> #N/A | D23: =VLOOKUP($A23,InflationTargetMeasures!$A$2:$MM$3000,MATCH(D$2,InflationTargetMeasures!$A$2:$MM$2,0),FALSE) -> 2 | E23: =VLOOKUP($A23,GapMeasures!$A$2:$LA$3000,MATCH(E$2,GapMeasures!$A$2:$LA$2,0),FALSE) -> 0.63510578 | F23: =VLOOKUP($A23,InflationMeasures!$A$2:$LN$3000,MATCH(F$2,InflationMeasures!$A$2:$LN$2,0),FALSE) -> 2.1076378 | G23: 21961 | H23: =$L$29*B23 + (1-$L$29)*(C23+D23+1.5*(F23-D23)+$L$31*E23) -> #N/A | I23: =VLOOKUP($A23,FedFundsRates!$A$2:$MM$3000,MATCH("FedFundsRate",FedFundsRates!$A$2:$MM$2,0),FALSE) -> 3.9333333 | L23: CorePCEInflationRTest3 | M23: Core PCE inflation, 4-quarter, real-time (3rd estimate) | S23: Choice for inflation target (Tab "InflationTargetMeasures")
A24: 22051 | B24: =VLOOKUP($A24,FedFundsRates!$A$2:$MM$3000,MATCH(B$2,FedFundsRates!$A$2:$MM$2,0),FALSE) -> 3.9333333 | C24: =VLOOKUP($A24,NaturalRateMeasures!$A$2:$MK$3000,MATCH(C$2,NaturalRateMeasures!$A$2:$MK$2,0),FALSE) -> #N/A | D24: =VLOOKUP($A24,InflationTargetMeasures!$A$2:$MM$3000,MATCH(D$2,InflationTargetMeasures!$A$2:$MM$2,0),FALSE) -> 2 | E24: =VLOOKUP($A24,GapMeasures!$A$2:$LA$3000,MATCH(E$2,GapMeasures!$A$2:$LA$2,0),FALSE) -> -0.91952489 | F24: =VLOOKUP($A24,InflationMeasures!$A$2:$LN$3000,MATCH(F$2,InflationMeasures!$A$2:$LN$2,0),FALSE) -> 1.9489678 | G24: 22051 | H24: =$L$29*B24 + (1-$L$29)*(C24+D24+1.5*(F24-D24)+$L$31*E24) -> #N/A | I24: =VLOOKUP($A24,FedFundsRates!$A$2:$MM$3000,MATCH("FedFundsRate",FedFundsRates!$A$2:$MM$2,0),FALSE) -> 3.6966667 | L24: PCEInflationRTest1 | M24: PCE inflation, 4-quarter, real-time (1st estimate) | S24: Variable Name | T24: Description
A25: 22143 | B25: =VLOOKUP($A25,FedFundsRates!$A$2:$MM$3000,MATCH(B$2,FedFundsRates!$A$2:$MM$2,0),FALSE) -> 3.6966667 | C25: =VLOOKUP($A25,NaturalRateMeasures!$A$2:$MK$3000,MATCH(C$2,NaturalRateMeasures!$A$2:$MK$2,0),FALSE) -> #N/A | D25: =VLOOKUP($A25,InflationTargetMeasures!$A$2:$MM$3000,MATCH(D$2,InflationTargetMeasures!$A$2:$MM$2,0),FALSE) -> 2 | E25: =VLOOKUP($A25,GapMeasures!$A$2:$LA$3000,MATCH(E$2,GapMeasures!$A$2:$LA$2,0),FALSE) -> -1.428749 | F25: =VLOOKUP($A25,InflationMeasures!$A$2:$LN$3000,MATCH(F$2,InflationMeasures!$A$2:$LN$2,0),FALSE) -> 1.6749459 | G25: 22143 | H25: =$L$29*B25 + (1-$L$29)*(C25+D25+1.5*(F25-D25)+$L$31*E25) -> #N/A | I25: =VLOOKUP($A25,FedFundsRates!$A$2:$MM$3000,MATCH("FedFundsRate",FedFundsRates!$A$2:$MM$2,0),FALSE) -> 2.9366667 | L25: PCEInflationRTest2 | M25: PCE inflation, 4-quarter, real-time (2nd estimate) | S25: TwoPercent | T25: 2 percent
A26: 22235 | B26: =VLOOKUP($A26,FedFundsRates!$A$2:$MM$3000,MATCH(B$2,FedFundsRates!$A$2:$MM$2,0),FALSE) -> 2.9366667 | C26: =VLOOKUP($A26,NaturalRateMeasures!$A$2:$MK$3000,MATCH(C$2,NaturalRateMeasures!$A$2:$MK$2,0),FALSE) -> #N/A | D26: =VLOOKUP($A26,InflationTargetMeasures!$A$2:$MM$3000,MATCH(D$2,InflationTargetMeasures!$A$2:$MM$2,0),FALSE) -> 2 | E26: =VLOOKUP($A26,GapMeasures!$A$2:$LA$3000,MATCH(E$2,GapMeasures!$A$2:$LA$2,0),FALSE) -> -3.6372172 | F26: =VLOOKUP($A26,InflationMeasures!$A$2:$LN$3000,MATCH(F$2,InflationMeasures!$A$2:$LN$2,0),FALSE) -> 1.4183499 | G26: 22235 | H26: =$L$29*B26 + (1-$L$29)*(C26+D26+1.5*(F26-D26)+$L$31*E26) -> #N/A | I26: =VLOOKUP($A26,FedFundsRates!$A$2:$MM$3000,MATCH("FedFundsRate",FedFundsRates!$A$2:$MM$2,0),FALSE) -> 2.2966667 | L26: PCEInflationRTest3 | M26: PCE inflation, 4-quarter, real-time (3rd estimate) | S26: PiStarFOMC | T26: Longer-run PCE inflation forecast, FOMC SEP Central Tendency
A27: 22327 | B27: =VLOOKUP($A27,FedFundsRates!$A$2:$MM$3000,MATCH(B$2,FedFundsRates!$A$2:$MM$2,0),FALSE) -> 2.2966667 | C27: =VLOOKUP($A27,NaturalRateMeasures!$A$2:$MK$3000,MATCH(C$2,NaturalRateMeasures!$A$2:$MK$2,0),FALSE) -> 5.1057 | D27: =VLOOKUP($A27,InflationTargetMeasures!$A$2:$MM$3000,MATCH(D$2,InflationTargetMeasures!$A$2:$MM$2,0),FALSE) -> 2 | E27: =VLOOKUP($A27,GapMeasures!$A$2:$LA$3000,MATCH(E$2,GapMeasures!$A$2:$LA$2,0),FALSE) -> -3.918541 | F27: =VLOOKUP($A27,InflationMeasures!$A$2:$LN$3000,MATCH(F$2,InflationMeasures!$A$2:$LN$2,0),FALSE) -> 1.2750915 | G27: 22327 | H27: =$L$29*B27 + (1-$L$29)*(C27+D27+1.5*(F27-D27)+$L$31*E27) -> 4.0590668 | I27: =VLOOKUP($A27,FedFundsRates!$A$2:$MM$3000,MATCH("FedFundsRate",FedFundsRates!$A$2:$MM$2,0),FALSE) -> 2.0033333
A28: 22416 | B28: =VLOOKUP($A28,FedFundsRates!$A$2:$MM$3000,MATCH(B$2,FedFundsRates!$A$2:$MM$2,0),FALSE) -> 2.0033333 | C28: =VLOOKUP($A28,NaturalRateMeasures!$A$2:$MK$3000,MATCH(C$2,NaturalRateMeasures!$A$2:$MK$2,0),FALSE) -> 5.32 | D28: =VLOOKUP($A28,InflationTargetMeasures!$A$2:$MM$3000,MATCH(D$2,InflationTargetMeasures!$A$2:$MM$2,0),FALSE) -> 2 | E28: =VLOOKUP($A28,GapMeasures!$A$2:$LA$3000,MATCH(E$2,GapMeasures!$A$2:$LA$2,0),FALSE) -> -3.1823902 | F28: =VLOOKUP($A28,InflationMeasures!$A$2:$LN$3000,MATCH(F$2,InflationMeasures!$A$2:$LN$2,0),FALSE) -> 1.2262608 | G28: 22416 | H28: =$L$29*B28 + (1-$L$29)*(C28+D28+1.5*(F28-D28)+$L$31*E28) -> 4.5681962 | I28: =VLOOKUP($A28,FedFundsRates!$A$2:$MM$3000,MATCH("FedFundsRate",FedFundsRates!$A$2:$MM$2,0),FALSE) -> 1.7333333 | L28: Interest rate smoothing coefficients: Standard choices are 0 and 0.85
A29: 22508 | B29: =VLOOKUP($A29,FedFundsRates!$A$2:$MM$3000,MATCH(B$2,FedFundsRates!$A$2:$MM$2,0),FALSE) -> 1.7333333 | C29: =VLOOKUP($A29,NaturalRateMeasures!$A$2:$MK$3000,MATCH(C$2,NaturalRateMeasures!$A$2:$MK$2,0),FALSE) -> 5.2963 | D29: =VLOOKUP($A29,InflationTargetMeasures!$A$2:$MM$3000,MATCH(D$2,InflationTargetMeasures!$A$2:$MM$2,0),FALSE) -> 2 | E29: =VLOOKUP($A29,GapMeasures!$A$2:$LA$3000,MATCH(E$2,GapMeasures!$A$2:$LA$2,0),FALSE) -> -2.2454266 | F29: =VLOOKUP($A29,InflationMeasures!$A$2:$LN$3000,MATCH(F$2,InflationMeasures!$A$2:$LN$2,0),FALSE) -> 1.2652678 | G29: 22508 | H29: =$L$29*B29 + (1-$L$29)*(C29+D29+1.5*(F29-D29)+$L$31*E29) -> 5.0714884 | I29: =VLOOKUP($A29,FedFundsRates!$A$2:$MM$3000,MATCH("FedFundsRate",FedFundsRates!$A$2:$MM$2,0),FALSE) -> 1.6833333 | L29: 0 | R29: Taylor rule prescription | S29: Actual effective federal funds rate, quarterly average
A30: 22600 | B30: =VLOOKUP($A30,FedFundsRates!$A$2:$MM$3000,MATCH(B$2,FedFundsRates!$A$2:$MM$2,0),FALSE) -> 1.6833333 | C30: =VLOOKUP($A30,NaturalRateMeasures!$A$2:$MK$3000,MATCH(C$2,NaturalRateMeasures!$A$2:$MK$2,0),FALSE) -> 5.293 | D30: =VLOOKUP($A30,InflationTargetMeasures!$A$2:$MM$3000,MATCH(D$2,InflationTargetMeasures!$A$2:$MM$2,0),FALSE) -> 2 | E30: =VLOOKUP($A30,GapMeasures!$A$2:$LA$3000,MATCH(E$2,GapMeasures!$A$2:$LA$2,0),FALSE) -> -1.2507698 | F30: =VLOOKUP($A30,InflationMeasures!$A$2:$LN$3000,MATCH(F$2,InflationMeasures!$A$2:$LN$2,0),FALSE) -> 1.1799963 | G30: 22600 | H30: =$L$29*B30 + (1-$L$29)*(C30+D30+1.5*(F30-D30)+$L$31*E30) -> 5.4376095 | I30: =VLOOKUP($A30,FedFundsRates!$A$2:$MM$3000,MATCH("FedFundsRate",FedFundsRates!$A$2:$MM$2,0),FALSE) -> 2.4 | L30: Weight on resource gap: Standard choices are 0.5 and 1 | Q30: =FOMCTaylor93UR!Q30 -> 46249 | R30: =VLOOKUP(Q30,$G$2:$I$2470,2,FALSE) -> 5.8944676 | S30: =VLOOKUP(Q30,$G$2:$I$2470,3,FALSE) -> 3.67
A31: 22692 | B31: =VLOOKUP($A31,FedFundsRates!$A$2:$MM$3000,MATCH(B$2,FedFundsRates!$A$2:$MM$2,0),FALSE) -> 2.4 | C31: =VLOOKUP($A31,NaturalRateMeasures!$A$2:$MK$3000,MATCH(C$2,NaturalRateMeasures!$A$2:$MK$2,0),FALSE) -> 5.1536 | D31: =VLOOKUP($A31,InflationTargetMeasures!$A$2:$MM$3000,MATCH(D$2,InflationTargetMeasures!$A$2:$MM$2,0),FALSE) -> 2 | E31: =VLOOKUP($A31,GapMeasures!$A$2:$LA$3000,MATCH(E$2,GapMeasures!$A$2:$LA$2,0),FALSE) -> -0.44337685 | F31: =VLOOKUP($A31,InflationMeasures!$A$2:$LN$3000,MATCH(F$2,InflationMeasures!$A$2:$LN$2,0),FALSE) -> 1.3836948 | G31: 22692 | H31: =$L$29*B31 + (1-$L$29)*(C31+D31+1.5*(F31-D31)+$L$31*E31) -> 6.0074538 | I31: =VLOOKUP($A31,FedFundsRates!$A$2:$MM$3000,MATCH("FedFundsRate",FedFundsRates!$A$2:$MM$2,0),FALSE) -> 2.4566667 | L31: 0.5 | Q31: =FOMCTaylor93UR!Q31 -> 46341 | R31: =VLOOKUP(Q31,$G$2:$I$2470,2,FALSE) -> 6.3380911 | S31: =VLOOKUP(Q31,$G$2:$I$2470,3,FALSE) -> #N/A
A32: 22781 | B32: =VLOOKUP($A32,FedFundsRates!$A$2:$MM$3000,MATCH(B$2,FedFundsRates!$A$2:$MM$2,0),FALSE) -> 2.4566667 | C32: =VLOOKUP($A32,NaturalRateMeasures!$A$2:$MK$3000,MATCH(C$2,NaturalRateMeasures!$A$2:$MK$2,0),FALSE) -> 4.6605 | D32: =VLOOKUP($A32,InflationTargetMeasures!$A$2:$MM$3000,MATCH(D$2,InflationTargetMeasures!$A$2:$MM$2,0),FALSE) -> 2 | E32: =VLOOKUP($A32,GapMeasures!$A$2:$LA$3000,MATCH(E$2,GapMeasures!$A$2:$LA$2,0),FALSE) -> -0.53165822 | F32: =VLOOKUP($A32,InflationMeasures!$A$2:$LN$3000,MATCH(F$2,InflationMeasures!$A$2:$LN$2,0),FALSE) -> 1.43505 | G32: 22781 | H32: =$L$29*B32 + (1-$L$29)*(C32+D32+1.5*(F32-D32)+$L$31*E32) -> 5.5472459 | I32: =VLOOKUP($A32,FedFundsRates!$A$2:$MM$3000,MATCH("FedFundsRate",FedFundsRates!$A$2:$MM$2,0),FALSE) -> 2.6066667
A33: 22873 | B33: =VLOOKUP($A33,FedFundsRates!$A$2:$MM$3000,MATCH(B$2,FedFundsRates!$A$2:$MM$2,0),FALSE) -> 2.6066667 | C33: =VLOOKUP($A33,NaturalRateMeasures!$A$2:$MK$3000,MATCH(C$2,NaturalRateMeasures!$A$2:$MK$2,0),FALSE) -> 4.5467 | D33: =VLOOKUP($A33,InflationTargetMeasures!$A$2:$MM$3000,MATCH(D$2,InflationTargetMeasures!$A$2:$MM$2,0),FALSE) -> 2 | E33: =VLOOKUP($A33,GapMeasures!$A$2:$LA$3000,MATCH(E$2,GapMeasures!$A$2:$LA$2,0),FALSE) -> -0.33445856 | F33: =VLOOKUP($A33,InflationMeasures!$A$2:$LN$3000,MATCH(F$2,InflationMeasures!$A$2:$LN$2,0),FALSE) -> 1.3298695 | G33: 22873 | H33: =$L$29*B33 + (1-$L$29)*(C33+D33+1.5*(F33-D33)+$L$31*E33) -> 5.3742749 | I33: =VLOOKUP($A33,FedFundsRates!$A$2:$MM$3000,MATCH("FedFundsRate",FedFundsRates!$A$2:$MM$2,0),FALSE) -> 2.8466667
A34: 22965 | B34: =VLOOKUP($A34,FedFundsRates!$A$2:$MM$3000,MATCH(B$2,FedFundsRates!$A$2:$MM$2,0),FALSE) -> 2.8466667 | C34: =VLOOKUP($A34,NaturalRateMeasures!$A$2:$MK$3000,MATCH(C$2,NaturalRateMeasures!$A$2:$MK$2,0),FALSE) -> 4.1031 | D34: =VLOOKUP($A34,InflationTargetMeasures!$A$2:$MM$3000,MATCH(D$2,InflationTargetMeasures!$A$2:$MM$2,0),FALSE) -> 2 | E34: =VLOOKUP($A34,GapMeasures!$A$2:$LA$3000,MATCH(E$2,GapMeasures!$A$2:$LA$2,0),FALSE) -> -1.0503391 | F34: =VLOOKUP($A34,InflationMeasures!$A$2:$LN$3000,MATCH(F$2,InflationMeasures!$A$2:$LN$2,0),FALSE) -> 1.2773047 | G34: 22965 | H34: =$L$29*B34 + (1-$L$29)*(C34+D34+1.5*(F34-D34)+$L$31*E34) -> 4.4938875 | I34: =VLOOKUP($A34,FedFundsRates!$A$2:$MM$3000,MATCH("FedFundsRate",FedFundsRates!$A$2:$MM$2,0),FALSE) -> 2.9233333
A35: 23057 | B35: =VLOOKUP($A35,FedFundsRates!$A$2:$MM$3000,MATCH(B$2,FedFundsRates!$A$2:$MM$2,0),FALSE) -> 2.9233333 | C35: =VLOOKUP($A35,NaturalRateMeasures!$A$2:$MK$3000,MATCH(C$2,NaturalRateMeasures!$A$2:$MK$2,0),FALSE) -> 4.0886 | D35: =VLOOKUP($A35,InflationTargetMeasures!$A$2:$MM$3000,MATCH(D$2,InflationTargetMeasures!$A$2:$MM$2,0),FALSE) -> 2 | E35: =VLOOKUP($A35,GapMeasures!$A$2:$LA$3000,MATCH(E$2,GapMeasures!$A$2:$LA$2,0),FALSE) -> -1.0236905 | F35: =VLOOKUP($A35,InflationMeasures!$A$2:$LN$3000,MATCH(F$2,InflationMeasures!$A$2:$LN$2,0),FALSE) -> 1.2357064 | G35: 23057 | H35: =$L$29*B35 + (1-$L$29)*(C35+D35+1.5*(F35-D35)+$L$31*E35) -> 4.4303143 | I35: =VLOOKUP($A35,FedFundsRates!$A$2:$MM$3000,MATCH("FedFundsRate",FedFundsRates!$A$2:$MM$2,0),FALSE) -> 2.9666667
A36: 23146 | B36: =VLOOKUP($A36,FedFundsRates!$A$2:$MM$3000,MATCH(B$2,FedFundsRates!$A$2:$MM$2,0),FALSE) -> 2.9666667 | C36: =VLOOKUP($A36,NaturalRateMeasures!$A$2:$MK$3000,MATCH(C$2,NaturalRateMeasures!$A$2:$MK$2,0),FALSE) -> 4.0539 | D36: =VLOOKUP($A36,InflationTargetMeasures!$A$2:$MM$3000,MATCH(D$2,InflationTargetMeasures!$A$2:$MM$2,0),FALSE) -> 2 | E36: =VLOOKUP($A36,GapMeasures!$A$2:$LA$3000,MATCH(E$2,GapMeasures!$A$2:$LA$2,0),FALSE) -> -0.97884088 | F36: =VLOOKUP($A36,InflationMeasures!$A$2:$LN$3000,MATCH(F$2,InflationMeasures!$A$2:$LN$2,0),FALSE) -> 1.2310142 | G36: 23146 | H36: =$L$29*B36 + (1-$L$29)*(C36+D36+1.5*(F36-D36)+$L$31*E36) -> 4.4110009 | I36: =VLOOKUP($A36,FedFundsRates!$A$2:$MM$3000,MATCH("FedFundsRate",FedFundsRates!$A$2:$MM$2,0),FALSE) -> 2.9633333
A37: 23238 | B37: =VLOOKUP($A37,FedFundsRates!$A$2:$MM$3000,MATCH(B$2,FedFundsRates!$A$2:$MM$2,0),FALSE) -> 2.9633333 | C37: =VLOOKUP($A37,NaturalRateMeasures!$A$2:$MK$3000,MATCH(C$2,NaturalRateMeasures!$A$2:$MK$2,0),FALSE) -> 4.3641 | D37: =VLOOKUP($A37,InflationTargetMeasures!$A$2:$MM$3000,MATCH(D$2,InflationTargetMeasures!$A$2:$MM$2,0),FALSE) -> 2 | E37: =VLOOKUP($A37,GapMeasures!$A$2:$LA$3000,MATCH(E$2,GapMeasures!$A$2:$LA$2,0),FALSE) -> 0.11941433 | F37: =VLOOKUP($A37,InflationMeasures!$A$2:$LN$3000,MATCH(F$2,InflationMeasures!$A$2:$LN$2,0),FALSE) -> 1.287999 | G37: 23238 | H37: =$L$29*B37 + (1-$L$29)*(C37+D37+1.5*(F37-D37)+$L$31*E37) -> 5.3558057 | I37: =VLOOKUP($A37,FedFundsRates!$A$2:$MM$3000,MATCH("FedFundsRate",FedFundsRates!$A$2:$MM$2,0),FALSE) -> 3.33
A38: 23330 | B38: =VLOOKUP($A38,FedFundsRates!$A$2:$MM$3000,MATCH(B$2,FedFundsRates!$A$2:$MM$2,0),FALSE) -> 3.33 | C38: =VLOOKUP($A38,NaturalRateMeasures!$A$2:$MK$3000,MATCH(C$2,NaturalRateMeasures!$A$2:$MK$2,0),FALSE) -> 4.1049 | D38: =VLOOKUP($A38,InflationTargetMeasures!$A$2:$MM$3000,MATCH(D$2,InflationTargetMeasures!$A$2:$MM$2,0),FALSE) -> 2 | E38: =VLOOKUP($A38,GapMeasures!$A$2:$LA$3000,MATCH(E$2,GapMeasures!$A$2:$LA$2,0),FALSE) -> -0.30681571 | F38: =VLOOKUP($A38,InflationMeasures!$A$2:$LN$3000,MATCH(F$2,InflationMeasures!$A$2:$LN$2,0),FALSE) -> 1.5841102 | G38: 23330 | H38: =$L$29*B38 + (1-$L$29)*(C38+D38+1.5*(F38-D38)+$L$31*E38) -> 5.3276574 | I38: =VLOOKUP($A38,FedFundsRates!$A$2:$MM$3000,MATCH("FedFundsRate",FedFundsRates!$A$2:$MM$2,0),FALSE) -> 3.4533333
A39: 23422 | B39: =VLOOKUP($A39,FedFundsRates!$A$2:$MM$3000,MATCH(B$2,FedFundsRates!$A$2:$MM$2,0),FALSE) -> 3.4533333 | C39: =VLOOKUP($A39,NaturalRateMeasures!$A$2:$MK$3000,MATCH(C$2,NaturalRateMeasures!$A$2:$MK$2,0),FALSE) -> 4.3923 | D39: =VLOOKUP($A39,InflationTargetMeasures!$A$2:$MM$3000,MATCH(D$2,InflationTargetMeasures!$A$2:$MM$2,0),FALSE) -> 2 | E39: =VLOOKUP($A39,GapMeasures!$A$2:$LA$3000,MATCH(E$2,GapMeasures!$A$2:$LA$2,0),FALSE) -> 0.7156476 | F39: =VLOOKUP($A39,InflationMeasures!$A$2:$LN$3000,MATCH(F$2,InflationMeasures!$A$2:$LN$2,0),FALSE) -> 1.6821522 | G39: 23422 | H39: =$L$29*B39 + (1-$L$29)*(C39+D39+1.5*(F39-D39)+$L$31*E39) -> 6.2733521 | I39: =VLOOKUP($A39,FedFundsRates!$A$2:$MM$3000,MATCH("FedFundsRate",FedFundsRates!$A$2:$MM$2,0),FALSE) -> 3.4633333
A40: 23512 | B40: =VLOOKUP($A40,FedFundsRates!$A$2:$MM$3000,MATCH(B$2,FedFundsRates!$A$2:$MM$2,0),FALSE) -> 3.4633333 | C40: =VLOOKUP($A40,NaturalRateMeasures!$A$2:$MK$3000,MATCH(C$2,NaturalRateMeasures!$A$2:$MK$2,0),FALSE) -> 4.3089 | D40: =VLOOKUP($A40,InflationTargetMeasures!$A$2:$MM$3000,MATCH(D$2,InflationTargetMeasures!$A$2:$MM$2,0),FALSE) -> 2 | E40: =VLOOKUP($A40,GapMeasures!$A$2:$LA$3000,MATCH(E$2,GapMeasures!$A$2:$LA$2,0),FALSE) -> 0.71952516 | F40: =VLOOKUP($A40,InflationMeasures!$A$2:$LN$3000,MATCH(F$2,InflationMeasures!$A$2:$LN$2,0),FALSE) -> 1.6032428 | G40: 23512 | H40: =$L$29*B40 + (1-$L$29)*(C40+D40+1.5*(F40-D40)+$L$31*E40) -> 6.0735268 | I40: =VLOOKUP($A40,FedFundsRates!$A$2:$MM$3000,MATCH("FedFundsRate",FedFundsRates!$A$2:$MM$2,0),FALSE) -> 3.49
A41: 23604 | B41: =VLOOKUP($A41,FedFundsRates!$A$2:$MM$3000,MATCH(B$2,FedFundsRates!$A$2:$MM$2,0),FALSE) -> 3.49 | C41: =VLOOKUP($A41,NaturalRateMeasures!$A$2:$MK$3000,MATCH(C$2,NaturalRateMeasures!$A$2:$MK$2,0),FALSE) -> 4.4051 | D41: =VLOOKUP($A41,InflationTargetMeasures!$A$2:$MM$3000,MATCH(D$2,InflationTargetMeasures!$A$2:$MM$2,0),FALSE) -> 2 | E41: =VLOOKUP($A41,GapMeasures!$A$2:$LA$3000,MATCH(E$2,GapMeasures!$A$2:$LA$2,0),FALSE) -> 1.1947832 | F41: =VLOOKUP($A41,InflationMeasures!$A$2:$LN$3000,MATCH(F$2,InflationMeasures!$A$2:$LN$2,0),FALSE) -> 1.4885795 | G41: 23604 | H41: =$L$29*B41 + (1-$L$29)*(C41+D41+1.5*(F41-D41)+$L$31*E41) -> 6.2353609 | I41: =VLOOKUP($A41,FedFundsRates!$A$2:$MM$3000,MATCH("FedFundsRate",FedFundsRates!$A$2:$MM$2,0),FALSE) -> 3.4566667
A42: 23696 | B42: =VLOOKUP($A42,FedFundsRates!$A$2:$MM$3000,MATCH(B$2,FedFundsRates!$A$2:$MM$2,0),FALSE) -> 3.4566667 | C42: =VLOOKUP($A42,NaturalRateMeasures!$A$2:$MK$3000,MATCH(C$2,NaturalRateMeasures!$A$2:$MK$2,0),FALSE) -> 4.1596 | D42: =VLOOKUP($A42,InflationTargetMeasures!$A$2:$MM$3000,MATCH(D$2,InflationTargetMeasures!$A$2:$MM$2,0),FALSE) -> 2 | E42: =VLOOKUP($A42,GapMeasures!$A$2:$LA$3000,MATCH(E$2,GapMeasures!$A$2:$LA$2,0),FALSE) -> 0.42434989 | F42: =VLOOKUP($A42,InflationMeasures!$A$2:$LN$3000,MATCH(F$2,InflationMeasures!$A$2:$LN$2,0),FALSE) -> 1.2595214 | G42: 23696 | H42: =$L$29*B42 + (1-$L$29)*(C42+D42+1.5*(F42-D42)+$L$31*E42) -> 5.261057 | I42: =VLOOKUP($A42,FedFundsRates!$A$2:$MM$3000,MATCH("FedFundsRate",FedFundsRates!$A$2:$MM$2,0),FALSE) -> 3.5766667
A43: 23788 | B43: =VLOOKUP($A43,FedFundsRates!$A$2:$MM$3000,MATCH(B$2,FedFundsRates!$A$2:$MM$2,0),FALSE) -> 3.5766667 | C43: =VLOOKUP($A43,NaturalRateMeasures!$A$2:$MK$3000,MATCH(C$2,NaturalRateMeasures!$A$2:$MK$2,0),FALSE) -> 4.5235 | D43: =VLOOKUP($A43,InflationTargetMeasures!$A$2:$MM$3000,MATCH(D$2,InflationTargetMeasures!$A$2:$MM$2,0),FALSE) -> 2 | E43: =VLOOKUP($A43,GapMeasures!$A$2:$LA$3000,MATCH(E$2,GapMeasures!$A$2:$LA$2,0),FALSE) -> 1.7374588 | F43: =VLOOKUP($A43,InflationMeasures!$A$2:$LN$3000,MATCH(F$2,InflationMeasures!$A$2:$LN$2,0),FALSE) -> 1.2123746 | G43: 23788 | H43: =$L$29*B43 + (1-$L$29)*(C43+D43+1.5*(F43-D43)+$L$31*E43) -> 6.2107913 | I43: =VLOOKUP($A43,FedFundsRates!$A$2:$MM$3000,MATCH("FedFundsRate",FedFundsRates!$A$2:$MM$2,0),FALSE) -> 3.9766667
... A290: 46341 | B290: =VLOOKUP($A290,FedFundsRates!$A$2:$MM$3000,MATCH(B$2,FedFundsRates!$A$2:$MM$2,0),FALSE) -> 3.67 | C290: =VLOOKUP($A290,NaturalRateMeasures!$A$2:$MK$3000,MATCH(C$2,NaturalRateMeasures!$A$2:$MK$2,0),FALSE) -> 1.6524 | D290: =VLOOKUP($A290,InflationTargetMeasures!$A$2:$MM$3000,MATCH(D$2,InflationTargetMeasures!$A$2:$MM$2,0),FALSE) -> 2 | E290: =VLOOKUP($A290,GapMeasures!$A$2:$LA$3000,MATCH(E$2,GapMeasures!$A$2:$LA$2,0),FALSE) -> 1.5891224 | F290: =VLOOKUP($A290,InflationMeasures!$A$2:$LN$3000,MATCH(F$2,InflationMeasures!$A$2:$LN$2,0),FALSE) -> 3.2607532 | G290: 46341 | H290: =$L$29*B290 + (1-$L$29)*(C290+D290+1.5*(F290-D290)+$L$31*E290) -> 6.3380911 | I290: =VLOOKUP($A290,FedFundsRates!$A$2:$MM$3000,MATCH("FedFundsRate",FedFundsRates!$A$2:$MM$2,0),FALSE) -> #N/A

Sheet HeatMapLatestQuarter
A1: Taylor Rule Fed Funds Prescription Heatmap | I1: 2026:Q4 | K1: Variable values being read in from data sheets: No need to modify
B2: Prescriptions using Chosen Measure of Inflation | K2: Measures of r*
C3: Fed SEP-LR | D3: Measure of Gap (CBO Consistent) | K3: TwoPercent | L3: =VLOOKUP($L$12,NaturalRateMeasures!$A$2:$CZ$2520,MATCH($K3,NaturalRateMeasures!$A$2:$CZ$2,0),FALSE) -> 2 | M3: Measures of the resources gap [in GDP gap equivalent units]
C4: U-3 Gap | D4: U-3 | E4: ZPOP | F4: U-6 | G4: Emp-Pop | H4: GDP | K4: RstarFOMCMedian | L4: =VLOOKUP($L$12,NaturalRateMeasures!$A$2:$CZ$2520,MATCH($K4,NaturalRateMeasures!$A$2:$CZ$2,0),FALSE) -> 1.25 | M4: U3gapFOMC | N4: U3gapCBO | O4: ZPopGapCBO | P4: U6gapCBO | Q4: EPopGapCBO | R4: CBOGDPgap
A5: Measure of r* | B5: 0.02 | C5: =$L$23*$L$9+(1-$L$23)*($L3 + $L$25 + 1.5*($L$19 - $L$25) + $L$24*M$5) -> 5.8531214 | D5: =$L$23*$L$9+(1-$L$23)*($L3 + $L$25 + 1.5*($L$19 - $L$25) + $L$24*N$5) -> 6.0911214 | E5: =$L$23*$L$9+(1-$L$23)*($L3 + $L$25 + 1.5*($L$19 - $L$25) + $L$24*O$5) -> 6.3474905 | F5: =$L$23*$L$9+(1-$L$23)*($L3 + $L$25 + 1.5*($L$19 - $L$25) + $L$24*P$5) -> 6.0987615 | G5: =$L$23*$L$9+(1-$L$23)*($L3 + $L$25 + 1.5*($L$19 - $L$25) + $L$24*Q$5) -> 5.4097083 | H5: =$L$23*$L$9+(1-$L$23)*($L3 + $L$25 + 1.5*($L$19 - $L$25) + $L$24*R$5) -> 6.6856911 | K5: RstarHLW1side | L5: =VLOOKUP($L$12,NaturalRateMeasures!$A$2:$CZ$2520,MATCH($K5,NaturalRateMeasures!$A$2:$CZ$2,0),FALSE) -> 1.0086484 | M5: =VLOOKUP($L$12,GapMeasures!$A$2:$BN$2520,MATCH($M4,GapMeasures!$A$2:$BN$2,0),FALSE) -> -0.076016959 | N5: =VLOOKUP($L$12,GapMeasures!$A$2:$BN$2520,MATCH($N4,GapMeasures!$A$2:$BN$2,0),FALSE) -> 0.39998304 | O5: =VLOOKUP($L$12,GapMeasures!$A$2:$BN$2520,MATCH($O4,GapMeasures!$A$2:$BN$2,0),FALSE) -> 0.91272129 | P5: =VLOOKUP($L$12,GapMeasures!$A$2:$BN$2520,MATCH($P4,GapMeasures!$A$2:$BN$2,0),FALSE) -> 0.41526323 | Q5: =VLOOKUP($L$12,GapMeasures!$A$2:$BN$2520,MATCH($Q4,GapMeasures!$A$2:$BN$2,0),FALSE) -> -0.96284317 | R5: =VLOOKUP($L$12,GapMeasures!$A$2:$BN$2520,MATCH($R4,GapMeasures!$A$2:$BN$2,0),FALSE) -> 1.5891224
B6: FOMC Longer-run | C6: =$L$23*$L$9+(1-$L$23)*($L4 + $L$25 + 1.5*($L$19 - $L$25) + $L$24*M$5) -> 5.1031214 | D6: =$L$23*$L$9+(1-$L$23)*($L4 + $L$25 + 1.5*($L$19 - $L$25) + $L$24*N$5) -> 5.3411214 | E6: =$L$23*$L$9+(1-$L$23)*($L4 + $L$25 + 1.5*($L$19 - $L$25) + $L$24*O$5) -> 5.5974905 | F6: =$L$23*$L$9+(1-$L$23)*($L4 + $L$25 + 1.5*($L$19 - $L$25) + $L$24*P$5) -> 5.3487615 | G6: =$L$23*$L$9+(1-$L$23)*($L4 + $L$25 + 1.5*($L$19 - $L$25) + $L$24*Q$5) -> 4.6597083 | H6: =$L$23*$L$9+(1-$L$23)*($L4 + $L$25 + 1.5*($L$19 - $L$25) + $L$24*R$5) -> 5.9356911 | K6: LWRstar1side | L6: =VLOOKUP($L$12,NaturalRateMeasures!$A$2:$CZ$2520,MATCH($K6,NaturalRateMeasures!$A$2:$CZ$2,0),FALSE) -> 1.6524
B7: HLW 2017 model | C7: =$L$23*$L$9+(1-$L$23)*($L5 + $L$25 + 1.5*($L$19 - $L$25) + $L$24*M$5) -> 4.8617697 | D7: =$L$23*$L$9+(1-$L$23)*($L5 + $L$25 + 1.5*($L$19 - $L$25) + $L$24*N$5) -> 5.0997697 | E7: =$L$23*$L$9+(1-$L$23)*($L5 + $L$25 + 1.5*($L$19 - $L$25) + $L$24*O$5) -> 5.3561389 | F7: =$L$23*$L$9+(1-$L$23)*($L5 + $L$25 + 1.5*($L$19 - $L$25) + $L$24*P$5) -> 5.1074098 | G7: =$L$23*$L$9+(1-$L$23)*($L5 + $L$25 + 1.5*($L$19 - $L$25) + $L$24*Q$5) -> 4.4183566 | H7: =$L$23*$L$9+(1-$L$23)*($L5 + $L$25 + 1.5*($L$19 - $L$25) + $L$24*R$5) -> 5.6943394 | K7: RstarLubikMatthes | L7: =VLOOKUP($L$12,NaturalRateMeasures!$A$2:$CZ$2520,MATCH($K7,NaturalRateMeasures!$A$2:$CZ$2,0),FALSE) -> 1.8497948
B8: LW 2003 model | C8: =$L$23*$L$9+(1-$L$23)*($L6 + $L$25 + 1.5*($L$19 - $L$25) + $L$24*M$5) -> 5.5055214 | D8: =$L$23*$L$9+(1-$L$23)*($L6 + $L$25 + 1.5*($L$19 - $L$25) + $L$24*N$5) -> 5.7435214 | E8: =$L$23*$L$9+(1-$L$23)*($L6 + $L$25 + 1.5*($L$19 - $L$25) + $L$24*O$5) -> 5.9998905 | F8: =$L$23*$L$9+(1-$L$23)*($L6 + $L$25 + 1.5*($L$19 - $L$25) + $L$24*P$5) -> 5.7511615 | G8: =$L$23*$L$9+(1-$L$23)*($L6 + $L$25 + 1.5*($L$19 - $L$25) + $L$24*Q$5) -> 5.0621083 | H8: =$L$23*$L$9+(1-$L$23)*($L6 + $L$25 + 1.5*($L$19 - $L$25) + $L$24*R$5) -> 6.3380911 | K8: Lagged Fed Funds Rate
B9: LM 2015 model | C9: =$L$23*$L$9+(1-$L$23)*($L7 + $L$25 + 1.5*($L$19 - $L$25) + $L$24*M$5) -> 5.7029162 | D9: =$L$23*$L$9+(1-$L$23)*($L7 + $L$25 + 1.5*($L$19 - $L$25) + $L$24*N$5) -> 5.9409162 | E9: =$L$23*$L$9+(1-$L$23)*($L7 + $L$25 + 1.5*($L$19 - $L$25) + $L$24*O$5) -> 6.1972854 | F9: =$L$23*$L$9+(1-$L$23)*($L7 + $L$25 + 1.5*($L$19 - $L$25) + $L$24*P$5) -> 5.9485563 | G9: =$L$23*$L$9+(1-$L$23)*($L7 + $L$25 + 1.5*($L$19 - $L$25) + $L$24*Q$5) -> 5.2595031 | H9: =$L$23*$L$9+(1-$L$23)*($L7 + $L$25 + 1.5*($L$19 - $L$25) + $L$24*R$5) -> 6.5354859 | K9: FedFundsRateLag1 | L9: =VLOOKUP($L$12,FedFundsRates!$A$2:$C$2520,MATCH($K9,FedFundsRates!$A$2:$C$2,0),FALSE) -> 3.67
A11: Note on r* measures: HLW is Holston, Laubach and Williams;
A12: LW is Laubach and Williams; and LM is Lubik and Matthes | K12: Quarter Being Considered: [15th day of 2nd month of the last quarter in the spreadsheet] | L12: 46341
M13: All Possible Choices for the Fed Funds Rate
K14: If the last quarter is chosen, user has 3 choices for the fed funds rate. "Predicted effective fed funds rate assuming no change in target range" [Default], "Futures market prediction of average effective fed funds rate", and "Current target fed funds rate, midpoint of range". | M14: Predicted effective fed funds rate assuming no change in target range [Default] | N14: 3.88
K15: Predicted effective fed funds rate assuming no change in target range [Default] | L15: =N14 -> 3.88 | M15: Futures market prediction of average effective fed funds rate | N15: 3.9283
M16: Current target fed funds rate [midpoint of range] | N16: 3.875
M17: All Possible Choices for Inflation Measures
K18: Chosen Measure of Inflation (4-quarter) | M18: CorePCEInflation | N18: =VLOOKUP($L$12,InflationMeasures!$A$2:$CJ$2520,MATCH($M18,InflationMeasures!$A$2:$CJ$2,0),FALSE) -> 3.2607532
K19: CorePCEInflation | L19: =VLOOKUP($L$12,InflationMeasures!$A$2:$CJ$2520,MATCH($K19,InflationMeasures!$A$2:$CJ$2,0),FALSE) -> 3.2607532 | M19: PCEInflation | N19: =VLOOKUP($L$12,InflationMeasures!$A$2:$CJ$2520,MATCH($M19,InflationMeasures!$A$2:$CJ$2,0),FALSE) -> 3.9260594
K20: Note: We give the user one of 3 choices, "Core PCE inflation, 4-quarter" [Default], "PCE inflation, 4-quarter", and "Survey of Professional Forecasters expected 4-quarter PCE inflation ". | M20: ExpectedPCEInflation | N20: =VLOOKUP($L$12,InflationMeasures!$A$2:$CJ$2520,MATCH($M20,InflationMeasures!$A$2:$CJ$2,0),FALSE) -> 2.8835389
K22: Parameter values that user can modify
K23: Interest rate smoothing coefficient: Standard choices are 0 and 0.85 [Must be between 0 and 0.99]. Default is 0. | L23: 0
K24: Weight on resource gap: Standard choices are 0.5 (Taylor 1993) and 1.0 (Taylor 1999). Between 0 and 5. Default 0.5 | L24: 0.5
K25: Fed's inflation objection: Standard/default choice 2.0. Must be positive. | L25: 2
K28: Note on the shading scheme
K29: Let rTR be the prescription of the fed funds rate from a particular version of the Taylor rule.
K30: Let FFR be the value of the fed funds rate being compared to the prescription.
K31: For example, FFR could be the current midpoint of the target range for the funds rate.
K32: The general cell shading scheme is:
K33: rTR - FFR > 1.25%
K34: 0.75% < rTR - FFR <= 1.25%
K35: 0.25% < rTR - FFR <= 0.75%
K36: -0.25% < rTR - FFR <= 0.25%
K37: -0.75% < rTR - FFR <= -0.25%
K38: -1.25% < rTR - FFR <= -0.75%
K39: rTR - FFR <= -1.25%

Sheet HeatMapPreviousQuarter
A1: Taylor Rule Fed Funds Prescription Heatmap | I1: 2026:Q3 | K1: Variable values being read in from data sheets: No need to modify
B2: Prescriptions using Chosen Measure of Inflation | K2: Measures of r*
C3: Fed SEP-LR | D3: Measure of Gap (CBO Consistent) | K3: TwoPercent | L3: =VLOOKUP($L$12,NaturalRateMeasures!$A$2:$CZ$2520,MATCH($K3,NaturalRateMeasures!$A$2:$CZ$2,0),FALSE) -> 2 | M3: Measures of the resources gap [in GDP gap equivalent units]
C4: U-3 Gap | D4: U-3 | E4: ZPOP | F4: U-6 | G4: Emp-Pop | H4: GDP | K4: RstarFOMCMedian | L4: =VLOOKUP($L$12,NaturalRateMeasures!$A$2:$CZ$2520,MATCH($K4,NaturalRateMeasures!$A$2:$CZ$2,0),FALSE) -> 1.1875 | M4: U3gapFOMC | N4: U3gapCBO | O4: ZPopGapCBO | P4: U6gapCBO | Q4: EPopGapCBO | R4: CBOGDPgap
A5: Measure of r* | B5: 0.02 | C5: =$L$23*$L$9+(1-$L$23)*($L3 + $L$25 + 1.5*($L$19 - $L$25) + $L$24*M$5) -> 5.5918739 | D5: =$L$23*$L$9+(1-$L$23)*($L3 + $L$25 + 1.5*($L$19 - $L$25) + $L$24*N$5) -> 5.8338739 | E5: =$L$23*$L$9+(1-$L$23)*($L3 + $L$25 + 1.5*($L$19 - $L$25) + $L$24*O$5) -> 6.0732507 | F5: =$L$23*$L$9+(1-$L$23)*($L3 + $L$25 + 1.5*($L$19 - $L$25) + $L$24*P$5) -> 5.794629 | G5: =$L$23*$L$9+(1-$L$23)*($L3 + $L$25 + 1.5*($L$19 - $L$25) + $L$24*Q$5) -> 4.9956309 | H5: =$L$23*$L$9+(1-$L$23)*($L3 + $L$25 + 1.5*($L$19 - $L$25) + $L$24*R$5) -> 6.2420676 | K5: RstarHLW1side | L5: =VLOOKUP($L$12,NaturalRateMeasures!$A$2:$CZ$2520,MATCH($K5,NaturalRateMeasures!$A$2:$CZ$2,0),FALSE) -> 1.0086484 | M5: =VLOOKUP($L$12,GapMeasures!$A$2:$BN$2520,MATCH($M4,GapMeasures!$A$2:$BN$2,0),FALSE) -> 0.033333333 | N5: =VLOOKUP($L$12,GapMeasures!$A$2:$BN$2520,MATCH($N4,GapMeasures!$A$2:$BN$2,0),FALSE) -> 0.51733333 | O5: =VLOOKUP($L$12,GapMeasures!$A$2:$BN$2520,MATCH($O4,GapMeasures!$A$2:$BN$2,0),FALSE) -> 0.99608685 | P5: =VLOOKUP($L$12,GapMeasures!$A$2:$BN$2520,MATCH($P4,GapMeasures!$A$2:$BN$2,0),FALSE) -> 0.43884346 | Q5: =VLOOKUP($L$12,GapMeasures!$A$2:$BN$2520,MATCH($Q4,GapMeasures!$A$2:$BN$2,0),FALSE) -> -1.1591526 | R5: =VLOOKUP($L$12,GapMeasures!$A$2:$BN$2520,MATCH($R4,GapMeasures!$A$2:$BN$2,0),FALSE) -> 1.3337207
B6: FOMC Longer-run | C6: =$L$23*$L$9+(1-$L$23)*($L4 + $L$25 + 1.5*($L$19 - $L$25) + $L$24*M$5) -> 4.7793739 | D6: =$L$23*$L$9+(1-$L$23)*($L4 + $L$25 + 1.5*($L$19 - $L$25) + $L$24*N$5) -> 5.0213739 | E6: =$L$23*$L$9+(1-$L$23)*($L4 + $L$25 + 1.5*($L$19 - $L$25) + $L$24*O$5) -> 5.2607507 | F6: =$L$23*$L$9+(1-$L$23)*($L4 + $L$25 + 1.5*($L$19 - $L$25) + $L$24*P$5) -> 4.982129 | G6: =$L$23*$L$9+(1-$L$23)*($L4 + $L$25 + 1.5*($L$19 - $L$25) + $L$24*Q$5) -> 4.1831309 | H6: =$L$23*$L$9+(1-$L$23)*($L4 + $L$25 + 1.5*($L$19 - $L$25) + $L$24*R$5) -> 5.4295676 | K6: LWRstar1side | L6: =VLOOKUP($L$12,NaturalRateMeasures!$A$2:$CZ$2520,MATCH($K6,NaturalRateMeasures!$A$2:$CZ$2,0),FALSE) -> 1.6524
B7: HLW 2017 model | C7: =$L$23*$L$9+(1-$L$23)*($L5 + $L$25 + 1.5*($L$19 - $L$25) + $L$24*M$5) -> 4.6005223 | D7: =$L$23*$L$9+(1-$L$23)*($L5 + $L$25 + 1.5*($L$19 - $L$25) + $L$24*N$5) -> 4.8425223 | E7: =$L$23*$L$9+(1-$L$23)*($L5 + $L$25 + 1.5*($L$19 - $L$25) + $L$24*O$5) -> 5.081899 | F7: =$L$23*$L$9+(1-$L$23)*($L5 + $L$25 + 1.5*($L$19 - $L$25) + $L$24*P$5) -> 4.8032774 | G7: =$L$23*$L$9+(1-$L$23)*($L5 + $L$25 + 1.5*($L$19 - $L$25) + $L$24*Q$5) -> 4.0042793 | H7: =$L$23*$L$9+(1-$L$23)*($L5 + $L$25 + 1.5*($L$19 - $L$25) + $L$24*R$5) -> 5.250716 | K7: RstarLubikMatthes | L7: =VLOOKUP($L$12,NaturalRateMeasures!$A$2:$CZ$2520,MATCH($K7,NaturalRateMeasures!$A$2:$CZ$2,0),FALSE) -> 1.8497948
B8: LW 2003 model | C8: =$L$23*$L$9+(1-$L$23)*($L6 + $L$25 + 1.5*($L$19 - $L$25) + $L$24*M$5) -> 5.2442739 | D8: =$L$23*$L$9+(1-$L$23)*($L6 + $L$25 + 1.5*($L$19 - $L$25) + $L$24*N$5) -> 5.4862739 | E8: =$L$23*$L$9+(1-$L$23)*($L6 + $L$25 + 1.5*($L$19 - $L$25) + $L$24*O$5) -> 5.7256507 | F8: =$L$23*$L$9+(1-$L$23)*($L6 + $L$25 + 1.5*($L$19 - $L$25) + $L$24*P$5) -> 5.447029 | G8: =$L$23*$L$9+(1-$L$23)*($L6 + $L$25 + 1.5*($L$19 - $L$25) + $L$24*Q$5) -> 4.6480309 | H8: =$L$23*$L$9+(1-$L$23)*($L6 + $L$25 + 1.5*($L$19 - $L$25) + $L$24*R$5) -> 5.8944676 | K8: Lagged Fed Funds Rate
B9: LM 2015 model | C9: =$L$23*$L$9+(1-$L$23)*($L7 + $L$25 + 1.5*($L$19 - $L$25) + $L$24*M$5) -> 5.4416688 | D9: =$L$23*$L$9+(1-$L$23)*($L7 + $L$25 + 1.5*($L$19 - $L$25) + $L$24*N$5) -> 5.6836688 | E9: =$L$23*$L$9+(1-$L$23)*($L7 + $L$25 + 1.5*($L$19 - $L$25) + $L$24*O$5) -> 5.9230455 | F9: =$L$23*$L$9+(1-$L$23)*($L7 + $L$25 + 1.5*($L$19 - $L$25) + $L$24*P$5) -> 5.6444238 | G9: =$L$23*$L$9+(1-$L$23)*($L7 + $L$25 + 1.5*($L$19 - $L$25) + $L$24*Q$5) -> 4.8454258 | H9: =$L$23*$L$9+(1-$L$23)*($L7 + $L$25 + 1.5*($L$19 - $L$25) + $L$24*R$5) -> 6.0918624 | K9: FedFundsRateLag1 | L9: =VLOOKUP($L$12,FedFundsRates!$A$2:$C$2520,MATCH($K9,FedFundsRates!$A$2:$C$2,0),FALSE) -> 3.6333333
A11: Note on r* measures: HLW denotes Holston, Laubach and Williams;
A12: LW denotes Laubach and Williams; and LM denotes Lubik and Matthes | K12: Quarter Being Considered: [15th day of 2nd month of the second to last quarter in the spreadsheet] | L12: 46249
M13: One Possible Choice for the Fed Funds Rate
K14: If the second to last quarter is chosen, user has 1 choice for the fed funds rate: Average effective fed funds rate for that quarter. | M14: Average effective fed funds rate for the quarter | N14: =L15 -> 3.67
K15: FedFundsRate | L15: =VLOOKUP($L$12,FedFundsRates!$A$2:$C$2520,MATCH($K15,FedFundsRates!$A$2:$C$2,0),FALSE) -> 3.67
M17: All Possible Choices for Inflation Measures
K18: Chosen Measure of Inflation (4-quarter) | M18: CorePCEInflation | N18: =VLOOKUP($L$12,InflationMeasures!$A$2:$CJ$2520,MATCH($M18,InflationMeasures!$A$2:$CJ$2,0),FALSE) -> 3.0501382
K19: CorePCEInflation | L19: =VLOOKUP($L$12,InflationMeasures!$A$2:$CJ$2520,MATCH($K19,InflationMeasures!$A$2:$CJ$2,0),FALSE) -> 3.0501382 | M19: PCEInflation | N19: =VLOOKUP($L$12,InflationMeasures!$A$2:$CJ$2520,MATCH($M19,InflationMeasures!$A$2:$CJ$2,0),FALSE) -> 3.4893316
K20: Note: We give the user one of 3 choices, "CorePCEInflation" [Default], "PCEInflation", and "ExpectedPCEInflation". | M20: ExpectedPCEInflation | N20: =VLOOKUP($L$12,InflationMeasures!$A$2:$CJ$2520,MATCH($M20,InflationMeasures!$A$2:$CJ$2,0),FALSE) -> 2.4249481
K22: Parameter values that user can modify
K23: Interest rate smoothing coefficient: Standard choices are 0 and 0.85 [Must be between 0 and 0.99]. Default is 0. | L23: 0
K24: Weight on resource gap: Standard choices are 0.5 (Taylor 1993) and 1.0 (Taylor 1999). Between 0 and 5. Default 0.5 | L24: 0.5
K25: Fed's inflation objection: Standard/default choice 2.0. Must be positive. | L25: 2
K28: Note on the shading scheme
K29: Let rTR be the prescription of the fed funds rate from a particular version of the Taylor rule.
K30: Let FFR be the value of the fed funds rate being compared to the prescription.
K31: For example, FFR could be the current midpoint of the target range for the funds rate.
K32: The general cell shading scheme is:
K33: rTR - FFR > 1.25%
K34: 0.75% < rTR - FFR <= 1.25%
K35: 0.25% < rTR - FFR <= 0.75%
K36: -0.25% < rTR - FFR <= 0.25%
K37: -0.75% < rTR - FFR <= -0.25%
K38: -1.25% < rTR - FFR <= -0.75%
K39: rTR - FFR <= -1.25%

Sheet ReadMe
S3: Date of last update | U3: 46260

Sheet InflationTargetMeasures
B1: 2 percent | C1: Longer-run PCE inflation forecast, FOMC SEP Central Tendency
B2: TwoPercent | C2: PiStarFOMC
A3: 20135 | B3: 2 | C3: #N/A
A4: 20224 | B4: 2 | C4: #N/A
A5: 20316 | B5: 2 | C5: #N/A
A6: 20408 | B6: 2 | C6: #N/A
A7: 20500 | B7: 2 | C7: #N/A
A8: 20590 | B8: 2 | C8: #N/A
A9: 20682 | B9: 2 | C9: #N/A
A10: 20774 | B10: 2 | C10: #N/A
A11: 20866 | B11: 2 | C11: #N/A
A12: 20955 | B12: 2 | C12: #N/A
A13: 21047 | B13: 2 | C13: #N/A
A14: 21139 | B14: 2 | C14: #N/A
... A218: 39767 | B218: 2 | C218: #N/A
A219: 39859 | B219: 2 | C219: 1.85
A220: 39948 | B220: 2 | C220: 1.85
A221: 40040 | B221: 2 | C221: 1.85
A222: 40132 | B222: 2 | C222: 1.85
A223: 40224 | B223: 2 | C223: 1.85
A224: 40313 | B224: 2 | C224: 1.85
A225: 40405 | B225: 2 | C225: 1.8375
A226: 40497 | B226: 2 | C226: 1.8041667
A227: 40589 | B227: 2 | C227: 1.8083333
A228: 40678 | B228: 2 | C228: 1.85
A229: 40770 | B229: 2 | C229: 1.85
A230: 40862 | B230: 2 | C230: 1.875
... A290: 46341 | B290: 2 | C290: 2

Sheet NaturalRateMeasures
B1: 2 percent | C1: Implied rate derived from FOMC SEP Central Tendency | D1: Implied rate derived from FOMC SEP Median | E1: Laubach-Williams model 1-sided estimate | F1: Laubach-Williams model 2-sided estimate | G1: Laubach-Williams model 1-sided estimate, real-time | H1: Holston-Laubach-Williams model 1-sided estimate | I1: Holston-Laubach-Williams model 1-sided estimate, real-time | J1: Lubik-Matthes model
B2: TwoPercent | C2: RstarFOMCCentTend | D2: RstarFOMCMedian | E2: LWRstar1side | F2: LWRstar2side | G2: RstarLW1sideRT | H2: RstarHLW1side | I2: RstarHLW1sideRT | J2: RstarLubikMatthes
A3: 20135 | B3: 2 | C3: #N/A | D3: #N/A | E3: #N/A | F3: #N/A | G3: #N/A | H3: #N/A | I3: #N/A | J3: #N/A
A4: 20224 | B4: 2 | C4: #N/A | D4: #N/A | E4: #N/A | F4: #N/A | G4: #N/A | H4: #N/A | I4: #N/A | J4: #N/A
A5: 20316 | B5: 2 | C5: #N/A | D5: #N/A | E5: #N/A | F5: #N/A | G5: #N/A | H5: #N/A | I5: #N/A | J5: #N/A
A6: 20408 | B6: 2 | C6: #N/A | D6: #N/A | E6: #N/A | F6: #N/A | G6: #N/A | H6: #N/A | I6: #N/A | J6: #N/A
A7: 20500 | B7: 2 | C7: #N/A | D7: #N/A | E7: #N/A | F7: #N/A | G7: #N/A | H7: #N/A | I7: #N/A | J7: #N/A
A8: 20590 | B8: 2 | C8: #N/A | D8: #N/A | E8: #N/A | F8: #N/A | G8: #N/A | H8: #N/A | I8: #N/A | J8: #N/A
A9: 20682 | B9: 2 | C9: #N/A | D9: #N/A | E9: #N/A | F9: #N/A | G9: #N/A | H9: #N/A | I9: #N/A | J9: #N/A
A10: 20774 | B10: 2 | C10: #N/A | D10: #N/A | E10: #N/A | F10: #N/A | G10: #N/A | H10: #N/A | I10: #N/A | J10: #N/A
A11: 20866 | B11: 2 | C11: #N/A | D11: #N/A | E11: #N/A | F11: #N/A | G11: #N/A | H11: #N/A | I11: #N/A | J11: #N/A
A12: 20955 | B12: 2 | C12: #N/A | D12: #N/A | E12: #N/A | F12: #N/A | G12: #N/A | H12: #N/A | I12: #N/A | J12: #N/A
A13: 21047 | B13: 2 | C13: #N/A | D13: #N/A | E13: #N/A | F13: #N/A | G13: #N/A | H13: #N/A | I13: #N/A | J13: #N/A
A14: 21139 | B14: 2 | C14: #N/A | D14: #N/A | E14: #N/A | F14: #N/A | G14: #N/A | H14: #N/A | I14: #N/A | J14: #N/A
... A26: 22235 | B26: 2 | C26: #N/A | D26: #N/A | E26: #N/A | F26: #N/A | G26: #N/A | H26: #N/A | I26: #N/A | J26: #N/A
A27: 22327 | B27: 2 | C27: #N/A | D27: #N/A | E27: 5.1057 | F27: 4.4287 | G27: #N/A | H27: 5.4773466 | I27: #N/A | J27: #N/A
A28: 22416 | B28: 2 | C28: #N/A | D28: #N/A | E28: 5.32 | F28: 4.4137 | G28: #N/A | H28: 5.697022 | I28: #N/A | J28: #N/A
A29: 22508 | B29: 2 | C29: #N/A | D29: #N/A | E29: 5.2963 | F29: 4.3949 | G29: #N/A | H29: 5.6131616 | I29: #N/A | J29: #N/A
A30: 22600 | B30: 2 | C30: #N/A | D30: #N/A | E30: 5.293 | F30: 4.3733 | G30: #N/A | H30: 5.5858078 | I30: #N/A | J30: #N/A
A31: 22692 | B31: 2 | C31: #N/A | D31: #N/A | E31: 5.1536 | F31: 4.3522 | G31: #N/A | H31: 5.407605 | I31: #N/A | J31: #N/A
A32: 22781 | B32: 2 | C32: #N/A | D32: #N/A | E32: 4.6605 | F32: 4.3408 | G32: #N/A | H32: 4.8738222 | I32: #N/A | J32: #N/A
A33: 22873 | B33: 2 | C33: #N/A | D33: #N/A | E33: 4.5467 | F33: 4.3337 | G33: #N/A | H33: 4.7601128 | I33: #N/A | J33: #N/A
A34: 22965 | B34: 2 | C34: #N/A | D34: #N/A | E34: 4.1031 | F34: 4.3403 | G34: #N/A | H34: 4.3021501 | I34: #N/A | J34: #N/A
A35: 23057 | B35: 2 | C35: #N/A | D35: #N/A | E35: 4.0886 | F35: 4.3486 | G35: #N/A | H35: 4.2861958 | I35: #N/A | J35: #N/A
A36: 23146 | B36: 2 | C36: #N/A | D36: #N/A | E36: 4.0539 | F36: 4.358 | G36: #N/A | H36: 4.2522131 | I36: #N/A | J36: #N/A
A37: 23238 | B37: 2 | C37: #N/A | D37: #N/A | E37: 4.3641 | F37: 4.3578 | G37: #N/A | H37: 4.5812895 | I37: #N/A | J37: #N/A
A38: 23330 | B38: 2 | C38: #N/A | D38: #N/A | E38: 4.1049 | F38: 4.3671 | G38: #N/A | H38: 4.3099917 | I38: #N/A | J38: #N/A
... A50: 24426 | B50: 2 | C50: #N/A | D50: #N/A | E50: 4.8874 | F50: 4.1118 | G50: #N/A | H50: 5.1352235 | I50: #N/A | J50: #N/A
A51: 24518 | B51: 2 | C51: #N/A | D51: #N/A | E51: 4.8485 | F51: 4.0677 | G51: #N/A | H51: 5.0985484 | I51: #N/A | J51: 1.4568999
A52: 24607 | B52: 2 | C52: #N/A | D52: #N/A | E52: 4.6581 | F52: 4.032 | G52: #N/A | H52: 4.8711281 | I52: #N/A | J52: 1.3930326
A53: 24699 | B53: 2 | C53: #N/A | D53: #N/A | E53: 4.7047 | F53: 3.9928 | G53: #N/A | H53: 4.8924379 | I53: #N/A | J53: 1.434397
A54: 24791 | B54: 2 | C54: #N/A | D54: #N/A | E54: 4.6615 | F54: 3.9529 | G54: #N/A | H54: 4.8207721 | I54: #N/A | J54: 1.4415487
A55: 24883 | B55: 2 | C55: #N/A | D55: #N/A | E55: 4.894 | F55: 3.8977 | G55: #N/A | H55: 5.0450678 | I55: #N/A | J55: 1.4885814
A56: 24973 | B56: 2 | C56: #N/A | D56: #N/A | E56: 4.9822 | F56: 3.8357 | G56: #N/A | H56: 5.1082663 | I56: #N/A | J56: 1.5145099
A57: 25065 | B57: 2 | C57: #N/A | D57: #N/A | E57: 4.8895 | F57: 3.7768 | G57: #N/A | H57: 4.9728826 | I57: #N/A | J57: 1.4329517
A58: 25157 | B58: 2 | C58: #N/A | D58: #N/A | E58: 4.7734 | F58: 3.7209 | G58: #N/A | H58: 4.8185068 | I58: #N/A | J58: 1.4256048
A59: 25249 | B59: 2 | C59: #N/A | D59: #N/A | E59: 4.906 | F59: 3.655 | G59: #N/A | H59: 4.9463981 | I59: #N/A | J59: 1.5142455
A60: 25338 | B60: 2 | C60: #N/A | D60: #N/A | E60: 4.7394 | F60: 3.5971 | G60: #N/A | H60: 4.7532881 | I60: #N/A | J60: 1.6034236
A61: 25430 | B61: 2 | C61: #N/A | D61: #N/A | E61: 4.6922 | F61: 3.5411 | G61: #N/A | H61: 4.7083091 | I61: #N/A | J61: 1.5897592
A62: 25522 | B62: 2 | C62: #N/A | D62: #N/A | E62: 4.4119 | F62: 3.4997 | G62: #N/A | H62: 4.4293623 | I62: #N/A | J62: 1.5266126
... A202: 38306 | B202: 2 | C202: #N/A | D202: #N/A | E202: 2.574 | F202: 1.6701 | G202: #N/A | H202: 2.6177016 | I202: #N/A | J202: 1.6409011
A203: 38398 | B203: 2 | C203: #N/A | D203: #N/A | E203: 2.6883 | F203: 1.6305 | G203: 2.2187 | H203: 2.7301972 | I203: #N/A | J203: 1.8053487
A204: 38487 | B204: 2 | C204: #N/A | D204: #N/A | E204: 2.5246 | F204: 1.5929 | G204: 2.2316 | H204: 2.5587609 | I204: #N/A | J204: 1.8012599
A205: 38579 | B205: 2 | C205: #N/A | D205: #N/A | E205: 2.4543 | F205: 1.5516 | G205: 2.0802 | H205: 2.5127666 | I205: #N/A | J205: 1.9033588
A206: 38671 | B206: 2 | C206: #N/A | D206: #N/A | E206: 2.4964 | F206: 1.5076 | G206: 2.0842 | H206: 2.5653433 | I206: #N/A | J206: 1.9633384
A207: 38763 | B207: 2 | C207: #N/A | D207: #N/A | E207: 2.6512 | F207: 1.4517 | G207: 2.2553 | H207: 2.7080214 | I207: #N/A | J207: 2.2018158
A208: 38852 | B208: 2 | C208: #N/A | D208: #N/A | E208: 2.6885 | F208: 1.398 | G208: 2.3926 | H208: 2.6838713 | I208: #N/A | J208: 2.2876833
A209: 38944 | B209: 2 | C209: #N/A | D209: #N/A | E209: 2.5019 | F209: 1.3436 | G209: 2.2603 | H209: 2.5159707 | I209: #N/A | J209: 2.1509716
A210: 39036 | B210: 2 | C210: #N/A | D210: #N/A | E210: 2.505 | F210: 1.2796 | G210: 2.1408 | H210: 2.5494174 | I210: #N/A | J210: 1.9958871
A211: 39128 | B211: 2 | C211: #N/A | D211: #N/A | E211: 2.5677 | F211: 1.2136 | G211: 2.244 | H211: 2.5646595 | I211: #N/A | J211: 2.1264279
A212: 39217 | B212: 2 | C212: #N/A | D212: #N/A | E212: 2.4577 | F212: 1.1407 | G212: 1.9897 | H212: 2.4881222 | I212: #N/A | J212: 2.0854107
A213: 39309 | B213: 2 | C213: #N/A | D213: #N/A | E213: 2.4742 | F213: 1.0621 | G213: 2.1418 | H213: 2.5069438 | I213: #N/A | J213: 2.1151501
A214: 39401 | B214: 2 | C214: #N/A | D214: #N/A | E214: 2.5867 | F214: 0.9786 | G214: 2.1439969 | H214: 2.611322 | I214: #N/A | J214: 1.8472739
... A230: 40862 | B230: 2 | C230: #N/A | D230: #N/A | E230: 0.712 | F230: 0.7622 | G230: 0.086135922 | H230: 0.86476825 | I230: #N/A | J230: 0.77935677
A231: 40954 | B231: 2 | C231: 2.25 | D231: 2.25 | E231: 0.8928 | F231: 0.7763 | G231: 0.26564575 | H231: 0.99579991 | I231: #N/A | J231: 0.89431192
A232: 41044 | B232: 2 | C232: 2.25 | D232: 2.25 | E232: 0.7578 | F232: 0.7952 | G232: 0.044516381 | H232: 0.85908892 | I232: #N/A | J232: 0.84600948
A233: 41136 | B233: 2 | C233: 2 | D233: 2.0833333 | E233: 0.6041 | F233: 0.8214 | G233: -0.10329442 | H233: 0.68592869 | I233: #N/A | J233: 0.77529895
A234: 41228 | B234: 2 | C234: 1.9583333 | D234: 2 | E234: 0.5881 | F234: 0.8525 | G234: -0.37465612 | H234: 0.64697699 | I234: #N/A | J234: 0.79592131
A235: 41320 | B235: 2 | C235: 2 | D235: 2 | E235: 0.6765 | F235: 0.8788 | G235: -0.34076852 | H235: 0.75628392 | I235: #N/A | J235: 0.87134553
A236: 41409 | B236: 2 | C236: 2 | D236: 2 | E236: 0.5587 | F236: 0.9103 | G236: -0.4018052 | H236: 0.62530982 | I236: #N/A | J236: 0.90954469
A237: 41501 | B237: 2 | C237: 1.8333333 | D237: 2 | E237: 0.7214 | F237: 0.9387 | G237: -0.13060448 | H237: 0.74943929 | I237: #N/A | J237: 0.9275547
A238: 41593 | B238: 2 | C238: 1.75 | D238: 2 | E238: 0.8188 | F238: 0.9663 | G238: -0.17750457 | H238: 0.83591962 | I238: #N/A | J238: 0.92301758
A239: 41685 | B239: 2 | C239: 1.75 | D239: 2 | E239: 0.5438 | F239: 1.0056 | G239: -0.35482679 | H239: 0.56644759 | I239: #N/A | J239: 0.78366622
A240: 41774 | B240: 2 | C240: 1.75 | D240: 1.8333333 | E240: 0.8187 | F240: 1.0338 | G240: -0.072911358 | H240: 0.84050093 | I240: #N/A | J240: 1.0151047
A241: 41866 | B241: 2 | C241: 1.75 | D241: 1.75 | E241: 0.9321 | F241: 1.0564 | G241: -0.072940097 | H241: 0.94842146 | I241: #N/A | J241: 0.97047993
A242: 41958 | B242: 2 | C242: 1.75 | D242: 1.75 | E242: 0.8407 | F242: 1.0819 | G242: -0.16526799 | H242: 0.84188229 | I242: #N/A | J242: 0.87205504
... A245: 42231 | B245: 2 | C245: 1.5416667 | D245: 1.5833333 | E245: 1.0445 | F245: 1.1542 | G245: -0.092076082 | H245: 0.87414695 | I245: #N/A | J245: 0.97365456
A246: 42323 | B246: 2 | C246: 1.4166667 | D246: 1.5 | E246: 0.9765 | F246: 1.1853 | G246: -0.096787191 | H246: 0.77185538 | I246: 0.40128519 | J246: 0.89196183
A247: 42415 | B247: 2 | C247: 1.2916667 | D247: 1.3333333 | E247: 1.1516 | F247: 1.2158 | G247: 0.18654676 | H247: 0.87589287 | I247: 0.46376534 | J247: 1.0641835
A248: 42505 | B248: 2 | C248: 1.1666667 | D248: 1.0833333 | E248: 1.2516 | F248: 1.249 | G248: 0.1823 | H248: 0.90282855 | I248: 0.42496067 | J248: 0.96326247
A249: 42597 | B249: 2 | C249: 0.95833333 | D249: 0.91666667 | E249: 1.279 | F249: 1.2799 | G249: 0.216 | H249: 0.9381375 | I249: 0.45568395 | J249: 1.1069223
A250: 42689 | B250: 2 | C250: 0.875 | D250: 0.95833333 | E250: 1.233 | F250: 1.3116 | G250: 0.0267 | H250: 0.89924315 | I250: 0.35540215 | J250: 1.0033067
A251: 42781 | B251: 2 | C251: 0.875 | D251: 1 | E251: 1.2693 | F251: 1.3444 | G251: 0.0556 | H251: 0.91575629 | I251: 0.43482274 | J251: 1.0996498
A252: 42870 | B252: 2 | C252: 0.875 | D252: 1 | E252: 1.186 | F252: 1.3766 | G252: -0.2156 | H252: 0.86600026 | I252: 0.27288695 | J252: 1.225592
A253: 42962 | B253: 2 | C253: 0.79166667 | D253: 0.83333333 | E253: 1.2234 | F253: 1.4049 | G253: -0.0863 | H253: 0.89763385 | I253: 0.34764612 | J253: 1.3579653
A254: 43054 | B254: 2 | C254: 0.83333333 | D254: 0.75 | E254: 1.4186 | F254: 1.4261 | G254: 0.0494 | H254: 1.0810472 | I254: 0.44787166 | J254: 1.4016191
A255: 43146 | B255: 2 | C255: 0.875 | D255: 0.83333333 | E255: 1.5618 | F255: 1.4452 | G255: 0.1367 | H255: 1.2124159 | I255: 0.5667872 | J255: 1.5214963
A256: 43235 | B256: 2 | C256: 0.875 | D256: 0.875 | E256: 1.5513 | F256: 1.4648 | G256: 0.8653 | H256: 1.1863655 | I256: 0.61293683 | J256: 1.5758736
A257: 43327 | B257: 2 | C257: 0.875 | D257: 0.95833333 | E257: 1.4834 | F257: 1.483 | G257: 0.8211 | H257: 1.1177726 | I257: 0.55934518 | J257: 1.4341673
... A290: 46341 | B290: 2 | C290: 1.3125 | D290: 1.25 | E290: 1.6524 | F290: 1.6524 | G290: 1.6524 | H290: 1.0086484 | I290: 1.0086484 | J290: 1.8497948

Sheet GapMeasures
B1: Real GDP gap, CBO | C1: Real GDP gap, BOG model, 2-sided estimate | D1: Twice unemployment rate gap, Survey of Professional Forecasters | E1: Twice unemployment rate gap, FOMC SEP | F1: Twice unemployment rate gap, CBO | G1: U6 gap, consistent with CBO natural rate of unemployment | H1: ZPOP gap, consistent with CBO natural rate of unemployment | I1: Twice unemployment rate gap, BOG model, 2-sided estimate | J1: Real GDP gap, BOG model, 1-sided estimate | K1: Twice unemployment rate gap, BOG model, 1-sided estimate | L1: Real GDP gap, CBO, real-time (1st GDP estimate) | M1: Real GDP gap, CBO, real-time (2nd GDP estimate) | N1: Real GDP gap, CBO, real-time (3rd GDP estimate) | O1: Twice unemployment rate gap, real-time (1st unempl. estimate) | P1: Twice unemployment rate gap, real-time (2nd unempl. estimate) | Q1: Twice unemployment rate gap, real-time (3rd unempl. estimate) | R1: Twice unemployment rate gap, real-time (4th unempl. estimate) | S1: Twice employment-population ratio gap, CBO
B2: CBOGDPgap | C2: BoardModelGDPgap | D2: U3gapSPF | E2: U3gapFOMC | F2: U3gapCBO | G2: U6gapCBO | H2: ZPopGapCBO | I2: U3gapBoardModel | J2: BoardModelGDPgap1side | K2: U3gapBoardModel1side | L2: CBOGDPgapRTest1 | M2: CBOGDPgapRTest2 | N2: CBOGDPgapRTest3 | O2: U3gapCBORTest1 | P2: U3gapCBORTest2 | Q2: U3gapCBORTest3 | R2: U3gapCBORTest4 | S2: EPopGapCBO
A3: 20135 | B3: 2.0254842 | C3: #N/A | D3: #N/A | E3: #N/A | F3: 1.2953333 | G3: #N/A | H3: #N/A | I3: #N/A | J3: #N/A | K3: #N/A | L3: #N/A | M3: #N/A | N3: #N/A | O3: #N/A | P3: #N/A | Q3: #N/A | R3: #N/A | S3: -0.53747672
A4: 20224 | B4: 2.9947549 | C4: #N/A | D4: #N/A | E4: #N/A | F4: 1.968 | G4: #N/A | H4: #N/A | I4: #N/A | J4: #N/A | K4: #N/A | L4: #N/A | M4: #N/A | N4: #N/A | O4: #N/A | P4: #N/A | Q4: #N/A | R4: #N/A | S4: 0.52097487
A5: 20316 | B5: 3.7120761 | C5: #N/A | D5: #N/A | E5: #N/A | F5: 2.572 | G5: #N/A | H5: #N/A | I5: #N/A | J5: #N/A | K5: #N/A | L5: #N/A | M5: #N/A | N5: #N/A | O5: #N/A | P5: #N/A | Q5: #N/A | R5: #N/A | S5: 2.1127182
A6: 20408 | B6: 3.6450663 | C6: #N/A | D6: #N/A | E6: #N/A | F6: 2.3113333 | G6: #N/A | H6: #N/A | I6: #N/A | J6: #N/A | K6: #N/A | L6: #N/A | M6: #N/A | N6: #N/A | O6: #N/A | P6: #N/A | Q6: #N/A | R6: #N/A | S6: 2.8401947
A7: 20500 | B7: 2.5578424 | C7: #N/A | D7: #N/A | E7: #N/A | F7: 2.7153333 | G7: #N/A | H7: #N/A | I7: #N/A | J7: #N/A | K7: #N/A | L7: #N/A | M7: #N/A | N7: #N/A | O7: #N/A | P7: #N/A | Q7: #N/A | R7: #N/A | S7: 3.0344356
A8: 20590 | B8: 2.7307052 | C8: #N/A | D8: #N/A | E8: #N/A | F8: 2.386 | G8: #N/A | H8: #N/A | I8: #N/A | J8: #N/A | K8: #N/A | L8: #N/A | M8: #N/A | N8: #N/A | O8: #N/A | P8: #N/A | Q8: #N/A | R8: #N/A | S8: 3.0300151
A9: 20682 | B9: 1.943151 | C9: #N/A | D9: #N/A | E9: #N/A | F9: 2.5253333 | G9: #N/A | H9: #N/A | I9: #N/A | J9: #N/A | K9: #N/A | L9: #N/A | M9: #N/A | N9: #N/A | O9: #N/A | P9: #N/A | Q9: #N/A | R9: #N/A | S9: 3.0948298
A10: 20774 | B10: 2.883767 | C10: #N/A | D10: #N/A | E10: #N/A | F10: 2.5293333 | G10: #N/A | H10: #N/A | I10: #N/A | J10: #N/A | K10: #N/A | L10: #N/A | M10: #N/A | N10: #N/A | O10: #N/A | P10: #N/A | Q10: #N/A | R10: #N/A | S10: 2.6932118
A11: 20866 | B11: 2.7581865 | C11: #N/A | D11: #N/A | E11: #N/A | F11: 2.9353333 | G11: #N/A | H11: #N/A | I11: #N/A | J11: #N/A | K11: #N/A | L11: #N/A | M11: #N/A | N11: #N/A | O11: #N/A | P11: #N/A | Q11: #N/A | R11: #N/A | S11: 2.6942168
A12: 20955 | B12: 1.703859 | C12: #N/A | D12: #N/A | E12: #N/A | F12: 2.608 | G12: #N/A | H12: #N/A | I12: #N/A | J12: #N/A | K12: #N/A | L12: #N/A | M12: #N/A | N12: #N/A | O12: #N/A | P12: #N/A | Q12: #N/A | R12: #N/A | S12: 2.296667
A13: 21047 | B13: 1.8380475 | C13: #N/A | D13: #N/A | E13: #N/A | F13: 2.3473333 | G13: #N/A | H13: #N/A | I13: #N/A | J13: #N/A | K13: #N/A | L13: #N/A | M13: #N/A | N13: #N/A | O13: #N/A | P13: #N/A | Q13: #N/A | R13: #N/A | S13: 2.233887
A14: 21139 | B14: -0.092331911 | C14: #N/A | D14: #N/A | E14: #N/A | F14: 0.95533333 | G14: #N/A | H14: #N/A | I14: #N/A | J14: #N/A | K14: #N/A | L14: #N/A | M14: #N/A | N14: #N/A | O14: #N/A | P14: #N/A | Q14: #N/A | R14: #N/A | S14: 1.1737037
... A35: 23057 | B35: -1.0236905 | C35: #N/A | D35: #N/A | E35: #N/A | F35: -0.43133333 | G35: #N/A | H35: #N/A | I35: #N/A | J35: #N/A | K35: #N/A | L35: #N/A | M35: #N/A | N35: #N/A | O35: #N/A | P35: #N/A | Q35: #N/A | R35: #N/A | S35: -1.2890359
A36: 23146 | B36: -0.97884088 | C36: 0.28654649 | D36: #N/A | E36: #N/A | F36: -0.34266667 | G36: #N/A | H36: #N/A | I36: 1.1581439 | J36: -0.21006849 | K36: 0.19324135 | L36: #N/A | M36: #N/A | N36: #N/A | O36: #N/A | P36: #N/A | Q36: #N/A | R36: #N/A | S36: -0.94202833
A37: 23238 | B37: 0.11941433 | C37: 1.4450312 | D37: #N/A | E37: #N/A | F37: 0.144 | G37: #N/A | H37: #N/A | I37: 1.6759213 | J37: 1.3584805 | K37: 1.080667 | L37: #N/A | M37: #N/A | N37: #N/A | O37: #N/A | P37: #N/A | Q37: #N/A | R37: #N/A | S37: -0.79833241
A38: 23330 | B38: -0.30681571 | C38: 1.2991888 | D38: #N/A | E38: #N/A | F38: 0.034666667 | G38: #N/A | H38: #N/A | I38: 1.9261311 | J38: 1.0967057 | K38: 1.1950574 | L38: #N/A | M38: #N/A | N38: #N/A | O38: #N/A | P38: #N/A | Q38: #N/A | R38: #N/A | S38: -0.85458244
A39: 23422 | B39: 0.7156476 | C39: 2.4049365 | D39: #N/A | E39: #N/A | F39: 0.25866667 | G39: #N/A | H39: #N/A | I39: 2.3765868 | J39: 1.5011492 | K39: 1.1416709 | L39: #N/A | M39: #N/A | N39: #N/A | O39: #N/A | P39: #N/A | Q39: #N/A | R39: #N/A | S39: -0.71332094
A40: 23512 | B40: 0.71952516 | C40: 2.4154792 | D40: #N/A | E40: #N/A | F40: 0.816 | G40: #N/A | H40: #N/A | I40: 3.1948094 | J40: 1.0743587 | K40: 1.4172359 | L40: #N/A | M40: #N/A | N40: #N/A | O40: #N/A | P40: #N/A | Q40: #N/A | R40: #N/A | S40: 0.091945957
A41: 23604 | B41: 1.1947832 | C41: 2.9141157 | D41: #N/A | E41: #N/A | F41: 1.24 | G41: #N/A | H41: #N/A | I41: 3.4530498 | J41: 1.7777437 | K41: 1.8183611 | L41: #N/A | M41: #N/A | N41: #N/A | O41: #N/A | P41: #N/A | Q41: #N/A | R41: #N/A | S41: -0.23894986
A42: 23696 | B42: 0.42434989 | C42: 2.2105618 | D42: #N/A | E42: #N/A | F42: 1.3326667 | G42: #N/A | H42: #N/A | I42: 3.7007957 | J42: 1.2800378 | K42: 2.0276281 | L42: #N/A | M42: #N/A | N42: #N/A | O42: #N/A | P42: #N/A | Q42: #N/A | R42: #N/A | S42: -0.37165522
A43: 23788 | B43: 1.7374588 | C43: 3.7402256 | D43: #N/A | E43: #N/A | F43: 1.492 | G43: #N/A | H43: #N/A | I43: 4.355285 | J43: 1.7390971 | K43: 1.7162944 | L43: #N/A | M43: #N/A | N43: #N/A | O43: #N/A | P43: #N/A | Q43: #N/A | R43: #N/A | S43: -0.10751103
A44: 23877 | B44: 1.941972 | C44: 3.6791227 | D44: #N/A | E44: #N/A | F44: 1.9846667 | G44: #N/A | H44: #N/A | I44: 4.4153431 | J44: 2.0234818 | K44: 2.2247099 | L44: #N/A | M44: #N/A | N44: #N/A | O44: #N/A | P44: #N/A | Q44: #N/A | R44: #N/A | S44: 0.55332974
A45: 23969 | B45: 3.0861431 | C45: 4.579404 | D45: #N/A | E45: #N/A | F45: 2.6106667 | G45: #N/A | H45: #N/A | I45: 5.0576243 | J45: 2.530961 | K45: 2.6545179 | L45: #N/A | M45: #N/A | N45: #N/A | O45: #N/A | P45: #N/A | Q45: #N/A | R45: #N/A | S45: 1.010719
A46: 24061 | B46: 4.3352269 | C46: 5.4582189 | D46: #N/A | E46: #N/A | F46: 3.17 | G46: #N/A | H46: #N/A | I46: 5.4426437 | J46: 2.9125702 | K46: 2.7866474 | L46: #N/A | M46: #N/A | N46: #N/A | O46: #N/A | P46: #N/A | Q46: #N/A | R46: #N/A | S46: 1.2645139
A47: 24153 | B47: 5.7266481 | C47: 6.6740376 | D47: #N/A | E47: #N/A | F47: 3.6626667 | G47: #N/A | H47: #N/A | I47: 6.060661 | J47: 3.5339943 | K47: 3.007446 | L47: #N/A | M47: #N/A | N47: #N/A | O47: #N/A | P47: #N/A | Q47: #N/A | R47: #N/A | S47: 1.5812434
... A158: 34288 | B158: -1.1511054 | C158: -2.936869 | D158: #N/A | E158: #N/A | F158: -2.2806667 | G158: #N/A | H158: #N/A | I158: -4.6495343 | J158: -2.5048045 | K158: -4.2431341 | L158: #N/A | M158: #N/A | N158: #N/A | O158: #N/A | P158: #N/A | Q158: #N/A | R158: #N/A | S158: -1.5602403
A159: 34380 | B159: -0.89700367 | C159: -2.6123492 | D159: #N/A | E159: #N/A | F159: -2.1873333 | G159: -1.9483704 | H159: -3.6418541 | I159: -4.4954426 | J159: -2.0961785 | K159: -4.1851734 | L159: #N/A | M159: #N/A | N159: #N/A | O159: #N/A | P159: #N/A | Q159: #N/A | R159: #N/A | S159: -1.0652805
A160: 34469 | B160: -0.26309957 | C160: -2.046007 | D160: #N/A | E160: #N/A | F160: -1.494 | G160: -1.429695 | H160: -3.0871203 | I160: -3.8925082 | J160: -1.4652444 | K160: -3.5609486 | L160: #N/A | M160: #N/A | N160: #N/A | O160: #N/A | P160: #N/A | Q160: #N/A | R160: #N/A | S160: -0.82894892
A161: 34561 | B161: -0.39492845 | C161: -2.2713819 | D161: #N/A | E161: #N/A | F161: -1.132 | G161: -0.90901963 | H161: -2.2700261 | I161: -3.7631554 | J161: -1.6847303 | K161: -3.3126043 | L161: #N/A | M161: #N/A | N161: #N/A | O161: #N/A | P161: #N/A | Q161: #N/A | R161: #N/A | S161: -0.58182874
A162: 34653 | B162: 0.022602413 | C162: -1.7162422 | D162: #N/A | E162: #N/A | F162: -0.43866667 | G162: -0.47015502 | H162: -1.7351163 | I162: -2.8319826 | J162: -1.236903 | K162: -2.6778323 | L162: #N/A | M162: #N/A | N162: #N/A | O162: #N/A | P162: #N/A | Q162: #N/A | R162: #N/A | S162: 0.26972926
A163: 34745 | B163: -0.34618899 | C163: -2.1301879 | D163: #N/A | E163: #N/A | F163: -0.14333333 | G163: -0.22881732 | H163: -1.4999217 | I163: -2.6986775 | J163: -1.543122 | K163: -2.4993655 | L163: #N/A | M163: #N/A | N163: #N/A | O163: #N/A | P163: #N/A | Q163: #N/A | R163: #N/A | S163: 0.32706543
A164: 34834 | B164: -0.77476402 | C164: -2.4938331 | D164: #N/A | E164: #N/A | F164: -0.58133333 | G164: -0.42643886 | H164: -1.6091596 | I164: -3.0381155 | J164: -1.8645094 | K164: -2.7330331 | L164: #N/A | M164: #N/A | N164: #N/A | O164: #N/A | P164: #N/A | Q164: #N/A | R164: #N/A | S164: -0.20368306
A165: 34926 | B165: -0.65903421 | C165: -2.2105131 | D165: #N/A | E165: #N/A | F165: -0.61933333 | G165: -0.50434425 | H165: -1.5727309 | I165: -2.7218119 | J165: -1.6808264 | K165: -2.6151361 | L165: #N/A | M165: #N/A | N165: #N/A | O165: #N/A | P165: #N/A | Q165: #N/A | R165: #N/A | S165: -0.25747429
A166: 35018 | B166: -0.72434241 | C166: -1.9872333 | D166: #N/A | E166: #N/A | F166: -0.45733333 | G166: -0.42262809 | H166: -1.5637958 | I166: -2.0589919 | J166: -1.3504247 | K166: -2.112652 | L166: #N/A | M166: #N/A | N166: #N/A | O166: #N/A | P166: #N/A | Q166: #N/A | R166: #N/A | S166: -0.37175527
A167: 35110 | B167: -0.73140738 | C167: -1.7841257 | D167: #N/A | E167: #N/A | F167: -0.42466667 | G167: -0.29700655 | H167: -1.3012677 | I167: -1.714111 | J167: -1.128648 | K167: -1.8713675 | L167: -0.13172145 | M167: -0.25027076 | N167: -0.29125077 | O167: 0.19333333 | P167: 0.39333333 | Q167: 0.39333333 | R167: 0.39333333 | S167: -0.2794439
A168: 35200 | B168: 0.12902174 | C168: -0.96003273 | D168: #N/A | E168: #N/A | F168: -0.394 | G168: -0.25319578 | H168: -1.2378458 | I168: -1.5129743 | J168: -0.41326282 | K168: -1.5872268 | L168: 0.24003751 | M168: 0.37689193 | N168: 0.34922987 | O168: 0.79333333 | P168: 0.79333333 | Q168: 0.79333333 | R168: 0.79333333 | S168: 0.084994671
A169: 35292 | B169: 0.18571017 | C169: -0.66416533 | D169: 0.76666667 | E169: #N/A | F169: 0.038666667 | G169: 0.07195268 | H169: -0.91227726 | I169: -0.7067424 | J169: -0.055552917 | K169: -0.90355542 | L169: 0.38357633 | M169: 0.33287536 | N169: 0.36474454 | O169: 1.1933333 | P169: 1.1933333 | Q169: 1.1933333 | R169: 1.1266667 | S169: 0.5893493
A170: 35384 | B170: 0.34026673 | C170: -0.3601574 | D170: 0.43333333 | E170: #N/A | F170: -0.12666667 | G170: 0.079858065 | H170: -0.77168395 | I170: -0.6492075 | J170: 0.32164513 | K170: -0.60777278 | L170: 0.84895751 | M170: 0.64319323 | N170: 0.63168194 | O170: 1.1066667 | P170: 1.1066667 | Q170: 1.1066667 | R170: 1.1066667 | S170: 0.76514389
A171: 35476 | B171: 0.067102313 | C171: -0.52760732 | D171: 0.43333333 | E171: #N/A | F171: 0.041333333 | G171: 0.32719576 | H171: -0.4376945 | I171: -0.4899364 | J171: 0.10598521 | K171: -0.39562289 | L171: 1.4133248 | M171: 1.4519481 | N171: 1.4848494 | O171: 1.04 | P171: 1.04 | Q171: 1.04 | R171: 1.04 | S171: 0.81123688
A172: 35565 | B172: 0.77862148 | C172: 0.35316775 | D172: 0.7 | E172: #N/A | F172: 0.478 | G172: 0.57653345 | H172: -0.061127754 | I172: 0.13532761 | J172: 0.9358087 | K172: 0.25187264 | L172: 1.4286555 | M172: 1.7894953 | N172: 1.7113607 | O172: 1.84 | P172: 1.84 | Q172: 1.84 | R172: 1.84 | S172: 1.3320205
A173: 35657 | B173: 1.0478736 | C173: 0.78211606 | D173: 0.76666667 | E173: #N/A | F173: 0.71666667 | G173: 0.9475873 | H173: 0.29571095 | I173: 0.65434577 | J173: 1.038739 | K173: 0.52394774 | L173: 1.9916541 | M173: 1.9323386 | N173: 1.8814967 | O173: 1.9066667 | P173: 1.9066667 | Q173: 1.9066667 | R173: 1.9066667 | S173: 1.6588869
A174: 35749 | B174: 0.90146961 | C174: 0.74147225 | D174: 1.1916667 | E174: #N/A | F174: 1.0906667 | G174: 1.200925 | H174: 0.6503508 | I174: 1.075283 | J174: 0.89358919 | K174: 0.90437362 | L174: 2.1079022 | M174: 2.0098602 | N174: 1.9636404 | O174: 2.24 | P174: 2.24 | Q174: 2.24 | R174: 2.24 | S174: 1.8541577
A175: 35841 | B175: 0.88596641 | C175: 1.4761556 | D175: 1.2833333 | E175: #N/A | F175: 1.1313333 | G175: 1.2946411 | H175: 0.65763836 | I175: 1.9234493 | J175: 1.7170944 | K175: 1.5195631 | L175: 2.4084644 | M175: 2.5421133 | N175: 2.6827231 | O175: 2.3066667 | P175: 2.3066667 | Q175: 2.3066667 | R175: 2.3066667 | S175: 1.845899
A176: 35930 | B176: 0.77334584 | C176: 1.5425452 | D176: 1.775 | E176: #N/A | F176: 1.572 | G176: 1.667695 | H176: 1.1058335 | I176: 2.4174297 | J176: 1.7329922 | K176: 1.9745404 | L176: 2.4228051 | M176: 2.4761289 | N176: 2.5267182 | O176: 2.8866667 | P176: 2.8866667 | Q176: 2.8866667 | R176: 2.8866667 | S176: 1.970125
A177: 36022 | B177: 0.98655229 | C177: 2.0516708 | D177: 1.5333333 | E177: #N/A | F177: 1.2833333 | G177: 1.645695 | H177: 1.0111168 | I177: 2.4812804 | J177: 2.1012478 | K177: 2.1355244 | L177: 2.7338833 | M177: 2.8765787 | N177: 2.8290136 | O177: 2.5533333 | P177: 2.5533333 | Q177: 2.5533333 | R177: 2.62 | S177: 1.8923019
A178: 36114 | B178: 1.5391616 | C178: 2.9741093 | D178: 1.5833333 | E178: #N/A | F178: 1.4613333 | G178: 1.9828435 | H178: 1.502824 | I178: 3.0853992 | J178: 2.8781573 | K178: 2.5942776 | L178: 3.6043179 | M178: 3.2583847 | N178: 3.2476265 | O178: 2.82 | P178: 2.46 | Q178: 2.46 | R178: 2.46 | S178: 2.2044775
A179: 36206 | B179: 1.4104286 | C179: 3.438943 | D179: 1.7 | E179: #N/A | F179: 1.708 | G179: 2.122465 | H179: 1.6143025 | I179: 4.1378679 | J179: 3.1394181 | K179: 3.2005211 | L179: 3.6451031 | M179: 3.5409573 | N179: 3.6063823 | O179: 2.66 | P179: 2.66 | Q179: 2.66 | R179: 2.66 | S179: 2.3070031
A180: 36295 | B180: 1.1789198 | C180: 3.4150891 | D180: 1.6166667 | E180: #N/A | F180: 1.7546667 | G180: 2.1822758 | H180: 1.6439302 | I180: 4.1846814 | J180: 3.2162789 | K180: 3.2872074 | L180: 3.4521158 | M180: 2.6822296 | N180: 2.6334857 | O180: 2.7066667 | P180: 2.7066667 | Q180: 2.7066667 | R180: 2.7066667 | S180: 2.2112811
... A218: 39767 | B218: -3.3731728 | C218: -4.293016 | D218: -3.7333333 | E218: #N/A | F218: -3.6353333 | G218: -4.1930589 | H218: -4.1150059 | I218: -3.3631315 | J218: -5.9520132 | K218: -5.5520828 | L218: -3.662669 | M218: -4.2805887 | N218: -4.2340452 | O218: -4.1333333 | P218: -4.1333333 | Q218: -4.1333333 | R218: -4.1333333 | S218: -0.94568776
A219: 39859 | B219: -4.8275045 | C219: -5.6419315 | D219: -6.5333333 | E219: -6.7333333 | F219: -6.4373333 | G219: -6.9485304 | H219: -7.0287076 | I219: -5.5871724 | J219: -7.1544382 | K219: -7.6093688 | L219: -6.3114163 | M219: -6.2056739 | N219: -6.1494983 | O219: -6.5333333 | P219: -6.5333333 | Q219: -6.5333333 | R219: -6.5333333 | S219: -3.0190087
A220: 39948 | B220: -5.324328 | C220: -6.0291696 | D220: -8.6 | E220: -8.8 | F220: -8.508 | G220: -8.5088404 | H220: -8.6063406 | I220: -7.0860641 | J220: -7.4081976 | K220: -8.7254186 | L220: -6.9028593 | M220: -6.9021372 | N220: -5.956078 | O220: -8.9333333 | P220: -8.9333333 | Q220: -8.9333333 | R220: -8.9333333 | S220: -4.217578
A221: 40040 | B221: -5.2943799 | C221: -6.068986 | D221: -9.2666667 | E221: -9.3666667 | F221: -9.1786667 | G221: -8.8719889 | H221: -8.7703795 | I221: -7.6556171 | J221: -7.400405 | K221: -9.2395673 | L221: -5.5894012 | M221: -5.7613338 | N221: -5.8868374 | O221: -9.6666667 | P221: -9.6666667 | Q221: -9.6666667 | R221: -9.6666667 | S221: -5.2093223
A222: 40132 | B222: -4.5645994 | C222: -5.516054 | D222: -9.4766667 | E222: -9.7 | F222: -9.7846667 | G222: -9.516475 | H222: -9.2739533 | I222: -7.9996644 | J222: -6.9038528 | K222: -9.2151317 | L222: -6.0659074 | M222: -6.02235 | N222: -6.1051805 | O222: -10.466667 | P222: -10.066667 | Q222: -10.066667 | R222: -10.066667 | S222: -6.2000059
A223: 40224 | B223: -4.4007138 | C223: -5.6689905 | D223: -8.8866667 | E223: -9.4555556 | F223: -9.5926667 | G223: -9.2451374 | H223: -9.0136148 | I223: -7.8616594 | J223: -7.1720484 | K223: -9.1622258 | L223: -5.7343005 | M223: -5.7805277 | N223: -5.8488016 | O223: -9.4 | P223: -9.4 | Q223: -9.4 | R223: -9.4 | S223: -5.9943987
A224: 40313 | B224: -3.7841051 | C224: -5.3266166 | D224: -8.0966667 | E224: -8.9777778 | F224: -9.2026667 | G224: -9.0955158 | H224: -8.6873946 | I224: -7.690981 | J224: -6.9172676 | K224: -8.9741968 | L224: -5.6503274 | M224: -6.3422981 | N224: -6.3181586 | O224: -9.4 | P224: -9.4 | Q224: -9.4 | R224: -9.4 | S224: -5.6585096
A225: 40405 | B225: -3.369326 | C225: -4.7239385 | D225: -7.3733333 | E225: -8.4583333 | F225: -8.8813333 | G225: -8.9079889 | H225: -8.541706 | I225: -6.893644 | J225: -6.4268056 | K225: -8.3480484 | L225: -6.2092428 | M225: -6.0911264 | N225: -6.0833463 | O225: -9.1333333 | P225: -9.1333333 | Q225: -9.1333333 | R225: -9.1333333 | S225: -5.6616535
A226: 40497 | B226: -3.2040674 | C226: -4.4029146 | D226: -7.33 | E226: -8.0583333 | F226: -8.962 | G226: -9.041705 | H226: -8.7467993 | I226: -6.5792353 | J226: -5.9924792 | K226: -7.7840886 | L226: -5.7211494 | M226: -5.2424556 | N226: -5.1673305 | O226: -9.2666667 | P226: -8.8666667 | Q226: -8.8666667 | R226: -8.8666667 | S226: -6.0736937
A227: 40589 | B227: -3.7874494 | C227: -5.2547836 | D227: -6.2866667 | E227: -7.1 | F227: -8.0466667 | G227: -8.2615973 | H227: -8.0120561 | I227: -6.3160138 | J227: -6.7181336 | K227: -7.5126213 | L227: -5.215717 | M227: -5.1938526 | N227: -5.1769253 | O227: -7.4 | P227: -7.4 | Q227: -7.4 | R227: -7.4 | S227: -5.7630241
A228: 40678 | B228: -3.5010362 | C228: -4.8493407 | D228: -6.2433333 | E228: -7.3333333 | F228: -8.1313333 | G228: -8.2795973 | H228: -8.0596799 | I228: -6.3599087 | J228: -6.2858676 | K228: -7.4098361 | L228: -5.3344491 | M228: -6.9164245 | N228: -6.8371029 | O228: -7.8 | P228: -7.8 | Q228: -7.8 | R228: -7.8 | S228: -5.7859049
A229: 40770 | B229: -3.894095 | C229: -4.9815302 | D229: -6 | E229: -7.04 | F229: -8.018 | G229: -8.4193135 | H229: -8.0822141 | I229: -6.1449646 | J229: -6.2954558 | K229: -7.1129951 | L229: -6.7222723 | M229: -6.8270567 | N229: -6.8703677 | O229: -7.8 | P229: -7.8 | Q229: -7.8 | R229: -7.7333333 | S229: -5.676163
A230: 40862 | B230: -3.2023398 | C230: -4.1239345 | D230: -5.2666667 | E230: -6.0933333 | F230: -7.3086667 | G230: -7.7250166 | H230: -7.4406401 | I230: -5.2938025 | J230: -5.5365618 | K230: -6.4369787 | L230: -6.6962331 | M230: -5.4731656 | N230: -5.4795003 | O230: -7 | P230: -6.4 | Q230: -6.4 | R230: -6.4 | S230: -5.1045784
... A290: 46341 | B290: 1.5891224 | C290: 0.84419642 | D290: 0.12398304 | E290: -0.076016959 | F290: 0.39998304 | G290: 0.41526323 | H290: 0.91272129 | I290: 1.2798693 | J290: 0.84419642 | K290: 1.2798693 | L290: 1.5891224 | M290: 1.5891224 | N290: 1.5891224 | O290: 0.39998304 | P290: 0.39998304 | Q290: 0.39998304 | R290: 0.39998304 | S290: -0.96284317

Sheet InflationMeasures
B1: Core PCE inflation, 4-quarter | C1: PCE inflation, 4-quarter | D1: Survey of Professional Forecasters expected 4-quarter PCE inflation | E1: Core PCE inflation, 4-quarter, real-time (1st estimate) | F1: Core PCE inflation, 4-quarter, real-time (2nd estimate) | G1: Core PCE inflation, 4-quarter, real-time (3rd estimate) | H1: PCE inflation, 4-quarter, real-time (1st estimate) | I1: PCE inflation, 4-quarter, real-time (2nd estimate) | J1: PCE inflation, 4-quarter, real-time (3rd estimate)
B2: CorePCEInflation | C2: PCEInflation | D2: ExpectedPCEInflation | E2: CorePCEInflationRTest1 | F2: CorePCEInflationRTest2 | G2: CorePCEInflationRTest3 | H2: PCEInflationRTest1 | I2: PCEInflationRTest2 | J2: PCEInflationRTest3
A3: 20135 | B3: #N/A | C3: #N/A | D3: #N/A | E3: #N/A | F3: #N/A | G3: #N/A | H3: #N/A | I3: #N/A | J3: #N/A
A4: 20224 | B4: #N/A | C4: #N/A | D4: #N/A | E4: #N/A | F4: #N/A | G4: #N/A | H4: #N/A | I4: #N/A | J4: #N/A
A5: 20316 | B5: #N/A | C5: #N/A | D5: #N/A | E5: #N/A | F5: #N/A | G5: #N/A | H5: #N/A | I5: #N/A | J5: #N/A
A6: 20408 | B6: #N/A | C6: #N/A | D6: #N/A | E6: #N/A | F6: #N/A | G6: #N/A | H6: #N/A | I6: #N/A | J6: #N/A
A7: 20500 | B7: #N/A | C7: 1.1822025 | D7: #N/A | E7: #N/A | F7: #N/A | G7: #N/A | H7: #N/A | I7: #N/A | J7: #N/A
A8: 20590 | B8: #N/A | C8: 1.7607902 | D8: #N/A | E8: #N/A | F8: #N/A | G8: #N/A | H8: #N/A | I8: #N/A | J8: #N/A
A9: 20682 | B9: #N/A | C9: 2.3527734 | D9: #N/A | E9: #N/A | F9: #N/A | G9: #N/A | H9: #N/A | I9: #N/A | J9: #N/A
A10: 20774 | B10: #N/A | C10: 2.6734926 | D10: #N/A | E10: #N/A | F10: #N/A | G10: #N/A | H10: #N/A | I10: #N/A | J10: #N/A
A11: 20866 | B11: #N/A | C11: 3.1723552 | D11: #N/A | E11: #N/A | F11: #N/A | G11: #N/A | H11: #N/A | I11: #N/A | J11: #N/A
A12: 20955 | B12: #N/A | C12: 3.1300556 | D12: #N/A | E12: #N/A | F12: #N/A | G12: #N/A | H12: #N/A | I12: #N/A | J12: #N/A
A13: 21047 | B13: #N/A | C13: 2.9604347 | D13: #N/A | E13: #N/A | F13: #N/A | G13: #N/A | H13: #N/A | I13: #N/A | J13: #N/A
A14: 21139 | B14: #N/A | C14: 2.8947368 | D14: #N/A | E14: #N/A | F14: #N/A | G14: #N/A | H14: #N/A | I14: #N/A | J14: #N/A
A15: 21231 | B15: #N/A | C15: 3.2326699 | D15: #N/A | E15: #N/A | F15: #N/A | G15: #N/A | H15: #N/A | I15: #N/A | J15: #N/A
A16: 21320 | B16: #N/A | C16: 2.7758832 | D16: #N/A | E16: #N/A | F16: #N/A | G16: #N/A | H16: #N/A | I16: #N/A | J16: #N/A
A17: 21412 | B17: #N/A | C17: 2.0228672 | D17: #N/A | E17: #N/A | F17: #N/A | G17: #N/A | H17: #N/A | I17: #N/A | J17: #N/A
A18: 21504 | B18: #N/A | C18: 1.4537623 | D18: #N/A | E18: #N/A | F18: #N/A | G18: #N/A | H18: #N/A | I18: #N/A | J18: #N/A
... A22: 21869 | B22: #N/A | C22: 2.2621733 | D22: #N/A | E22: #N/A | F22: #N/A | G22: #N/A | H22: #N/A | I22: #N/A | J22: #N/A
A23: 21961 | B23: 2.1076378 | C23: 1.6999407 | D23: #N/A | E23: #N/A | F23: #N/A | G23: #N/A | H23: #N/A | I23: #N/A | J23: #N/A
A24: 22051 | B24: 1.9489678 | C24: 1.8111425 | D24: #N/A | E24: #N/A | F24: #N/A | G24: #N/A | H24: #N/A | I24: #N/A | J24: #N/A
A25: 22143 | B25: 1.6749459 | C25: 1.5850238 | D25: #N/A | E25: #N/A | F25: #N/A | G25: #N/A | H25: #N/A | I25: #N/A | J25: #N/A
A26: 22235 | B26: 1.4183499 | C26: 1.4725916 | D26: #N/A | E26: #N/A | F26: #N/A | G26: #N/A | H26: #N/A | I26: #N/A | J26: #N/A
A27: 22327 | B27: 1.2750915 | C27: 1.5289925 | D27: #N/A | E27: #N/A | F27: #N/A | G27: #N/A | H27: #N/A | I27: #N/A | J27: #N/A
A28: 22416 | B28: 1.2262608 | C28: 0.99903319 | D28: #N/A | E28: #N/A | F28: #N/A | G28: #N/A | H28: #N/A | I28: #N/A | J28: #N/A
A29: 22508 | B29: 1.2652678 | C29: 0.97598562 | D29: #N/A | E29: #N/A | F29: #N/A | G29: #N/A | H29: #N/A | I29: #N/A | J29: #N/A
A30: 22600 | B30: 1.1799963 | C30: 0.64569748 | D30: #N/A | E30: #N/A | F30: #N/A | G30: #N/A | H30: #N/A | I30: #N/A | J30: #N/A
A31: 22692 | B31: 1.3836948 | C31: 0.89336992 | D31: #N/A | E31: #N/A | F31: #N/A | G31: #N/A | H31: #N/A | I31: #N/A | J31: #N/A
A32: 22781 | B32: 1.43505 | C32: 1.2571793 | D32: #N/A | E32: #N/A | F32: #N/A | G32: #N/A | H32: #N/A | I32: #N/A | J32: #N/A
A33: 22873 | B33: 1.3298695 | C33: 1.1700369 | D33: #N/A | E33: #N/A | F33: #N/A | G33: #N/A | H33: #N/A | I33: #N/A | J33: #N/A
A34: 22965 | B34: 1.2773047 | C34: 1.3656863 | D34: #N/A | E34: #N/A | F34: #N/A | G34: #N/A | H34: #N/A | I34: #N/A | J34: #N/A
... A108: 29721 | B108: 9.0637503 | C108: 9.3957987 | D108: #N/A | E108: #N/A | F108: #N/A | G108: #N/A | H108: #N/A | I108: #N/A | J108: #N/A
A109: 29813 | B109: 8.6523157 | C109: 8.6576567 | D109: 7.9103747 | E109: #N/A | F109: #N/A | G109: #N/A | H109: #N/A | I109: #N/A | J109: #N/A
A110: 29905 | B110: 7.9523167 | C110: 7.6577917 | D110: 7.7964822 | E110: #N/A | F110: #N/A | G110: #N/A | H110: #N/A | I110: #N/A | J110: #N/A
A111: 29997 | B111: 7.1594109 | C111: 6.2705393 | D111: 6.1495183 | E111: #N/A | F111: #N/A | G111: #N/A | H111: #N/A | I111: #N/A | J111: #N/A
A112: 30086 | B112: 6.5936216 | C112: 5.5230762 | D112: 5.0811238 | E112: #N/A | F112: #N/A | G112: #N/A | H112: #N/A | I112: #N/A | J112: #N/A
A113: 30178 | B113: 6.3423069 | C113: 5.449827 | D113: 6.0478821 | E113: #N/A | F113: #N/A | G113: #N/A | H113: #N/A | I113: #N/A | J113: #N/A
A114: 30270 | B114: 5.9413416 | C114: 5.0061022 | D114: 4.6982086 | E114: #N/A | F114: #N/A | G114: #N/A | H114: #N/A | I114: #N/A | J114: #N/A
A115: 30362 | B115: 5.7834519 | C115: 4.5453512 | D115: 3.6979483 | E115: #N/A | F115: #N/A | G115: #N/A | H115: #N/A | I115: #N/A | J115: #N/A
A116: 30451 | B116: 5.1693282 | C116: 4.495293 | D116: 4.1994971 | E116: #N/A | F116: #N/A | G116: #N/A | H116: #N/A | I116: #N/A | J116: #N/A
A117: 30543 | B117: 5.0833296 | C117: 4.2236658 | D117: 4.2374918 | E117: #N/A | F117: #N/A | G117: #N/A | H117: #N/A | I117: #N/A | J117: #N/A
A118: 30635 | B118: 4.4678055 | C118: 3.7652683 | D118: 4.7249911 | E118: #N/A | F118: #N/A | G118: #N/A | H118: #N/A | I118: #N/A | J118: #N/A
A119: 30727 | B119: 4.1548506 | C119: 4.0280134 | D119: 4.262145 | E119: #N/A | F119: #N/A | G119: #N/A | H119: #N/A | I119: #N/A | J119: #N/A
A120: 30817 | B120: 4.5749067 | C120: 4.0842278 | D120: 4.6868894 | E120: #N/A | F120: #N/A | G120: #N/A | H120: #N/A | I120: #N/A | J120: #N/A
... A166: 35018 | B166: 2.1128824 | C166: 1.9336521 | D166: 2.5498905 | E166: #N/A | F166: #N/A | G166: #N/A | H166: #N/A | I166: #N/A | J166: #N/A
A167: 35110 | B167: 1.9794187 | C167: 2.0015763 | D167: 2.4499878 | E167: 2.1435228 | F167: 2.1435228 | G167: 2.1435228 | H167: 1.9012116 | I167: 1.8943626 | J167: 1.8905138
A168: 35200 | B168: 1.85907 | C168: 2.0890315 | D168: 2.6746514 | E168: 1.8518519 | F168: 1.8518519 | G168: 1.8518519 | H168: 2.0270889 | I168: 2.0345453 | J168: 2.0335169
A169: 35292 | B169: 1.8387125 | C169: 2.1070456 | D169: 2.6248937 | E169: 1.843318 | F169: 1.843318 | G169: 1.843318 | H169: 2.0393492 | I169: 2.0264969 | J169: 2.0498141
A170: 35384 | B170: 1.9070168 | C170: 2.3528894 | D170: 2.7249909 | E170: 2.0183486 | F170: 1.9266055 | G170: 1.9266055 | H170: 2.3233599 | I170: 2.3036935 | J170: 2.2741468
A171: 35476 | B171: 1.9066949 | C171: 2.2363798 | D171: 2.7249909 | E171: 2.0743855 | F171: 2.0652472 | G171: 2.0469707 | H171: 2.2005282 | I171: 2.2005282 | J171: 2.1717979
A172: 35565 | B172: 1.954592 | C172: 1.8116782 | D172: 2.5497446 | E172: 2.2077452 | F172: 2.2348896 | G172: 2.2167933 | H172: 2.1309195 | I172: 2.1504387 | J172: 2.1424459
A173: 35657 | B173: 1.7276293 | C173: 1.6468145 | D173: 2.3745764 | E173: 1.8433594 | F173: 1.8973114 | G173: 1.8613434 | H173: 1.8816817 | I173: 1.9203252 | J173: 1.8948789
A174: 35749 | B174: 1.4728453 | C174: 1.2761569 | D174: 2.2749665 | E174: 1.5643157 | F174: 1.5553768 | G174: 1.5285599 | H174: 1.4867951 | I174: 1.4795095 | J174: 1.460965
A175: 35841 | B175: 1.37311 | C175: 0.83847876 | D175: 1.8322446 | E175: 1.3877769 | F175: 1.4233609 | G175: 1.4589449 | H175: 0.99352883 | I175: 1.0211225 | J175: 1.0515546
A176: 35930 | B176: 1.1552951 | C176: 0.76810378 | D176: 1.899387 | E176: 1.1066488 | F176: 1.0798751 | G176: 1.0709505 | H176: 0.85482903 | I176: 0.83210353 | J176: 0.82924212
A177: 36022 | B177: 1.279285 | C177: 0.81432301 | D177: 2.0497921 | E177: 1.0950855 | F177: 1.0950855 | G177: 1.1128917 | H177: 0.73338951 | I177: 0.73798725 | J177: 0.74854717
A178: 36114 | B178: 1.2794005 | C178: 0.76226842 | D178: 1.8873264 | E178: 1.1812772 | F178: 1.1635136 | G178: 1.1990408 | H178: 0.77424103 | I178: 0.7177485 | J178: 0.7474342
... A290: 46341 | B290: 3.2607532 | C290: 3.9260594 | D290: 2.8835389 | E290: 3.2607532 | F290: 3.2607532 | G290: 3.2607532 | H290: 3.9260594 | I290: 3.9260594 | J290: 3.9260594

Sheet FedFundsRates
B1: Actual effective fed funds rate | C1: Effective fed funds rate, Lagged 1-quarter
B2: FedFundsRate | C2: FedFundsRateLag1
A3: 20135 | B3: 1.3433333 | C3: #N/A
A4: 20224 | B4: 1.5 | C4: 1.3433333
A5: 20316 | B5: 1.94 | C5: 1.5
A6: 20408 | B6: 2.3566667 | C6: 1.94
A7: 20500 | B7: 2.4833333 | C7: 2.3566667
A8: 20590 | B8: 2.6933333 | C8: 2.4833333
A9: 20682 | B9: 2.81 | C9: 2.6933333
A10: 20774 | B10: 2.9266667 | C10: 2.81
A11: 20866 | B11: 2.9333333 | C11: 2.9266667
A12: 20955 | B12: 3 | C12: 2.9333333
A13: 21047 | B13: 3.2333333 | C13: 3
A14: 21139 | B14: 3.2533333 | C14: 3.2333333
A15: 21231 | B15: 1.8633333 | C15: 3.2533333
... A289: 46249 | B289: 3.67 | C289: 3.6333333
A290: 46341 | B290: #N/A | C290: 3.67
